Workbook

Sheet INFO
B1: Date de mise à jour
B2: - 23 avril 2026
B4: Onglet | C4: Contenu | D4: Méthode | E4: Dernière valeur connue | F4: Projection
B5: SMPT | C5: SMPT (historique et projeté, évolutions en réel et en nominal) | D5: Le SMPT est égal au rapport entre la masse des revenus déclarés (revenus mixtes d'activité et salaires et traitements bruts) et l'emploi total au sens de la comptabilité nationale. | E5: 2024 | F5: Selon scénario
B6: SMPT_AP | D6: Prise en compte de l'activité partielle de 2020 à 2022 dans les revenus d'activité | E6: =E5 -> 2024
B7: SMPT_reg_1,0% | D7: L'onglet SMPT_CSR_reg_0,7% concerne la variante demandée par la part des primes où le TI et le SMPT des fonctionnaires évoluent dès 2027 comme la RMPT de l'ensemble de l'économie, Cette variante est réalisée par le SG-COR. | E7: 2024 (Source : Acoss et régimes) | F7: Selon scénario
B8: SMPT_reg_0,7%
B9: SMPT_CSR_reg_0,7%
B10: SMPT_reg_0,4%
B11: MS_plafonnée | C11: Masse salariale plafonnée pour les régimes du secteur privé | D11: Voir la méthode de projection dans le cahier des charges | F11: =F7 -> Selon scénario
B12: SMPT_FPE | C12: Évolution du SMPT de la FPE | E12: 2024 | F12: Selon scénario
B13: TI_SMPT_CNRACL | C13: Évolution des TI par versant (FPH et FPT) et du SMPT de la CNRACL pour les deux versants | E13: 2024 | F13: Selon scénario
B14: SMIC | C14: Smic (historique et projeté) | D14: Smic horaire en moyenne annuelle * durée légale hebdomadaire du travail. Le Smic évolue comme le SMPT après un raccord linéaire sur une période de 10 ans (ici de 2028 à 2037). La valeur 2022 inclut la revalorisation automatique due à l'inflation de 2,01% au 01/08/2022. | E14: 46023 | F14: =F13 -> Selon scénario
B15: Prix | C15: Prix à la consommation (historique des évolutions et projeté) | D15: Série de pouvoir d'achat (yc tabac; les prix hors tabac sont dans le fichier Hypo_paramètres) | E15: 2025 | F15: Tous scénarios
B16: PSS | C16: Plafond de la sécurité sociale | D16: Selon le SMPT de n-1 | E16: =E14 -> 46023 | F16: Selon scénario
B17: PIB | C17: PIB (historique et projeté, en volume et en valeur) | D17: Séries de la comptabilité nationale, base 2014 | E17: 2024 | F17: Selon scénario
B18: Rdt_fi | C18: Rendements financiers servant au calcul des rendements des réserves et provisions | D18: Modification sept 2017 : Par convention, le rendement financier en 2017 (en nominal) est égal à 60% du taux des emprunts d'État ayant une échéance de plus d'au moins 7 ans et 40% du taux de rendement des actions (= à évol CAC_Net Return / évol CAC40) (+/- allocations d'actifs de l'AGIRC-ARRCO, voir règlement financier de juillet 2016). Ensuite le taux de rendement rejoint linéairement le taux de croissance du PIB (horizon 2023). | E18: 2025 | F18: =F17 -> Selon scénario

Sheet Graph
B1: ASSIETTE MOYENNE ENSEMBLE | I1: CNAV | P1: TI FPE civils et militaires | W1: TI CNRACL | AD1: SMPT FPE civils et militaires | AK1: SMPT CNRACL
C18: =SMPT_FPE!D5 -> Sc_0,7% CSR | D18: 0.01 | E18: 0,7% - avril 2025 | F18: 0.007 | G18: 0.004 | J18: =C18 -> Sc_0,7% CSR | K18: 0.01 | L18: =E18 -> 0,7% - avril 2025 | M18: 0.007 | N18: 0.004 | Q18: =J18 -> Sc_0,7% CSR | R18: 0.01 | S18: =L18 -> 0,7% - avril 2025 | T18: 0.007 | U18: 0.004 | X18: =Q18 -> Sc_0,7% CSR | Y18: 0.01 | Z18: =S18 -> 0,7% - avril 2025 | AA18: 0.007 | AB18: 0.004 | AE18: =X18 -> Sc_0,7% CSR | AF18: 0.01 | AG18: =Z18 -> 0,7% - avril 2025 | AH18: 0.007 | AI18: 0.004 | AL18: =AE18 -> Sc_0,7% CSR | AM18: 0.01 | AN18: =AG18 -> 0,7% - avril 2025 | AO18: 0.007 | AP18: 0.004
B19: 2022 | I19: 2022 | P19: 2022 | W19: 2022 | AD19: 2022 | AK19: 2022
B20: 2023 | C20: ='SMPT_CSR_rég_0,7%'!$C10 -> -0.0096 | D20: ='SMPT_rég_1,0%'!$C10 -> -0.0096 | E20: -0.0079 | F20: ='SMPT_rég_0,7%'!$C10 -> -0.0096 | G20: ='SMPT_rég_0,4%'!$C10 -> -0.0096 | I20: 2023 | J20: ='SMPT_CSR_rég_0,7%'!$D10 -> -0.0050634843 | K20: ='SMPT_rég_1,0%'!$D10 -> -0.0050634843 | L20: -0.0050634843 | M20: ='SMPT_rég_0,7%'!$D10 -> -0.0050634843 | N20: ='SMPT_rég_0,4%'!$D10 -> -0.0050634843 | P20: 2023 | Q20: ='SMPT_CSR_rég_0,7%'!$F10 -> -4.9015748e-05 | R20: ='SMPT_rég_1,0%'!$F10 -> -4.9015748e-05 | S20: -0.037608254 | T20: ='SMPT_rég_0,7%'!$F10 -> -4.9015748e-05 | U20: ='SMPT_rég_0,4%'!$F10 -> -4.9015748e-05 | W20: 2023 | X20: ='SMPT_CSR_rég_0,7%'!$H10 -> -0.01291141 | Y20: ='SMPT_rég_1,0%'!$H10 -> -0.01291141 | Z20: 0.0067922371 | AA20: ='SMPT_rég_0,7%'!$H10 -> -0.01291141 | AB20: ='SMPT_rég_0,4%'!$H10 -> -0.01291141 | AD20: 2023 | AE20: =SMPT_FPE!I10 -> -4.9015748e-05 | AF20: =SMPT_FPE!J10 -> -4.9015748e-05 | AG20: -0.0078485834 | AH20: =SMPT_FPE!K10 -> -4.9015748e-05 | AI20: =SMPT_FPE!L10 -> -4.9015748e-05 | AK20: 2023 | AL20: =TI_SMPT_CNRACL!$I10 -> -0.0096431082 | AM20: =TI_SMPT_CNRACL!J10 -> -0.0096431082 | AN20: 0.0067922371 | AO20: =TI_SMPT_CNRACL!$K10 -> -0.0096431082 | AP20: =TI_SMPT_CNRACL!L10 -> -0.0096431082
B21: =B20+1 -> 2024 | C21: ='SMPT_CSR_rég_0,7%'!$C11 -> 0.0037 | D21: ='SMPT_rég_1,0%'!$C11 -> 0.0037 | E21: 0.0078 | F21: ='SMPT_rég_0,7%'!$C11 -> 0.0037 | G21: ='SMPT_rég_0,4%'!$C11 -> 0.0037 | I21: =I20+1 -> 2024 | J21: ='SMPT_CSR_rég_0,7%'!$D11 -> 0.0088184777 | K21: ='SMPT_rég_1,0%'!$D11 -> 0.0088184777 | L21: 0.0088184777 | M21: ='SMPT_rég_0,7%'!$D11 -> 0.0088184777 | N21: ='SMPT_rég_0,4%'!$D11 -> 0.0088184777 | P21: =P20+1 -> 2024 | Q21: ='SMPT_CSR_rég_0,7%'!$F11 -> -0.015115916 | R21: ='SMPT_rég_1,0%'!$F11 -> -0.015115916 | S21: 0.0054652774 | T21: ='SMPT_rég_0,7%'!$F11 -> -0.015115916 | U21: ='SMPT_rég_0,4%'!$F11 -> -0.015115916 | W21: =W20+1 -> 2024 | X21: ='SMPT_CSR_rég_0,7%'!$H11 -> 0.027281372 | Y21: ='SMPT_rég_1,0%'!$H11 -> 0.027281372 | Z21: 0.0071767379 | AA21: ='SMPT_rég_0,7%'!$H11 -> 0.027281372 | AB21: ='SMPT_rég_0,4%'!$H11 -> 0.027281372 | AD21: =AD20+1 -> 2024 | AE21: =SMPT_FPE!I11 -> 9.3031213e-05 | AF21: =SMPT_FPE!J11 -> 9.3031213e-05 | AG21: 0.0054652774 | AH21: =SMPT_FPE!K11 -> 9.3031213e-05 | AI21: =SMPT_FPE!L11 -> 9.3031213e-05 | AK21: =AK20+1 -> 2024 | AL21: =TI_SMPT_CNRACL!$I11 -> 0.027281372 | AM21: =TI_SMPT_CNRACL!J11 -> 0.027281372 | AN21: 0.0071767379 | AO21: =TI_SMPT_CNRACL!$K11 -> 0.027281372 | AP21: =TI_SMPT_CNRACL!L11 -> 0.027281372
B22: =B21+1 -> 2025 | C22: ='SMPT_CSR_rég_0,7%'!$C12 -> 0.0039 | D22: ='SMPT_rég_1,0%'!$C12 -> 0.0039 | E22: 0.0042 | F22: ='SMPT_rég_0,7%'!$C12 -> 0.0039 | G22: ='SMPT_rég_0,4%'!$C12 -> 0.0039 | I22: =I21+1 -> 2025 | J22: ='SMPT_CSR_rég_0,7%'!$D12 -> 0.0099202863 | K22: ='SMPT_rég_1,0%'!$D12 -> 0.0099202863 | L22: 0.010590863 | M22: ='SMPT_rég_0,7%'!$D12 -> 0.0099202863 | N22: ='SMPT_rég_0,4%'!$D12 -> 0.0099202863 | P22: =P21+1 -> 2025 | Q22: ='SMPT_CSR_rég_0,7%'!$F12 -> 0.0034031539 | R22: ='SMPT_rég_1,0%'!$F12 -> 0.0034031539 | S22: -0.012333498 | T22: ='SMPT_rég_0,7%'!$F12 -> 0.0034031539 | U22: ='SMPT_rég_0,4%'!$F12 -> 0.0034031539 | W22: =W21+1 -> 2025 | X22: ='SMPT_CSR_rég_0,7%'!$H12 -> -0.0027767996 | Y22: ='SMPT_rég_1,0%'!$H12 -> -0.0027767996 | Z22: -0.012212103 | AA22: ='SMPT_rég_0,7%'!$H12 -> -0.0027767996 | AB22: ='SMPT_rég_0,4%'!$H12 -> -0.0027767996 | AD22: =AD21+1 -> 2025 | AE22: =SMPT_FPE!I12 -> 0.0034031539 | AF22: =SMPT_FPE!J12 -> 0.0034031539 | AG22: 0 | AH22: =SMPT_FPE!K12 -> 0.0034031539 | AI22: =SMPT_FPE!L12 -> 0.0034031539 | AK22: =AK21+1 -> 2025 | AL22: =TI_SMPT_CNRACL!$I12 -> -3.052501e-05 | AM22: =TI_SMPT_CNRACL!J12 -> -3.052501e-05 | AN22: 0 | AO22: =TI_SMPT_CNRACL!$K12 -> -3.052501e-05 | AP22: =TI_SMPT_CNRACL!L12 -> -3.052501e-05
B23: =B22+1 -> 2026 | C23: ='SMPT_CSR_rég_0,7%'!$C13 -> -0.002 | D23: ='SMPT_rég_1,0%'!$C13 -> -0.002 | E23: 0.0049 | F23: ='SMPT_rég_0,7%'!$C13 -> -0.002 | G23: ='SMPT_rég_0,4%'!$C13 -> -0.002 | I23: =I22+1 -> 2026 | J23: ='SMPT_CSR_rég_0,7%'!$D13 -> 0.003506506 | K23: ='SMPT_rég_1,0%'!$D13 -> 0.003506506 | L23: 0.012206859 | M23: ='SMPT_rég_0,7%'!$D13 -> 0.003506506 | N23: ='SMPT_rég_0,4%'!$D13 -> 0.003506506 | P23: =P22+1 -> 2026 | Q23: ='SMPT_CSR_rég_0,7%'!$F13 -> -0.017375086 | R23: ='SMPT_rég_1,0%'!$F13 -> -0.017375086 | S23: -0.012917858 | T23: ='SMPT_rég_0,7%'!$F13 -> -0.017375086 | U23: ='SMPT_rég_0,4%'!$F13 -> -0.017375086 | W23: =W22+1 -> 2026 | X23: ='SMPT_CSR_rég_0,7%'!$H13 -> -0.017410065 | Y23: ='SMPT_rég_1,0%'!$H13 -> -0.017410065 | Z23: -0.012917858 | AA23: ='SMPT_rég_0,7%'!$H13 -> -0.017410065 | AB23: ='SMPT_rég_0,4%'!$H13 -> -0.017410065 | AD23: =AD22+1 -> 2026 | AE23: =SMPT_FPE!I13 -> 0 | AF23: =SMPT_FPE!J13 -> 0 | AG23: 0 | AH23: =SMPT_FPE!K13 -> 0 | AI23: =SMPT_FPE!L13 -> 0 | AK23: =AK22+1 -> 2026 | AL23: =TI_SMPT_CNRACL!$I13 -> 0 | AM23: =TI_SMPT_CNRACL!J13 -> 0 | AN23: 0 | AO23: =TI_SMPT_CNRACL!$K13 -> 0 | AP23: =TI_SMPT_CNRACL!L13 -> 0
B24: =B23+1 -> 2027 | C24: ='SMPT_CSR_rég_0,7%'!$C14 -> 0.0048 | D24: ='SMPT_rég_1,0%'!$C14 -> 0.0048 | E24: 0.0053 | F24: ='SMPT_rég_0,7%'!$C14 -> 0.0048 | G24: ='SMPT_rég_0,4%'!$C14 -> 0.0048 | I24: =I23+1 -> 2027 | J24: ='SMPT_CSR_rég_0,7%'!$D14 -> 0.011986399 | K24: ='SMPT_rég_1,0%'!$D14 -> 0.011986399 | L24: 0.010712531 | M24: ='SMPT_rég_0,7%'!$D14 -> 0.011986399 | N24: ='SMPT_rég_0,4%'!$D14 -> 0.011986399 | P24: =P23+1 -> 2027 | Q24: ='SMPT_CSR_rég_0,7%'!$F14 -> 0.0048 | R24: ='SMPT_rég_1,0%'!$F14 -> -0.014860742 | S24: -0.016216216 | T24: ='SMPT_rég_0,7%'!$F14 -> -0.014860742 | U24: ='SMPT_rég_0,4%'!$F14 -> -0.014860742 | W24: =W23+1 -> 2027 | X24: ='SMPT_CSR_rég_0,7%'!$H14 -> 0.0048 | Y24: ='SMPT_rég_1,0%'!$H14 -> -0.014860742 | Z24: -0.016216216 | AA24: ='SMPT_rég_0,7%'!$H14 -> -0.014860742 | AB24: ='SMPT_rég_0,4%'!$H14 -> -0.014860742 | AD24: =AD23+1 -> 2027 | AE24: =SMPT_FPE!I14 -> 0.0048 | AF24: =SMPT_FPE!J14 -> 0 | AG24: 0 | AH24: =SMPT_FPE!K14 -> 0 | AI24: =SMPT_FPE!L14 -> 0 | AK24: =AK23+1 -> 2027 | AL24: =TI_SMPT_CNRACL!$I14 -> 0.0048 | AM24: =TI_SMPT_CNRACL!J14 -> 0 | AN24: 0 | AO24: =TI_SMPT_CNRACL!$K14 -> 0 | AP24: =TI_SMPT_CNRACL!L14 -> 0
B25: =B24+1 -> 2028 | C25: ='SMPT_CSR_rég_0,7%'!$C15 -> 0.0053 | D25: ='SMPT_rég_1,0%'!$C15 -> 0.0053 | E25: 0.006 | F25: ='SMPT_rég_0,7%'!$C15 -> 0.0053 | G25: ='SMPT_rég_0,4%'!$C15 -> 0.0053 | I25: =I24+1 -> 2028 | J25: ='SMPT_CSR_rég_0,7%'!$D15 -> 0.011022416 | K25: ='SMPT_rég_1,0%'!$D15 -> 0.011022416 | L25: 0.010599046 | M25: ='SMPT_rég_0,7%'!$D15 -> 0.011022416 | N25: ='SMPT_rég_0,4%'!$D15 -> 0.011022416 | P25: =P24+1 -> 2028 | Q25: ='SMPT_CSR_rég_0,7%'!$F15 -> 0.0053 | R25: ='SMPT_rég_1,0%'!$F15 -> -0.011252973 | S25: -0.011452973 | T25: ='SMPT_rég_0,7%'!$F15 -> -0.011412973 | U25: ='SMPT_rég_0,4%'!$F15 -> -0.011592973 | W25: =W24+1 -> 2028 | X25: ='SMPT_CSR_rég_0,7%'!$H15 -> 0.0053 | Y25: ='SMPT_rég_1,0%'!$H15 -> -0.011245969 | Z25: -0.011452973 | AA25: ='SMPT_rég_0,7%'!$H15 -> -0.011405969 | AB25: ='SMPT_rég_0,4%'!$H15 -> -0.011585969 | AD25: =AD24+1 -> 2028 | AE25: =SMPT_FPE!I15 -> 0.0053 | AF25: =SMPT_FPE!J15 -> 0.0006192629 | AG25: 0.00182 | AH25: =SMPT_FPE!K15 -> 0.0004592629 | AI25: =SMPT_FPE!L15 -> 0.0002792629 | AK25: =AK24+1 -> 2028 | AL25: =TI_SMPT_CNRACL!$I15 -> 0.0053 | AM25: =TI_SMPT_CNRACL!J15 -> 0.0006192629 | AN25: 0.00182 | AO25: =TI_SMPT_CNRACL!$K15 -> 0.0004592629 | AP25: =TI_SMPT_CNRACL!L15 -> 0.0002792629
B26: =B25+1 -> 2029 | C26: ='SMPT_CSR_rég_0,7%'!$C16 -> 0.006 | D26: ='SMPT_rég_1,0%'!$C16 -> 0.006 | E26: 0.0046 | F26: ='SMPT_rég_0,7%'!$C16 -> 0.006 | G26: ='SMPT_rég_0,4%'!$C16 -> 0.006 | I26: =I25+1 -> 2029 | J26: ='SMPT_CSR_rég_0,7%'!$D16 -> 0.011110881 | K26: ='SMPT_rég_1,0%'!$D16 -> 0.011110881 | L26: 0.0083538084 | M26: ='SMPT_rég_0,7%'!$D16 -> 0.011110881 | N26: ='SMPT_rég_0,4%'!$D16 -> 0.011110881 | P26: =P25+1 -> 2029 | Q26: ='SMPT_CSR_rég_0,7%'!$F16 -> 0.006 | R26: ='SMPT_rég_1,0%'!$F16 -> -0.0062897297 | S26: -0.0066897297 | T26: ='SMPT_rég_0,7%'!$F16 -> -0.0066097297 | U26: ='SMPT_rég_0,4%'!$F16 -> -0.0069697297 | W26: =W25+1 -> 2029 | X26: ='SMPT_CSR_rég_0,7%'!$H16 -> 0.006 | Y26: ='SMPT_rég_1,0%'!$H16 -> -0.0062757214 | Z26: -0.0066897297 | AA26: ='SMPT_rég_0,7%'!$H16 -> -0.0065957214 | AB26: ='SMPT_rég_0,4%'!$H16 -> -0.0069557214 | AD26: =AD25+1 -> 2029 | AE26: =SMPT_FPE!I16 -> 0.006 | AF26: =SMPT_FPE!J16 -> 0.0026144472 | AG26: 0.00364 | AH26: =SMPT_FPE!K16 -> 0.0022944472 | AI26: =SMPT_FPE!L16 -> 0.0019344472 | AK26: =AK25+1 -> 2029 | AL26: =TI_SMPT_CNRACL!$I16 -> 0.006 | AM26: =TI_SMPT_CNRACL!J16 -> 0.0026144472 | AN26: 0.00364 | AO26: =TI_SMPT_CNRACL!$K16 -> 0.0022944472 | AP26: =TI_SMPT_CNRACL!L16 -> 0.0019344472
B27: =B26+1 -> 2030 | C27: ='SMPT_CSR_rég_0,7%'!$C17 -> 0.0079 | D27: ='SMPT_rég_1,0%'!$C17 -> 0.0082 | E27: 0.0093 | F27: ='SMPT_rég_0,7%'!$C17 -> 0.0079 | G27: ='SMPT_rég_0,4%'!$C17 -> 0.0077 | I27: =I26+1 -> 2030 | J27: ='SMPT_CSR_rég_0,7%'!$D17 -> 0.011127211 | K27: ='SMPT_rég_1,0%'!$D17 -> 0.011127211 | L27: 0.0065175602 | M27: ='SMPT_rég_0,7%'!$D17 -> 0.011127211 | N27: ='SMPT_rég_0,4%'!$D17 -> 0.011127211 | P27: =P26+1 -> 2030 | Q27: ='SMPT_CSR_rég_0,7%'!$F17 -> 0.0079 | R27: ='SMPT_rég_1,0%'!$F17 -> -0.0013264865 | S27: -0.0019264865 | T27: ='SMPT_rég_0,7%'!$F17 -> -0.0018064865 | U27: ='SMPT_rég_0,4%'!$F17 -> -0.0023464865 | W27: =W26+1 -> 2030 | X27: ='SMPT_CSR_rég_0,7%'!$H17 -> 0.0079 | Y27: ='SMPT_rég_1,0%'!$H17 -> -0.001305474 | Z27: -0.0019264865 | AA27: ='SMPT_rég_0,7%'!$H17 -> -0.001785474 | AB27: ='SMPT_rég_0,4%'!$H17 -> -0.002325474 | AD27: =AD26+1 -> 2030 | AE27: =SMPT_FPE!I17 -> 0.0079 | AF27: =SMPT_FPE!J17 -> 0.0046096314 | AG27: 0.00546 | AH27: =SMPT_FPE!K17 -> 0.0041296314 | AI27: =SMPT_FPE!L17 -> 0.0035896314 | AK27: =AK26+1 -> 2030 | AL27: =TI_SMPT_CNRACL!$I17 -> 0.0079 | AM27: =TI_SMPT_CNRACL!J17 -> 0.0046096314 | AN27: 0.00546 | AO27: =TI_SMPT_CNRACL!$K17 -> 0.0041296314 | AP27: =TI_SMPT_CNRACL!L17 -> 0.0035896314
B28: =B27+1 -> 2031 | C28: ='SMPT_CSR_rég_0,7%'!$C18 -> 0.0079 | D28: ='SMPT_rég_1,0%'!$C18 -> 0.0084 | E28: 0.0092 | F28: ='SMPT_rég_0,7%'!$C18 -> 0.0079 | G28: ='SMPT_rég_0,4%'!$C18 -> 0.0073 | I28: =I27+1 -> 2031 | J28: ='SMPT_CSR_rég_0,7%'!$D18 -> 0.010338825 | K28: ='SMPT_rég_1,0%'!$D18 -> 0.010733918 | L28: 0.0064310438 | M28: ='SMPT_rég_0,7%'!$D18 -> 0.010333517 | N28: ='SMPT_rég_0,4%'!$D18 -> 0.0099080508 | P28: =P27+1 -> 2031 | Q28: ='SMPT_CSR_rég_0,7%'!$F18 -> 0.0079 | R28: ='SMPT_rég_1,0%'!$F18 -> 0.00098280098 | S28: 0.00098280098 | T28: ='SMPT_rég_0,7%'!$F18 -> 0.00098280098 | U28: ='SMPT_rég_0,4%'!$F18 -> 0.00098280098 | W28: =W27+1 -> 2031 | X28: ='SMPT_CSR_rég_0,7%'!$H18 -> 0.0079 | Y28: ='SMPT_rég_1,0%'!$H18 -> 0.00098280098 | Z28: 0.00098280098 | AA28: ='SMPT_rég_0,7%'!$H18 -> 0.00098280098 | AB28: ='SMPT_rég_0,4%'!$H18 -> 0.00098280098 | AD28: =AD27+1 -> 2031 | AE28: =SMPT_FPE!I18 -> 0.0079 | AF28: =SMPT_FPE!J18 -> 0.0066048157 | AG28: 0.00728 | AH28: =SMPT_FPE!K18 -> 0.0059648157 | AI28: =SMPT_FPE!L18 -> 0.0052448157 | AK28: =AK27+1 -> 2031 | AL28: =TI_SMPT_CNRACL!$I18 -> 0.0079 | AM28: =TI_SMPT_CNRACL!J18 -> 0.0066048157 | AN28: 0.00728 | AO28: =TI_SMPT_CNRACL!$K18 -> 0.0059648157 | AP28: =TI_SMPT_CNRACL!L18 -> 0.0052448157
B29: =B28+1 -> 2032 | C29: ='SMPT_CSR_rég_0,7%'!$C19 -> 0.0078 | D29: ='SMPT_rég_1,0%'!$C19 -> 0.0086 | E29: 0.0091 | F29: ='SMPT_rég_0,7%'!$C19 -> 0.0078 | G29: ='SMPT_rég_0,4%'!$C19 -> 0.0069 | I29: =I28+1 -> 2032 | J29: ='SMPT_CSR_rég_0,7%'!$D19 -> 0.0095504392 | K29: ='SMPT_rég_1,0%'!$D19 -> 0.010340624 | L29: 0.0059392525 | M29: ='SMPT_rég_0,7%'!$D19 -> 0.0095398226 | N29: ='SMPT_rég_0,4%'!$D19 -> 0.0086888905 | P29: =P28+1 -> 2032 | Q29: ='SMPT_CSR_rég_0,7%'!$F19 -> 0.0078 | R29: ='SMPT_rég_1,0%'!$F19 -> 0.00098280098 | S29: 0.00098280098 | T29: ='SMPT_rég_0,7%'!$F19 -> 0.00098280098 | U29: ='SMPT_rég_0,4%'!$F19 -> 0.00098280098 | W29: =W28+1 -> 2032 | X29: ='SMPT_CSR_rég_0,7%'!$H19 -> 0.0078 | Y29: ='SMPT_rég_1,0%'!$H19 -> 0.00098280098 | Z29: 0.00098280098 | AA29: ='SMPT_rég_0,7%'!$H19 -> 0.00098280098 | AB29: ='SMPT_rég_0,4%'!$H19 -> 0.00098280098 | AD29: =AD28+1 -> 2032 | AE29: =SMPT_FPE!I19 -> 0.0078 | AF29: =SMPT_FPE!J19 -> 0.0086 | AG29: 0.0091 | AH29: =SMPT_FPE!K19 -> 0.0078 | AI29: =SMPT_FPE!L19 -> 0.0069 | AK29: =AK28+1 -> 2032 | AL29: =TI_SMPT_CNRACL!$I19 -> 0.0078 | AM29: =TI_SMPT_CNRACL!J19 -> 0.0086 | AN29: 0.0091 | AO29: =TI_SMPT_CNRACL!$K19 -> 0.0078 | AP29: =TI_SMPT_CNRACL!L19 -> 0.0069
B30: =B29+1 -> 2033 | C30: ='SMPT_CSR_rég_0,7%'!$C20 -> 0.0077 | D30: ='SMPT_rég_1,0%'!$C20 -> 0.0088 | E30: 0.0076 | F30: ='SMPT_rég_0,7%'!$C20 -> 0.0077 | G30: ='SMPT_rég_0,4%'!$C20 -> 0.0066 | I30: =I29+1 -> 2033 | J30: ='SMPT_CSR_rég_0,7%'!$D20 -> 0.0087620532 | K30: ='SMPT_rég_1,0%'!$D20 -> 0.0099473307 | L30: 0.0059392525 | M30: ='SMPT_rég_0,7%'!$D20 -> 0.0087461283 | N30: ='SMPT_rég_0,4%'!$D20 -> 0.0074697302 | P30: =P29+1 -> 2033 | Q30: ='SMPT_CSR_rég_0,7%'!$F20 -> 0.0077 | R30: ='SMPT_rég_1,0%'!$F20 -> 0.0026862408 | S30: 0.0022462408 | T30: ='SMPT_rég_0,7%'!$F20 -> 0.0022462408 | U30: ='SMPT_rég_0,4%'!$F20 -> 0.0018062408 | W30: =W29+1 -> 2033 | X30: ='SMPT_CSR_rég_0,7%'!$H20 -> 0.0077 | Y30: ='SMPT_rég_1,0%'!$H20 -> 0.0026862408 | Z30: 0.0022462408 | AA30: ='SMPT_rég_0,7%'!$H20 -> 0.0022462408 | AB30: ='SMPT_rég_0,4%'!$H20 -> 0.0018062408 | AD30: =AD29+1 -> 2033 | AE30: =SMPT_FPE!I20 -> 0.0077 | AF30: =SMPT_FPE!J20 -> 0.0088 | AG30: 0.0076 | AH30: =SMPT_FPE!K20 -> 0.0077 | AI30: =SMPT_FPE!L20 -> 0.0066 | AK30: =AK29+1 -> 2033 | AL30: =TI_SMPT_CNRACL!$I20 -> 0.0077 | AM30: =TI_SMPT_CNRACL!J20 -> 0.0088 | AN30: 0.0076 | AO30: =TI_SMPT_CNRACL!$K20 -> 0.0077 | AP30: =TI_SMPT_CNRACL!L20 -> 0.0066
B31: =B30+1 -> 2034 | C31: ='SMPT_CSR_rég_0,7%'!$C21 -> 0.0075 | D31: ='SMPT_rég_1,0%'!$C21 -> 0.0089 | E31: 0.0075 | F31: ='SMPT_rég_0,7%'!$C21 -> 0.0075 | G31: ='SMPT_rég_0,4%'!$C21 -> 0.0062 | I31: =I30+1 -> 2034 | J31: ='SMPT_CSR_rég_0,7%'!$D21 -> 0.0079736672 | K31: ='SMPT_rég_1,0%'!$D21 -> 0.0095540372 | L31: 0.0074807153 | M31: ='SMPT_rég_0,7%'!$D21 -> 0.007952434 | N31: ='SMPT_rég_0,4%'!$D21 -> 0.0062505698 | P31: =P30+1 -> 2034 | Q31: ='SMPT_CSR_rég_0,7%'!$F21 -> 0.0075 | R31: ='SMPT_rég_1,0%'!$F21 -> 0.0043896806 | S31: 0.0035096806 | T31: ='SMPT_rég_0,7%'!$F21 -> 0.0035096806 | U31: ='SMPT_rég_0,4%'!$F21 -> 0.0026296806 | W31: =W30+1 -> 2034 | X31: ='SMPT_CSR_rég_0,7%'!$H21 -> 0.0075 | Y31: ='SMPT_rég_1,0%'!$H21 -> 0.0043896806 | Z31: 0.0035096806 | AA31: ='SMPT_rég_0,7%'!$H21 -> 0.0035096806 | AB31: ='SMPT_rég_0,4%'!$H21 -> 0.0026296806 | AD31: =AD30+1 -> 2034 | AE31: =SMPT_FPE!I21 -> 0.0075 | AF31: =SMPT_FPE!J21 -> 0.0089 | AG31: 0.0075 | AH31: =SMPT_FPE!K21 -> 0.0075 | AI31: =SMPT_FPE!L21 -> 0.0062 | AK31: =AK30+1 -> 2034 | AL31: =TI_SMPT_CNRACL!$I21 -> 0.0075 | AM31: =TI_SMPT_CNRACL!J21 -> 0.0089 | AN31: 0.0075 | AO31: =TI_SMPT_CNRACL!$K21 -> 0.0075 | AP31: =TI_SMPT_CNRACL!L21 -> 0.0062
B32: =B31+1 -> 2035 | C32: ='SMPT_CSR_rég_0,7%'!$C22 -> 0.0075 | D32: ='SMPT_rég_1,0%'!$C22 -> 0.0091 | E32: 0.0075 | F32: ='SMPT_rég_0,7%'!$C22 -> 0.0075 | G32: ='SMPT_rég_0,4%'!$C22 -> 0.0058 | I32: =I31+1 -> 2035 | J32: ='SMPT_CSR_rég_0,7%'!$D22 -> 0.0079736672 | K32: ='SMPT_rég_1,0%'!$D22 -> 0.0095540372 | L32: 0.0074786049 | M32: ='SMPT_rég_0,7%'!$D22 -> 0.007952434 | N32: ='SMPT_rég_0,4%'!$D22 -> 0.0062505698 | P32: =P31+1 -> 2035 | Q32: ='SMPT_CSR_rég_0,7%'!$F22 -> 0.0075 | R32: ='SMPT_rég_1,0%'!$F22 -> 0.0060931204 | S32: 0.0047731204 | T32: ='SMPT_rég_0,7%'!$F22 -> 0.0047731204 | U32: ='SMPT_rég_0,4%'!$F22 -> 0.0034531204 | W32: =W31+1 -> 2035 | X32: ='SMPT_CSR_rég_0,7%'!$H22 -> 0.0075 | Y32: ='SMPT_rég_1,0%'!$H22 -> 0.0060931204 | Z32: 0.0047731204 | AA32: ='SMPT_rég_0,7%'!$H22 -> 0.0047731204 | AB32: ='SMPT_rég_0,4%'!$H22 -> 0.0034531204 | AD32: =AD31+1 -> 2035 | AE32: =SMPT_FPE!I22 -> 0.0075 | AF32: =SMPT_FPE!J22 -> 0.0091 | AG32: 0.0075 | AH32: =SMPT_FPE!K22 -> 0.0075 | AI32: =SMPT_FPE!L22 -> 0.0058 | AK32: =AK31+1 -> 2035 | AL32: =TI_SMPT_CNRACL!$I22 -> 0.0075 | AM32: =TI_SMPT_CNRACL!J22 -> 0.0091 | AN32: 0.0075 | AO32: =TI_SMPT_CNRACL!$K22 -> 0.0075 | AP32: =TI_SMPT_CNRACL!L22 -> 0.0058
... B67: =B66+1 -> 2070 | C67: ='SMPT_CSR_rég_0,7%'!$C57 -> 0.007 | D67: ='SMPT_rég_1,0%'!$C57 -> 0.01 | E67: 0.007 | F67: ='SMPT_rég_0,7%'!$C57 -> 0.007 | G67: ='SMPT_rég_0,4%'!$C57 -> 0.004 | I67: =I66+1 -> 2070 | J67: ='SMPT_CSR_rég_0,7%'!$D57 -> 0.0071253767 | K67: ='SMPT_rég_1,0%'!$D57 -> 0.010124209 | L67: 0.0068707502 | M67: ='SMPT_rég_0,7%'!$D57 -> 0.0071237735 | N67: ='SMPT_rég_0,4%'!$D57 -> 0.0041233218 | P67: =P66+1 -> 2070 | Q67: ='SMPT_CSR_rég_0,7%'!$F57 -> 0.007 | R67: ='SMPT_rég_1,0%'!$F57 -> 0.01 | S67: 0.007 | T67: ='SMPT_rég_0,7%'!$F57 -> 0.007 | U67: ='SMPT_rég_0,4%'!$F57 -> 0.004 | W67: =W66+1 -> 2070 | X67: ='SMPT_CSR_rég_0,7%'!$H57 -> 0.007 | Y67: ='SMPT_rég_1,0%'!$H57 -> 0.01 | Z67: 0.007 | AA67: ='SMPT_rég_0,7%'!$H57 -> 0.007 | AB67: ='SMPT_rég_0,4%'!$H57 -> 0.004 | AD67: =AD66+1 -> 2070 | AE67: =SMPT_FPE!I57 -> 0.007 | AF67: =SMPT_FPE!J57 -> 0.01 | AG67: 0.007 | AH67: =SMPT_FPE!K57 -> 0.007 | AI67: =SMPT_FPE!L57 -> 0.004 | AK67: =AK66+1 -> 2070 | AL67: =TI_SMPT_CNRACL!$I57 -> 0.007 | AM67: =TI_SMPT_CNRACL!J57 -> 0.01 | AN67: 0.007 | AO67: =TI_SMPT_CNRACL!$K57 -> 0.007 | AP67: =TI_SMPT_CNRACL!L57 -> 0.004

Sheet SMPT_rég_1,0%
B1: Hypothèses de SMPT
B3: Hypothèses de long terme : gains de productivité du travail = 1,0 % ; taux de chômage = 5 % ou 7 %
B4: Année | C4: Évolutions en réel | Y4: Évolutions en nominal
C5: SMPT Ensemble | D5: =Z5 -> CNAV | E5: =AA5 -> MSA_SA | F5: =AB5 -> FPE civils et militaires | G5: =AC5 -> FSPOEIE | H5: =AD5 -> CNRACL | I5: =AE5 -> CANSSM | J5: =AF5 -> SNCF | K5: =AG5 -> RATP | ... X5: =AT5 -> IRCANTEC | Y5: =C5 -> SMPT Ensemble | Z5: CNAV | AA5: MSA_SA | AB5: FPE civils et militaires | AC5: FSPOEIE | AD5: CNRACL | AE5: CANSSM | AF5: SNCF | AG5: RATP | AH5: ENIM | AI5: CNIEG | AJ5: CRPCEN | AK5: BDF | AL5: MSA_EXA | AM5: Régime général des non salariés | AN5: Auto-entrepreneurs SSI | AO5: CNAVPL_RB | AP5: Auto-entrepreneurs CNAVPL | AQ5: CNBF_RB | AR5: CRPNPAC | AS5: AGIRC-ARRCO | AT5: IRCANTEC
B6: 2019 | C6: 0.0061
B7: =B6+1 -> 2020 | C7: -0.0378 | D7: =(1+Z7)/(1+LOOKUP($B7,Prix!$B$6:$B$127,Prix!$J$6:$J$127))-1 -> -0.050256001 | E7: =(1+AA7)/(1+LOOKUP($B7,Prix!$B$6:$B$127,Prix!$J$6:$J$127))-1 -> -0.050794438 | F7: =(1+AB7)/(1+LOOKUP($B7,Prix!$B$6:$B$127,Prix!$J$6:$J$127))-1 -> 0.0077779241 | G7: =(1+AC7)/(1+LOOKUP($B7,Prix!$B$6:$B$127,Prix!$J$6:$J$127))-1 -> -6.0407132e-05 | H7: =(1+AD7)/(1+LOOKUP($B7,Prix!$B$6:$B$127,Prix!$J$6:$J$127))-1 -> 0.011024166 | I7: =(1+AE7)/(1+LOOKUP($B7,Prix!$B$6:$B$127,Prix!$J$6:$J$127))-1 -> -0.015812892 | J7: =(1+AF7)/(1+LOOKUP($B7,Prix!$B$6:$B$127,Prix!$J$6:$J$127))-1 -> -0.082249345 | K7: =(1+AG7)/(1+LOOKUP($B7,Prix!$B$6:$B$127,Prix!$J$6:$J$127))-1 -> -0.068992429 | ... X7: =(1+AT7)/(1+LOOKUP($B7,Prix!$B$6:$B$127,Prix!$J$6:$J$127))-1 -> 0.018640364 | Y7: -0.0457 | Z7: -0.0457 | AA7: -0.04624102 | AB7: 0.012612319 | AC7: 0.0047363865 | AD7: 0.015874133 | AE7: -0.011091664 | AF7: -0.077846819 | AG7: -0.064526308 | AH7: -0.021319894 | AI7: -0.0095883366 | AJ7: -0.086361817 | AK7: 0.024231051 | AL7: 0.019314514 | AM7: -0.023563502 | AN7: 0.45176279 | AO7: -0.050065704 | AP7: 0.15393573 | AQ7: -0.051475955 | AR7: 0 | AS7: -0.0457 | AT7: 0.023526867
B8: =B7+1 -> 2021 | C8: 0.0332 | D8: =(1+Z8)/(1+LOOKUP($B8,Prix!$B$6:$B$127,Prix!$J$6:$J$127))-1 -> 0.049759605 | E8: =(1+AA8)/(1+LOOKUP($B8,Prix!$B$6:$B$127,Prix!$J$6:$J$127))-1 -> 0.049367418 | F8: =(1+AB8)/(1+LOOKUP($B8,Prix!$B$6:$B$127,Prix!$J$6:$J$127))-1 -> -0.015637379 | G8: =(1+AC8)/(1+LOOKUP($B8,Prix!$B$6:$B$127,Prix!$J$6:$J$127))-1 -> -0.0012757323 | H8: =(1+AD8)/(1+LOOKUP($B8,Prix!$B$6:$B$127,Prix!$J$6:$J$127))-1 -> 0.027920394 | I8: =(1+AE8)/(1+LOOKUP($B8,Prix!$B$6:$B$127,Prix!$J$6:$J$127))-1 -> 0.050320895 | J8: =(1+AF8)/(1+LOOKUP($B8,Prix!$B$6:$B$127,Prix!$J$6:$J$127))-1 -> 0.07314357 | K8: =(1+AG8)/(1+LOOKUP($B8,Prix!$B$6:$B$127,Prix!$J$6:$J$127))-1 -> 0.020237978 | ... X8: =(1+AT8)/(1+LOOKUP($B8,Prix!$B$6:$B$127,Prix!$J$6:$J$127))-1 -> 0.00052653187 | Y8: 0.067 | Z8: 0.067 | AA8: 0.066601371 | AB8: 0.00052898901 | AC8: 0.0151265 | AD8: 0.044802119 | AE8: 0.067570508 | AF8: 0.090768003 | AG8: 0.036993534 | AH8: 0.041710862 | AI8: -0.032652914 | AJ8: 0.097951545 | AK8: 0.043604105 | AL8: 0.019915954 | AM8: 0.039156927 | AN8: -0.081762486 | AO8: 0.050354394 | AP8: -0.073156469 | AQ8: 0.088569723 | AR8: 0 | AS8: 0.067 | AT8: 0.016958363
B9: =B8+1 -> 2022 | C9: -0.0002 | D9: =(1+Z9)/(1+LOOKUP($B9,Prix!$B$6:$B$127,Prix!$J$6:$J$127))-1 -> 4.1657185e-05 | E9: =(1+AA9)/(1+LOOKUP($B9,Prix!$B$6:$B$127,Prix!$J$6:$J$127))-1 -> 4.1657185e-05 | F9: =(1+AB9)/(1+LOOKUP($B9,Prix!$B$6:$B$127,Prix!$J$6:$J$127))-1 -> -0.028350085 | G9: =(1+AC9)/(1+LOOKUP($B9,Prix!$B$6:$B$127,Prix!$J$6:$J$127))-1 -> -0.011616203 | H9: =(1+AD9)/(1+LOOKUP($B9,Prix!$B$6:$B$127,Prix!$J$6:$J$127))-1 -> -0.013651355 | I9: =(1+AE9)/(1+LOOKUP($B9,Prix!$B$6:$B$127,Prix!$J$6:$J$127))-1 -> -0.004283947 | J9: =(1+AF9)/(1+LOOKUP($B9,Prix!$B$6:$B$127,Prix!$J$6:$J$127))-1 -> 0.047391513 | K9: =(1+AG9)/(1+LOOKUP($B9,Prix!$B$6:$B$127,Prix!$J$6:$J$127))-1 -> -0.011711785 | ... X9: =(1+AT9)/(1+LOOKUP($B9,Prix!$B$6:$B$127,Prix!$J$6:$J$127))-1 -> -0.021576572 | Y9: 0.052274927 | Z9: 0.052274927 | AA9: 0.052274927 | AB9: 0.022400253 | AC9: 0.040008165 | AD9: 0.037866714 | AE9: 0.047723392 | AF9: 0.10209792 | AG9: 0.03990759 | AH9: 0.03186834 | AI9: -0.023313622 | AJ9: -0.040180906 | AK9: -0.066481461 | AL9: 0.04698477 | AM9: 0.07150741 | AN9: 0.043010874 | AO9: 0.016380574 | AP9: 0.12576971 | AQ9: 0.032200018 | AR9: 0.042145588 | AS9: 0.052274927 | AT9: 0.029527554
B10: =B9+1 -> 2023 | C10: -0.0096 | D10: =(1+Z10)/(1+LOOKUP($B10,Prix!$B$6:$B$127,Prix!$J$6:$J$127))-1 -> -0.0050634843 | E10: =(1+AA10)/(1+LOOKUP($B10,Prix!$B$6:$B$127,Prix!$J$6:$J$127))-1 -> -0.0050634843 | F10: =(1+AB10)/(1+LOOKUP($B10,Prix!$B$6:$B$127,Prix!$J$6:$J$127))-1 -> -4.9015748e-05 | G10: =(1+AC10)/(1+LOOKUP($B10,Prix!$B$6:$B$127,Prix!$J$6:$J$127))-1 -> -0.0041466606 | H10: =(1+AD10)/(1+LOOKUP($B10,Prix!$B$6:$B$127,Prix!$J$6:$J$127))-1 -> -0.01291141 | I10: =(1+AE10)/(1+LOOKUP($B10,Prix!$B$6:$B$127,Prix!$J$6:$J$127))-1 -> -0.0034333822 | J10: =(1+AF10)/(1+LOOKUP($B10,Prix!$B$6:$B$127,Prix!$J$6:$J$127))-1 -> -0.02476616 | K10: =(1+AG10)/(1+LOOKUP($B10,Prix!$B$6:$B$127,Prix!$J$6:$J$127))-1 -> 0.0012654667 | ... X10: =(1+AT10)/(1+LOOKUP($B10,Prix!$B$6:$B$127,Prix!$J$6:$J$127))-1 -> 0.016730304 | Y10: 0.043435341 | Z10: 0.043435341 | AA10: 0.043435341 | AB10: 0.048694243 | AC10: 0.044396855 | AD10: 0.035204863 | AE10: 0.045144903 | AF10: 0.022772245 | AG10: 0.0500728 | AH10: 0.30096846 | AI10: 0.03048777 | AJ10: 0.033485112 | AK10: -0.0769321 | AL10: 0.14439376 | AM10: 0.016885214 | AN10: 0.0032272794 | AO10: 0.011082841 | AP10: 0.016505188 | AQ10: -0.028909572 | AR10: 0.041886791 | AS10: 0.043435341 | AT10: 0.066291481
B11: =B10+1 -> 2024 | C11: 0.0037 | D11: =(1+Z11)/(1+LOOKUP($B11,Prix!$B$6:$B$127,Prix!$J$6:$J$127))-1 -> 0.0088184777 | E11: =(1+AA11)/(1+LOOKUP($B11,Prix!$B$6:$B$127,Prix!$J$6:$J$127))-1 -> 0.0088184777 | F11: =(1+AB11)/(1+LOOKUP($B11,Prix!$B$6:$B$127,Prix!$J$6:$J$127))-1 -> -0.015115916 | G11: =(1+AC11)/(1+LOOKUP($B11,Prix!$B$6:$B$127,Prix!$J$6:$J$127))-1 -> 0.012069784 | H11: =(1+AD11)/(1+LOOKUP($B11,Prix!$B$6:$B$127,Prix!$J$6:$J$127))-1 -> 0.027281372 | I11: =(1+AE11)/(1+LOOKUP($B11,Prix!$B$6:$B$127,Prix!$J$6:$J$127))-1 -> -0.022092103 | J11: =(1+AF11)/(1+LOOKUP($B11,Prix!$B$6:$B$127,Prix!$J$6:$J$127))-1 -> 0.049930879 | K11: =(1+AG11)/(1+LOOKUP($B11,Prix!$B$6:$B$127,Prix!$J$6:$J$127))-1 -> 0.075776208 | ... X11: =(1+AT11)/(1+LOOKUP($B11,Prix!$B$6:$B$127,Prix!$J$6:$J$127))-1 -> 0.011159253 | Y11: =(C11+1)*(1+Prix!I81)-1 -> 0.023779127 | Z11: 0.029 | AA11: 0.029 | AB11: 0.0045867962 | AC11: 0.032316349 | AD11: 0.047832247 | AE11: -0.0025289506 | AF11: 0.070934859 | AG11: 0.097297227 | AH11: -0.021919342 | AI11: 0.038006305 | AJ11: 0.055202398 | AK11: -0.018385455 | AL11: -0.0051331948 | AM11: 0.055892442 | AN11: 0.00059511838 | AO11: 0.084624706 | AP11: 0.21191443 | AQ11: 0.035401057 | AR11: 0.026828696 | AS11: 0.029 | AT11: 0.031387603
B12: =B11+1 -> 2025 | C12: 0.0039 | D12: =(1+Z12)/(1+LOOKUP($B12,Prix!$B$6:$B$127,Prix!$J$6:$J$127))-1 -> 0.0099202863 | E12: =(1+AA12)/(1+LOOKUP($B12,Prix!$B$6:$B$127,Prix!$J$6:$J$127))-1 -> 0.0099202863 | F12: =(1+AB12)/(1+LOOKUP($B12,Prix!$B$6:$B$127,Prix!$J$6:$J$127))-1 -> 0.0034031539 | G12: =(1+AC12)/(1+LOOKUP($B12,Prix!$B$6:$B$127,Prix!$J$6:$J$127))-1 -> -0.0020439012 | H12: =(1+AD12)/(1+LOOKUP($B12,Prix!$B$6:$B$127,Prix!$J$6:$J$127))-1 -> -0.0027767996 | I12: =(1+AE12)/(1+LOOKUP($B12,Prix!$B$6:$B$127,Prix!$J$6:$J$127))-1 -> -0.038487959 | J12: =(1+AF12)/(1+LOOKUP($B12,Prix!$B$6:$B$127,Prix!$J$6:$J$127))-1 -> -0.0011475189 | K12: =(1+AG12)/(1+LOOKUP($B12,Prix!$B$6:$B$127,Prix!$J$6:$J$127))-1 -> 0.011476105 | ... X12: =(1+AT12)/(1+LOOKUP($B12,Prix!$B$6:$B$127,Prix!$J$6:$J$127))-1 -> 0.0014539334 | Y12: =(C12+1)*(1+Prix!I82)-1 -> 0.013367593 | Z12: 0.019444656 | AA12: 0.019444656 | AB12: 0.012866061 | AC12: 0.007367636 | AD12: 0.0066278258 | AE12: -0.029420119 | AF12: 0.008272472 | AG12: 0.021015147 | AH12: 0.056989693 | AI12: 0.010972653 | AJ12: 0.012788784 | AK12: 0.0073049992 | AL12: 0.02727846 | AM12: 0.02727846 | AN12: 0.0275 | AO12: 0.02727846 | AP12: 0.0275 | AQ12: 0.02727846 | AR12: 0.021607482 | AS12: 0.019444656 | AT12: 0.010898458
B13: =B12+1 -> 2026 | C13: -0.002 | D13: =(1+Z13)/(1+LOOKUP($B13,Prix!$B$6:$B$127,Prix!$J$6:$J$127))-1 -> 0.003506506 | E13: =(1+AA13)/(1+LOOKUP($B13,Prix!$B$6:$B$127,Prix!$J$6:$J$127))-1 -> 0.003506506 | F13: =(1+AB13)/(1+LOOKUP($B13,Prix!$B$6:$B$127,Prix!$J$6:$J$127))-1 -> -0.017375086 | G13: =(1+AC13)/(1+LOOKUP($B13,Prix!$B$6:$B$127,Prix!$J$6:$J$127))-1 -> -0.0041914498 | H13: =(1+AD13)/(1+LOOKUP($B13,Prix!$B$6:$B$127,Prix!$J$6:$J$127))-1 -> -0.017410065 | I13: =(1+AE13)/(1+LOOKUP($B13,Prix!$B$6:$B$127,Prix!$J$6:$J$127))-1 -> 0.00031831047 | J13: =(1+AF13)/(1+LOOKUP($B13,Prix!$B$6:$B$127,Prix!$J$6:$J$127))-1 -> 0.013015429 | K13: =(1+AG13)/(1+LOOKUP($B13,Prix!$B$6:$B$127,Prix!$J$6:$J$127))-1 -> 0.0030517071 | ... X13: =(1+AT13)/(1+LOOKUP($B13,Prix!$B$6:$B$127,Prix!$J$6:$J$127))-1 -> -0.00018974343 | Y13: =(C13+1)*(1+Prix!I83)-1 -> 0.0166626 | Z13: 0.022272078 | AA13: 0.022272078 | AB13: 0.001 | AC13: 0.01443017 | AD13: 0.00096436633 | AE13: 0.019024263 | AF13: 0.031958818 | AG13: 0.021808774 | AH13: 0.03252976 | AI13: 0.015149017 | AJ13: 0.0053304904 | AK13: 0.0166626 | AL13: 0.027129902 | AM13: 0.027129902 | AN13: 0.0275 | AO13: 0.027129902 | AP13: 0.0275 | AQ13: 0.027129902 | AR13: 0.018552366 | AS13: 0.022272078 | AT13: 0.018506708
B14: =B13+1 -> 2027 | C14: 0.0048 | D14: =(1+Z14)/(1+LOOKUP($B14,Prix!$B$6:$B$127,Prix!$J$6:$J$127))-1 -> 0.011986399 | E14: =(1+AA14)/(1+LOOKUP($B14,Prix!$B$6:$B$127,Prix!$J$6:$J$127))-1 -> 0.011986399 | F14: =(1+AB14)/(1+LOOKUP($B14,Prix!$B$6:$B$127,Prix!$J$6:$J$127))-1 -> -0.014860742 | G14: =(1+AC14)/(1+LOOKUP($B14,Prix!$B$6:$B$127,Prix!$J$6:$J$127))-1 -> 0.0019379283 | H14: =(1+AD14)/(1+LOOKUP($B14,Prix!$B$6:$B$127,Prix!$J$6:$J$127))-1 -> -0.014860742 | I14: =(1+AE14)/(1+LOOKUP($B14,Prix!$B$6:$B$127,Prix!$J$6:$J$127))-1 -> 0.0057014143 | J14: =(1+AF14)/(1+LOOKUP($B14,Prix!$B$6:$B$127,Prix!$J$6:$J$127))-1 -> 0.016621973 | K14: =(1+AG14)/(1+LOOKUP($B14,Prix!$B$6:$B$127,Prix!$J$6:$J$127))-1 -> 0.0079975638 | ... X14: =(1+AT14)/(1+LOOKUP($B14,Prix!$B$6:$B$127,Prix!$J$6:$J$127))-1 -> -0.0001823898 | Y14: =(C14+1)*(1+Prix!I84)-1 -> 0.02097728 | Z14: 0.02827938 | AA14: 0.02827938 | AB14: 0.001 | AC14: 0.018069129 | AD14: 0.001 | AE14: 0.021893207 | AF14: 0.032989587 | AG14: 0.024226325 | AH14: 0.029793724 | AI14: 0.024342534 | AJ14: 0.0053078556 | AK14: 0.02097728 | AL14: 0.027129902 | AM14: 0.027129902 | AN14: 0.0275 | AO14: 0.027129902 | AP14: 0.0275 | AQ14: 0.027129902 | AR14: 0.023026626 | AS14: 0.02827938 | AT14: 0.015914674
B15: =B14+1 -> 2028 | C15: 0.0053 | D15: =(1+Z15)/(1+LOOKUP($B15,Prix!$B$6:$B$127,Prix!$J$6:$J$127))-1 -> 0.011022416 | E15: =(1+AA15)/(1+LOOKUP($B15,Prix!$B$6:$B$127,Prix!$J$6:$J$127))-1 -> 0.011022416 | F15: =(1+AB15)/(1+LOOKUP($B15,Prix!$B$6:$B$127,Prix!$J$6:$J$127))-1 -> -0.011252973 | G15: =(1+AC15)/(1+LOOKUP($B15,Prix!$B$6:$B$127,Prix!$J$6:$J$127))-1 -> 0.0053 | H15: =(1+AD15)/(1+LOOKUP($B15,Prix!$B$6:$B$127,Prix!$J$6:$J$127))-1 -> -0.011245969 | I15: =(1+AE15)/(1+LOOKUP($B15,Prix!$B$6:$B$127,Prix!$J$6:$J$127))-1 -> 0.0053 | J15: =(1+AF15)/(1+LOOKUP($B15,Prix!$B$6:$B$127,Prix!$J$6:$J$127))-1 -> 0.0053 | K15: =(1+AG15)/(1+LOOKUP($B15,Prix!$B$6:$B$127,Prix!$J$6:$J$127))-1 -> 0.0053 | ... X15: =(1+AT15)/(1+LOOKUP($B15,Prix!$B$6:$B$127,Prix!$J$6:$J$127))-1 -> 0.00049220878 | Y15: =(C15+1)*(1+Prix!I85)-1 -> 0.02289275 | Z15: 0.028715309 | AA15: 0.028715309 | AB15: 0.0060501 | AC15: 0.02289275 | AD15: 0.0060572267 | AE15: 0.02289275 | AF15: 0.02289275 | AG15: 0.02289275 | AH15: 0.02289275 | AI15: 0.02289275 | AJ15: 0.02289275 | AK15: 0.02289275 | AL15: 0.02289275 | AM15: 0.02289275 | AN15: 0.02289275 | AO15: 0.02289275 | AP15: 0.02289275 | AQ15: 0.02289275 | AR15: 0.025560998 | AS15: 0.028715309 | AT15: 0.018000822
B16: =B15+1 -> 2029 | C16: 0.006 | D16: =(1+Z16)/(1+LOOKUP($B16,Prix!$B$6:$B$127,Prix!$J$6:$J$127))-1 -> 0.011110881 | E16: =(1+AA16)/(1+LOOKUP($B16,Prix!$B$6:$B$127,Prix!$J$6:$J$127))-1 -> 0.011110881 | F16: =(1+AB16)/(1+LOOKUP($B16,Prix!$B$6:$B$127,Prix!$J$6:$J$127))-1 -> -0.0062897297 | G16: =(1+AC16)/(1+LOOKUP($B16,Prix!$B$6:$B$127,Prix!$J$6:$J$127))-1 -> 0.006 | H16: =(1+AD16)/(1+LOOKUP($B16,Prix!$B$6:$B$127,Prix!$J$6:$J$127))-1 -> -0.0062757214 | I16: =(1+AE16)/(1+LOOKUP($B16,Prix!$B$6:$B$127,Prix!$J$6:$J$127))-1 -> 0.006 | J16: =(1+AF16)/(1+LOOKUP($B16,Prix!$B$6:$B$127,Prix!$J$6:$J$127))-1 -> 0.006 | K16: =(1+AG16)/(1+LOOKUP($B16,Prix!$B$6:$B$127,Prix!$J$6:$J$127))-1 -> 0.006 | ... X16: =(1+AT16)/(1+LOOKUP($B16,Prix!$B$6:$B$127,Prix!$J$6:$J$127))-1 -> 0.0024902655 | Y16: =(C16+1)*(1+Prix!I86)-1 -> 0.023605 | Z16: 0.028805322 | AA16: 0.028805322 | AB16: 0.0111002 | AC16: 0.023605 | AD16: 0.011114453 | AE16: 0.023605 | AF16: 0.023605 | AG16: 0.023605 | AH16: 0.023605 | AI16: 0.023605 | AJ16: 0.023605 | AK16: 0.023605 | AL16: 0.023605 | AM16: 0.023605 | AN16: 0.023605 | AO16: 0.023605 | AP16: 0.023605 | AQ16: 0.023605 | AR16: 0.025903461 | AS16: 0.028805322 | AT16: 0.020033845
B17: =B16+1 -> 2030 | C17: 0.0082 | D17: =(1+Z17)/(1+LOOKUP($B17,Prix!$B$6:$B$127,Prix!$J$6:$J$127))-1 -> 0.011127211 | E17: =(1+AA17)/(1+LOOKUP($B17,Prix!$B$6:$B$127,Prix!$J$6:$J$127))-1 -> 0.011127211 | F17: =(1+AB17)/(1+LOOKUP($B17,Prix!$B$6:$B$127,Prix!$J$6:$J$127))-1 -> -0.0013264865 | G17: =(1+AC17)/(1+LOOKUP($B17,Prix!$B$6:$B$127,Prix!$J$6:$J$127))-1 -> 0.0082 | H17: =(1+AD17)/(1+LOOKUP($B17,Prix!$B$6:$B$127,Prix!$J$6:$J$127))-1 -> -0.001305474 | I17: =(1+AE17)/(1+LOOKUP($B17,Prix!$B$6:$B$127,Prix!$J$6:$J$127))-1 -> 0.0082 | J17: =(1+AF17)/(1+LOOKUP($B17,Prix!$B$6:$B$127,Prix!$J$6:$J$127))-1 -> 0.0082 | K17: =(1+AG17)/(1+LOOKUP($B17,Prix!$B$6:$B$127,Prix!$J$6:$J$127))-1 -> 0.0082 | ... X17: =(1+AT17)/(1+LOOKUP($B17,Prix!$B$6:$B$127,Prix!$J$6:$J$127))-1 -> 0.0044877842 | Y17: =(C17+1)*(1+Prix!I87)-1 -> 0.0258435 | Z17: 0.028821937 | AA17: 0.028821937 | AB17: 0.0161503 | AC17: 0.0258435 | AD17: 0.01617168 | AE17: 0.0258435 | AF17: 0.0258435 | AG17: 0.0258435 | AH17: 0.0258435 | AI17: 0.0258435 | AJ17: 0.0258435 | AK17: 0.0258435 | AL17: 0.0258435 | AM17: 0.0258435 | AN17: 0.0258435 | AO17: 0.0258435 | AP17: 0.0258435 | AQ17: 0.0258435 | AR17: 0.030252751 | AS17: 0.028821937 | AT17: 0.02206632
B18: =B17+1 -> 2031 | C18: 0.0084 | D18: =(1+Z18)/(1+LOOKUP($B18,Prix!$B$6:$B$127,Prix!$J$6:$J$127))-1 -> 0.010733918 | E18: =(1+AA18)/(1+LOOKUP($B18,Prix!$B$6:$B$127,Prix!$J$6:$J$127))-1 -> 0.010733918 | F18: =(1+AB18)/(1+LOOKUP($B18,Prix!$B$6:$B$127,Prix!$J$6:$J$127))-1 -> 0.00098280098 | G18: =(1+AC18)/(1+LOOKUP($B18,Prix!$B$6:$B$127,Prix!$J$6:$J$127))-1 -> 0.0084 | H18: =(1+AD18)/(1+LOOKUP($B18,Prix!$B$6:$B$127,Prix!$J$6:$J$127))-1 -> 0.00098280098 | I18: =(1+AE18)/(1+LOOKUP($B18,Prix!$B$6:$B$127,Prix!$J$6:$J$127))-1 -> 0.0084 | J18: =(1+AF18)/(1+LOOKUP($B18,Prix!$B$6:$B$127,Prix!$J$6:$J$127))-1 -> 0.0084 | K18: =(1+AG18)/(1+LOOKUP($B18,Prix!$B$6:$B$127,Prix!$J$6:$J$127))-1 -> 0.0084 | ... X18: =(1+AT18)/(1+LOOKUP($B18,Prix!$B$6:$B$127,Prix!$J$6:$J$127))-1 -> 0.0064939562 | Y18: =(C18+1)*(1+Prix!I88)-1 -> 0.026047 | Z18: 0.028421761 | AA18: 0.028421761 | AB18: 0.0185 | AC18: 0.026047 | AD18: 0.0185 | AE18: 0.026047 | AF18: 0.026047 | AG18: 0.026047 | AH18: 0.026047 | AI18: 0.026047 | AJ18: 0.026047 | AK18: 0.026047 | AL18: 0.026047 | AM18: 0.026047 | AN18: 0.026047 | AO18: 0.026047 | AP18: 0.026047 | AQ18: 0.026047 | AR18: 0.02653053 | AS18: 0.02807204 | AT18: 0.0241076
B19: =B18+1 -> 2032 | C19: 0.0086 | D19: =(1+Z19)/(1+LOOKUP($B19,Prix!$B$6:$B$127,Prix!$J$6:$J$127))-1 -> 0.010340624 | E19: =(1+AA19)/(1+LOOKUP($B19,Prix!$B$6:$B$127,Prix!$J$6:$J$127))-1 -> 0.010340624 | F19: =(1+AB19)/(1+LOOKUP($B19,Prix!$B$6:$B$127,Prix!$J$6:$J$127))-1 -> 0.00098280098 | G19: =(1+AC19)/(1+LOOKUP($B19,Prix!$B$6:$B$127,Prix!$J$6:$J$127))-1 -> 0.0086 | H19: =(1+AD19)/(1+LOOKUP($B19,Prix!$B$6:$B$127,Prix!$J$6:$J$127))-1 -> 0.00098280098 | I19: =(1+AE19)/(1+LOOKUP($B19,Prix!$B$6:$B$127,Prix!$J$6:$J$127))-1 -> 0.0086 | J19: =(1+AF19)/(1+LOOKUP($B19,Prix!$B$6:$B$127,Prix!$J$6:$J$127))-1 -> 0.0086 | K19: =(1+AG19)/(1+LOOKUP($B19,Prix!$B$6:$B$127,Prix!$J$6:$J$127))-1 -> 0.0086 | ... X19: =(1+AT19)/(1+LOOKUP($B19,Prix!$B$6:$B$127,Prix!$J$6:$J$127))-1 -> 0.0084835022 | Y19: =(C19+1)*(1+Prix!I89)-1 -> 0.0262505 | Z19: 0.028021585 | AA19: 0.028021585 | AB19: 0.0185 | AC19: 0.0262505 | AD19: 0.0185 | AE19: 0.0262505 | AF19: 0.0262505 | AG19: 0.0262505 | AH19: 0.0262505 | AI19: 0.0262505 | AJ19: 0.0262505 | AK19: 0.0262505 | AL19: 0.0262505 | AM19: 0.0262505 | AN19: 0.0262505 | AO19: 0.0262505 | AP19: 0.0262505 | AQ19: 0.0262505 | AR19: 0.026230047 | AS19: 0.026843668 | AT19: 0.026131963
B20: =B19+1 -> 2033 | C20: 0.0088 | D20: =(1+Z20)/(1+LOOKUP($B20,Prix!$B$6:$B$127,Prix!$J$6:$J$127))-1 -> 0.0099473307 | E20: =(1+AA20)/(1+LOOKUP($B20,Prix!$B$6:$B$127,Prix!$J$6:$J$127))-1 -> 0.0099473307 | F20: =(1+AB20)/(1+LOOKUP($B20,Prix!$B$6:$B$127,Prix!$J$6:$J$127))-1 -> 0.0026862408 | G20: =(1+AC20)/(1+LOOKUP($B20,Prix!$B$6:$B$127,Prix!$J$6:$J$127))-1 -> 0.0088 | H20: =(1+AD20)/(1+LOOKUP($B20,Prix!$B$6:$B$127,Prix!$J$6:$J$127))-1 -> 0.0026862408 | I20: =(1+AE20)/(1+LOOKUP($B20,Prix!$B$6:$B$127,Prix!$J$6:$J$127))-1 -> 0.0088 | J20: =(1+AF20)/(1+LOOKUP($B20,Prix!$B$6:$B$127,Prix!$J$6:$J$127))-1 -> 0.0088 | K20: =(1+AG20)/(1+LOOKUP($B20,Prix!$B$6:$B$127,Prix!$J$6:$J$127))-1 -> 0.0088 | ... X20: =(1+AT20)/(1+LOOKUP($B20,Prix!$B$6:$B$127,Prix!$J$6:$J$127))-1 -> 0.0086994331 | Y20: =(C20+1)*(1+Prix!I90)-1 -> 0.026454 | Z20: 0.027621409 | AA20: 0.027621409 | AB20: 0.02023325 | AC20: 0.026454 | AD20: 0.02023325 | AE20: 0.026454 | AF20: 0.026454 | AG20: 0.026454 | AH20: 0.026454 | AI20: 0.026454 | AJ20: 0.026454 | AK20: 0.026454 | AL20: 0.026454 | AM20: 0.026454 | AN20: 0.026454 | AO20: 0.026454 | AP20: 0.026454 | AQ20: 0.026454 | AR20: 0.026016439 | AS20: 0.02649962 | AT20: 0.026351673
B21: =B20+1 -> 2034 | C21: 0.0089 | D21: =(1+Z21)/(1+LOOKUP($B21,Prix!$B$6:$B$127,Prix!$J$6:$J$127))-1 -> 0.0095540372 | E21: =(1+AA21)/(1+LOOKUP($B21,Prix!$B$6:$B$127,Prix!$J$6:$J$127))-1 -> 0.0095540372 | F21: =(1+AB21)/(1+LOOKUP($B21,Prix!$B$6:$B$127,Prix!$J$6:$J$127))-1 -> 0.0043896806 | G21: =(1+AC21)/(1+LOOKUP($B21,Prix!$B$6:$B$127,Prix!$J$6:$J$127))-1 -> 0.0089 | H21: =(1+AD21)/(1+LOOKUP($B21,Prix!$B$6:$B$127,Prix!$J$6:$J$127))-1 -> 0.0043896806 | I21: =(1+AE21)/(1+LOOKUP($B21,Prix!$B$6:$B$127,Prix!$J$6:$J$127))-1 -> 0.0089 | J21: =(1+AF21)/(1+LOOKUP($B21,Prix!$B$6:$B$127,Prix!$J$6:$J$127))-1 -> 0.0089 | K21: =(1+AG21)/(1+LOOKUP($B21,Prix!$B$6:$B$127,Prix!$J$6:$J$127))-1 -> 0.0089 | ... X21: =(1+AT21)/(1+LOOKUP($B21,Prix!$B$6:$B$127,Prix!$J$6:$J$127))-1 -> 0.0088067746 | Y21: =(C21+1)*(1+Prix!I91)-1 -> 0.02655575 | Z21: 0.027221233 | AA21: 0.027221233 | AB21: 0.0219665 | AC21: 0.02655575 | AD21: 0.0219665 | AE21: 0.02655575 | AF21: 0.02655575 | AG21: 0.02655575 | AH21: 0.02655575 | AI21: 0.02655575 | AJ21: 0.02655575 | AK21: 0.02655575 | AL21: 0.02655575 | AM21: 0.02655575 | AN21: 0.02655575 | AO21: 0.02655575 | AP21: 0.02655575 | AQ21: 0.02655575 | AR21: 0.026561302 | AS21: 0.026718165 | AT21: 0.026460893
B22: =B21+1 -> 2035 | C22: 0.0091 | D22: =(1+Z22)/(1+LOOKUP($B22,Prix!$B$6:$B$127,Prix!$J$6:$J$127))-1 -> 0.0095540372 | E22: =(1+AA22)/(1+LOOKUP($B22,Prix!$B$6:$B$127,Prix!$J$6:$J$127))-1 -> 0.0095540372 | F22: =(1+AB22)/(1+LOOKUP($B22,Prix!$B$6:$B$127,Prix!$J$6:$J$127))-1 -> 0.0060931204 | G22: =(1+AC22)/(1+LOOKUP($B22,Prix!$B$6:$B$127,Prix!$J$6:$J$127))-1 -> 0.0091 | H22: =(1+AD22)/(1+LOOKUP($B22,Prix!$B$6:$B$127,Prix!$J$6:$J$127))-1 -> 0.0060931204 | I22: =(1+AE22)/(1+LOOKUP($B22,Prix!$B$6:$B$127,Prix!$J$6:$J$127))-1 -> 0.0091 | J22: =(1+AF22)/(1+LOOKUP($B22,Prix!$B$6:$B$127,Prix!$J$6:$J$127))-1 -> 0.0091 | K22: =(1+AG22)/(1+LOOKUP($B22,Prix!$B$6:$B$127,Prix!$J$6:$J$127))-1 -> 0.0091 | ... X22: =(1+AT22)/(1+LOOKUP($B22,Prix!$B$6:$B$127,Prix!$J$6:$J$127))-1 -> 0.009027497 | Y22: =(C22+1)*(1+Prix!I92)-1 -> 0.02675925 | Z22: 0.027221233 | AA22: 0.027221233 | AB22: 0.02369975 | AC22: 0.02675925 | AD22: 0.02369975 | AE22: 0.02675925 | AF22: 0.02675925 | AG22: 0.02675925 | AH22: 0.02675925 | AI22: 0.02675925 | AJ22: 0.02675925 | AK22: 0.02675925 | AL22: 0.02675925 | AM22: 0.02675925 | AN22: 0.02675925 | AO22: 0.02675925 | AP22: 0.02675925 | AQ22: 0.02675925 | AR22: 0.026764547 | AS22: 0.026718165 | AT22: 0.026685478
... B57: =B56+1 -> 2070 | C57: 0.01 | D57: =(1+Z57)/(1+LOOKUP($B57,Prix!$B$6:$B$127,Prix!$J$6:$J$127))-1 -> 0.010124209 | E57: =(1+AA57)/(1+LOOKUP($B57,Prix!$B$6:$B$127,Prix!$J$6:$J$127))-1 -> 0.010124209 | F57: =(1+AB57)/(1+LOOKUP($B57,Prix!$B$6:$B$127,Prix!$J$6:$J$127))-1 -> 0.01 | G57: =(1+AC57)/(1+LOOKUP($B57,Prix!$B$6:$B$127,Prix!$J$6:$J$127))-1 -> 0.01 | H57: =(1+AD57)/(1+LOOKUP($B57,Prix!$B$6:$B$127,Prix!$J$6:$J$127))-1 -> 0.01 | I57: =(1+AE57)/(1+LOOKUP($B57,Prix!$B$6:$B$127,Prix!$J$6:$J$127))-1 -> 0.01 | J57: =(1+AF57)/(1+LOOKUP($B57,Prix!$B$6:$B$127,Prix!$J$6:$J$127))-1 -> 0.01 | K57: =(1+AG57)/(1+LOOKUP($B57,Prix!$B$6:$B$127,Prix!$J$6:$J$127))-1 -> 0.01 | ... X57: =(1+AT57)/(1+LOOKUP($B57,Prix!$B$6:$B$127,Prix!$J$6:$J$127))-1 -> 0.01 | Y57: =(C57+1)*(1+Prix!I127)-1 -> 0.027675 | Z57: 0.027801383 | AA57: 0.027801383 | AB57: 0.027675 | AC57: 0.027675 | AD57: 0.027675 | AE57: 0.027675 | AF57: 0.027675 | AG57: 0.027675 | AH57: 0.027675 | AI57: 0.027675 | AJ57: 0.027675 | AK57: 0.027675 | AL57: 0.027675 | AM57: 0.027675 | AN57: 0.027675 | AO57: 0.027675 | AP57: 0.027675 | AQ57: 0.027675 | AR57: 0.02767507 | AS57: 0.027994262 | AT57: 0.027675

Sheet SMPT_rég_0,7%
B1: Hypothèses de SMPT
B3: Hypothèses de long terme : gains de productivité du travail = 0,7 % ; taux de chômage = 5 % ou 7 %
B4: Année | C4: Évolutions en réel | Y4: Évolutions en nominal
C5: SMPT Ensemble | D5: =Z5 -> CNAV | E5: =AA5 -> MSA_SA | F5: =AB5 -> FPE civils et militaires | G5: =AC5 -> FSPOEIE | H5: =AD5 -> CNRACL | I5: =AE5 -> CANSSM | J5: =AF5 -> SNCF | K5: =AG5 -> RATP | ... X5: =AT5 -> IRCANTEC | Y5: =C5 -> SMPT Ensemble | Z5: CNAV | AA5: MSA_SA | AB5: FPE civils et militaires | AC5: FSPOEIE | AD5: CNRACL | AE5: CANSSM | AF5: SNCF | AG5: RATP | AH5: ENIM | AI5: CNIEG | AJ5: CRPCEN | AK5: BDF | AL5: MSA_EXA | AM5: Régime général des non salariés | AN5: Auto-entrepreneurs SSI | AO5: CNAVPL_RB | AP5: Auto-entrepreneurs CNAVPL | AQ5: CNBF_RB | AR5: CRPNPAC | AS5: AGIRC-ARRCO | AT5: IRCANTEC
B6: 2019 | C6: 0.0061
B7: =B6+1 -> 2020 | C7: -0.0378 | D7: =(1+Z7)/(1+LOOKUP($B7,Prix!$B$6:$B$127,Prix!$K$6:$K$127))-1 -> -0.050256001 | E7: =(1+AA7)/(1+LOOKUP($B7,Prix!$B$6:$B$127,Prix!$K$6:$K$127))-1 -> -0.050794438 | F7: =(1+AB7)/(1+LOOKUP($B7,Prix!$B$6:$B$127,Prix!$K$6:$K$127))-1 -> 0.0077779241 | G7: =(1+AC7)/(1+LOOKUP($B7,Prix!$B$6:$B$127,Prix!$K$6:$K$127))-1 -> -6.0407132e-05 | H7: =(1+AD7)/(1+LOOKUP($B7,Prix!$B$6:$B$127,Prix!$K$6:$K$127))-1 -> 0.011024166 | I7: =(1+AE7)/(1+LOOKUP($B7,Prix!$B$6:$B$127,Prix!$K$6:$K$127))-1 -> -0.015812892 | J7: =(1+AF7)/(1+LOOKUP($B7,Prix!$B$6:$B$127,Prix!$K$6:$K$127))-1 -> -0.082249345 | K7: =(1+AG7)/(1+LOOKUP($B7,Prix!$B$6:$B$127,Prix!$K$6:$K$127))-1 -> -0.068992429 | ... X7: =(1+AT7)/(1+LOOKUP($B7,Prix!$B$6:$B$127,Prix!$K$6:$K$127))-1 -> 0.018640364 | Y7: -0.0457 | Z7: -0.0457 | AA7: -0.04624102 | AB7: 0.012612319 | AC7: 0.0047363865 | AD7: 0.015874133 | AE7: -0.011091664 | AF7: -0.077846819 | AG7: -0.064526308 | AH7: -0.021319894 | AI7: -0.0095883366 | AJ7: -0.086361817 | AK7: 0.024231051 | AL7: 0.019314514 | AM7: -0.023563502 | AN7: 0.45176279 | AO7: -0.050065704 | AP7: 0.15393573 | AQ7: -0.051475955 | AR7: 0 | AS7: -0.0457 | AT7: 0.023526867
B8: =B7+1 -> 2021 | C8: 0.0332 | D8: =(1+Z8)/(1+LOOKUP($B8,Prix!$B$6:$B$127,Prix!$K$6:$K$127))-1 -> 0.049759605 | E8: =(1+AA8)/(1+LOOKUP($B8,Prix!$B$6:$B$127,Prix!$K$6:$K$127))-1 -> 0.049367418 | F8: =(1+AB8)/(1+LOOKUP($B8,Prix!$B$6:$B$127,Prix!$K$6:$K$127))-1 -> -0.015637379 | G8: =(1+AC8)/(1+LOOKUP($B8,Prix!$B$6:$B$127,Prix!$K$6:$K$127))-1 -> -0.0012757323 | H8: =(1+AD8)/(1+LOOKUP($B8,Prix!$B$6:$B$127,Prix!$K$6:$K$127))-1 -> 0.027920394 | I8: =(1+AE8)/(1+LOOKUP($B8,Prix!$B$6:$B$127,Prix!$K$6:$K$127))-1 -> 0.050320895 | J8: =(1+AF8)/(1+LOOKUP($B8,Prix!$B$6:$B$127,Prix!$K$6:$K$127))-1 -> 0.07314357 | K8: =(1+AG8)/(1+LOOKUP($B8,Prix!$B$6:$B$127,Prix!$K$6:$K$127))-1 -> 0.020237978 | ... X8: =(1+AT8)/(1+LOOKUP($B8,Prix!$B$6:$B$127,Prix!$K$6:$K$127))-1 -> 0.00052653187 | Y8: 0.067 | Z8: 0.067 | AA8: 0.066601371 | AB8: 0.00052898901 | AC8: 0.0151265 | AD8: 0.044802119 | AE8: 0.067570508 | AF8: 0.090768003 | AG8: 0.036993534 | AH8: 0.041710862 | AI8: -0.032652914 | AJ8: 0.097951545 | AK8: 0.043604105 | AL8: 0.019915954 | AM8: 0.039156927 | AN8: -0.081762486 | AO8: 0.050354394 | AP8: -0.073156469 | AQ8: 0.088569723 | AR8: 0 | AS8: 0.067 | AT8: 0.016958363
B9: =B8+1 -> 2022 | C9: -0.0002 | D9: =(1+Z9)/(1+LOOKUP($B9,Prix!$B$6:$B$127,Prix!$K$6:$K$127))-1 -> 4.1657185e-05 | E9: =(1+AA9)/(1+LOOKUP($B9,Prix!$B$6:$B$127,Prix!$K$6:$K$127))-1 -> 4.1657185e-05 | F9: =(1+AB9)/(1+LOOKUP($B9,Prix!$B$6:$B$127,Prix!$K$6:$K$127))-1 -> -0.028350085 | G9: =(1+AC9)/(1+LOOKUP($B9,Prix!$B$6:$B$127,Prix!$K$6:$K$127))-1 -> -0.011616203 | H9: =(1+AD9)/(1+LOOKUP($B9,Prix!$B$6:$B$127,Prix!$K$6:$K$127))-1 -> -0.013651355 | I9: =(1+AE9)/(1+LOOKUP($B9,Prix!$B$6:$B$127,Prix!$K$6:$K$127))-1 -> -0.004283947 | J9: =(1+AF9)/(1+LOOKUP($B9,Prix!$B$6:$B$127,Prix!$K$6:$K$127))-1 -> 0.047391513 | K9: =(1+AG9)/(1+LOOKUP($B9,Prix!$B$6:$B$127,Prix!$K$6:$K$127))-1 -> -0.011711785 | ... X9: =(1+AT9)/(1+LOOKUP($B9,Prix!$B$6:$B$127,Prix!$K$6:$K$127))-1 -> -0.021576572 | Y9: 0.052274927 | Z9: 0.052274927 | AA9: 0.052274927 | AB9: 0.022400253 | AC9: 0.040008165 | AD9: 0.037866714 | AE9: 0.047723392 | AF9: 0.10209792 | AG9: 0.03990759 | AH9: 0.03186834 | AI9: -0.023313622 | AJ9: -0.040180906 | AK9: -0.066481461 | AL9: 0.04698477 | AM9: 0.07150741 | AN9: 0.043010874 | AO9: 0.016380574 | AP9: 0.12576971 | AQ9: 0.032200018 | AR9: 0.042145588 | AS9: 0.052274927 | AT9: 0.029527554
B10: =B9+1 -> 2023 | C10: -0.0096 | D10: =(1+Z10)/(1+LOOKUP($B10,Prix!$B$6:$B$127,Prix!$K$6:$K$127))-1 -> -0.0050634843 | E10: =(1+AA10)/(1+LOOKUP($B10,Prix!$B$6:$B$127,Prix!$K$6:$K$127))-1 -> -0.0050634843 | F10: =(1+AB10)/(1+LOOKUP($B10,Prix!$B$6:$B$127,Prix!$K$6:$K$127))-1 -> -4.9015748e-05 | G10: =(1+AC10)/(1+LOOKUP($B10,Prix!$B$6:$B$127,Prix!$K$6:$K$127))-1 -> -0.0041466606 | H10: =(1+AD10)/(1+LOOKUP($B10,Prix!$B$6:$B$127,Prix!$K$6:$K$127))-1 -> -0.01291141 | I10: =(1+AE10)/(1+LOOKUP($B10,Prix!$B$6:$B$127,Prix!$K$6:$K$127))-1 -> -0.0034333822 | J10: =(1+AF10)/(1+LOOKUP($B10,Prix!$B$6:$B$127,Prix!$K$6:$K$127))-1 -> -0.02476616 | K10: =(1+AG10)/(1+LOOKUP($B10,Prix!$B$6:$B$127,Prix!$K$6:$K$127))-1 -> 0.0012654667 | ... X10: =(1+AT10)/(1+LOOKUP($B10,Prix!$B$6:$B$127,Prix!$K$6:$K$127))-1 -> 0.016730304 | Y10: 0.043435341 | Z10: 0.043435341 | AA10: 0.043435341 | AB10: 0.048694243 | AC10: 0.044396855 | AD10: 0.035204863 | AE10: 0.045144903 | AF10: 0.022772245 | AG10: 0.0500728 | AH10: 0.30096846 | AI10: 0.03048777 | AJ10: 0.033485112 | AK10: -0.0769321 | AL10: 0.14439376 | AM10: 0.016885214 | AN10: 0.0032272794 | AO10: 0.011082841 | AP10: 0.016505188 | AQ10: -0.028909572 | AR10: 0.041886791 | AS10: 0.043435341 | AT10: 0.066291481
B11: =B10+1 -> 2024 | C11: 0.0037 | D11: =(1+Z11)/(1+LOOKUP($B11,Prix!$B$6:$B$127,Prix!$K$6:$K$127))-1 -> 0.0088184777 | E11: =(1+AA11)/(1+LOOKUP($B11,Prix!$B$6:$B$127,Prix!$K$6:$K$127))-1 -> 0.0088184777 | F11: =(1+AB11)/(1+LOOKUP($B11,Prix!$B$6:$B$127,Prix!$K$6:$K$127))-1 -> -0.015115916 | G11: =(1+AC11)/(1+LOOKUP($B11,Prix!$B$6:$B$127,Prix!$K$6:$K$127))-1 -> 0.012069784 | H11: =(1+AD11)/(1+LOOKUP($B11,Prix!$B$6:$B$127,Prix!$K$6:$K$127))-1 -> 0.027281372 | I11: =(1+AE11)/(1+LOOKUP($B11,Prix!$B$6:$B$127,Prix!$K$6:$K$127))-1 -> -0.022092103 | J11: =(1+AF11)/(1+LOOKUP($B11,Prix!$B$6:$B$127,Prix!$K$6:$K$127))-1 -> 0.049930879 | K11: =(1+AG11)/(1+LOOKUP($B11,Prix!$B$6:$B$127,Prix!$K$6:$K$127))-1 -> 0.075776208 | ... X11: =(1+AT11)/(1+LOOKUP($B11,Prix!$B$6:$B$127,Prix!$K$6:$K$127))-1 -> 0.011159253 | Y11: =(C11+1)*(1+Prix!I81)-1 -> 0.023779127 | Z11: 0.029 | AA11: 0.029 | AB11: 0.0045867962 | AC11: 0.032316349 | AD11: 0.047832247 | AE11: -0.0025289506 | AF11: 0.070934859 | AG11: 0.097297227 | AH11: -0.021919342 | AI11: 0.038006305 | AJ11: 0.055202398 | AK11: -0.018385455 | AL11: -0.0051331948 | AM11: 0.055892442 | AN11: 0.00059511838 | AO11: 0.084624706 | AP11: 0.21191443 | AQ11: 0.035401057 | AR11: 0.026828696 | AS11: 0.029 | AT11: 0.031387603
B12: =B11+1 -> 2025 | C12: 0.0039 | D12: =(1+Z12)/(1+LOOKUP($B12,Prix!$B$6:$B$127,Prix!$K$6:$K$127))-1 -> 0.0099202863 | E12: =(1+AA12)/(1+LOOKUP($B12,Prix!$B$6:$B$127,Prix!$K$6:$K$127))-1 -> 0.0099202863 | F12: =(1+AB12)/(1+LOOKUP($B12,Prix!$B$6:$B$127,Prix!$K$6:$K$127))-1 -> 0.0034031539 | G12: =(1+AC12)/(1+LOOKUP($B12,Prix!$B$6:$B$127,Prix!$K$6:$K$127))-1 -> -0.0020439012 | H12: =(1+AD12)/(1+LOOKUP($B12,Prix!$B$6:$B$127,Prix!$K$6:$K$127))-1 -> -0.0027767996 | I12: =(1+AE12)/(1+LOOKUP($B12,Prix!$B$6:$B$127,Prix!$K$6:$K$127))-1 -> -0.038487959 | J12: =(1+AF12)/(1+LOOKUP($B12,Prix!$B$6:$B$127,Prix!$K$6:$K$127))-1 -> -0.0011475189 | K12: =(1+AG12)/(1+LOOKUP($B12,Prix!$B$6:$B$127,Prix!$K$6:$K$127))-1 -> 0.011476105 | ... X12: =(1+AT12)/(1+LOOKUP($B12,Prix!$B$6:$B$127,Prix!$K$6:$K$127))-1 -> 0.0014539334 | Y12: =(C12+1)*(1+Prix!I82)-1 -> 0.013367593 | Z12: 0.019444656 | AA12: 0.019444656 | AB12: 0.012866061 | AC12: 0.007367636 | AD12: 0.0066278258 | AE12: -0.029420119 | AF12: 0.008272472 | AG12: 0.021015147 | AH12: 0.056989693 | AI12: 0.010972653 | AJ12: 0.012788784 | AK12: 0.0073049992 | AL12: 0.02727846 | AM12: 0.02727846 | AN12: 0.0275 | AO12: 0.02727846 | AP12: 0.0275 | AQ12: 0.02727846 | AR12: 0.021607482 | AS12: 0.019444656 | AT12: 0.010898458
B13: =B12+1 -> 2026 | C13: -0.002 | D13: =(1+Z13)/(1+LOOKUP($B13,Prix!$B$6:$B$127,Prix!$K$6:$K$127))-1 -> 0.003506506 | E13: =(1+AA13)/(1+LOOKUP($B13,Prix!$B$6:$B$127,Prix!$K$6:$K$127))-1 -> 0.003506506 | F13: =(1+AB13)/(1+LOOKUP($B13,Prix!$B$6:$B$127,Prix!$K$6:$K$127))-1 -> -0.017375086 | G13: =(1+AC13)/(1+LOOKUP($B13,Prix!$B$6:$B$127,Prix!$K$6:$K$127))-1 -> -0.0041914498 | H13: =(1+AD13)/(1+LOOKUP($B13,Prix!$B$6:$B$127,Prix!$K$6:$K$127))-1 -> -0.017410065 | I13: =(1+AE13)/(1+LOOKUP($B13,Prix!$B$6:$B$127,Prix!$K$6:$K$127))-1 -> 0.00031831047 | J13: =(1+AF13)/(1+LOOKUP($B13,Prix!$B$6:$B$127,Prix!$K$6:$K$127))-1 -> 0.013015429 | K13: =(1+AG13)/(1+LOOKUP($B13,Prix!$B$6:$B$127,Prix!$K$6:$K$127))-1 -> 0.0030517071 | ... X13: =(1+AT13)/(1+LOOKUP($B13,Prix!$B$6:$B$127,Prix!$K$6:$K$127))-1 -> -0.00018974343 | Y13: =(C13+1)*(1+Prix!I83)-1 -> 0.0166626 | Z13: 0.022272078 | AA13: 0.022272078 | AB13: 0.001 | AC13: 0.01443017 | AD13: 0.00096436633 | AE13: 0.019024263 | AF13: 0.031958818 | AG13: 0.021808774 | AH13: 0.03252976 | AI13: 0.015149017 | AJ13: 0.0053304904 | AK13: 0.0166626 | AL13: 0.027129902 | AM13: 0.027129902 | AN13: 0.0275 | AO13: 0.027129902 | AP13: 0.0275 | AQ13: 0.027129902 | AR13: 0.018552366 | AS13: 0.022272078 | AT13: 0.018506708
B14: =B13+1 -> 2027 | C14: 0.0048 | D14: =(1+Z14)/(1+LOOKUP($B14,Prix!$B$6:$B$127,Prix!$K$6:$K$127))-1 -> 0.011986399 | E14: =(1+AA14)/(1+LOOKUP($B14,Prix!$B$6:$B$127,Prix!$K$6:$K$127))-1 -> 0.011986399 | F14: =(1+AB14)/(1+LOOKUP($B14,Prix!$B$6:$B$127,Prix!$K$6:$K$127))-1 -> -0.014860742 | G14: =(1+AC14)/(1+LOOKUP($B14,Prix!$B$6:$B$127,Prix!$K$6:$K$127))-1 -> 0.0019379283 | H14: =(1+AD14)/(1+LOOKUP($B14,Prix!$B$6:$B$127,Prix!$K$6:$K$127))-1 -> -0.014860742 | I14: =(1+AE14)/(1+LOOKUP($B14,Prix!$B$6:$B$127,Prix!$K$6:$K$127))-1 -> 0.0057014143 | J14: =(1+AF14)/(1+LOOKUP($B14,Prix!$B$6:$B$127,Prix!$K$6:$K$127))-1 -> 0.016621973 | K14: =(1+AG14)/(1+LOOKUP($B14,Prix!$B$6:$B$127,Prix!$K$6:$K$127))-1 -> 0.0079975638 | ... X14: =(1+AT14)/(1+LOOKUP($B14,Prix!$B$6:$B$127,Prix!$K$6:$K$127))-1 -> -0.0001823898 | Y14: =(C14+1)*(1+Prix!I84)-1 -> 0.02097728 | Z14: 0.02827938 | AA14: 0.02827938 | AB14: 0.001 | AC14: 0.018069129 | AD14: 0.001 | AE14: 0.021893207 | AF14: 0.032989587 | AG14: 0.024226325 | AH14: 0.029793724 | AI14: 0.024342534 | AJ14: 0.0053078556 | AK14: 0.02097728 | AL14: 0.027129902 | AM14: 0.027129902 | AN14: 0.0275 | AO14: 0.027129902 | AP14: 0.0275 | AQ14: 0.027129902 | AR14: 0.023026626 | AS14: 0.02827938 | AT14: 0.015914674
B15: =B14+1 -> 2028 | C15: 0.0053 | D15: =(1+Z15)/(1+LOOKUP($B15,Prix!$B$6:$B$127,Prix!$K$6:$K$127))-1 -> 0.011022416 | E15: =(1+AA15)/(1+LOOKUP($B15,Prix!$B$6:$B$127,Prix!$K$6:$K$127))-1 -> 0.011022416 | F15: =(1+AB15)/(1+LOOKUP($B15,Prix!$B$6:$B$127,Prix!$K$6:$K$127))-1 -> -0.011412973 | G15: =(1+AC15)/(1+LOOKUP($B15,Prix!$B$6:$B$127,Prix!$K$6:$K$127))-1 -> 0.0053 | H15: =(1+AD15)/(1+LOOKUP($B15,Prix!$B$6:$B$127,Prix!$K$6:$K$127))-1 -> -0.011405969 | I15: =(1+AE15)/(1+LOOKUP($B15,Prix!$B$6:$B$127,Prix!$K$6:$K$127))-1 -> 0.0053 | J15: =(1+AF15)/(1+LOOKUP($B15,Prix!$B$6:$B$127,Prix!$K$6:$K$127))-1 -> 0.0053 | K15: =(1+AG15)/(1+LOOKUP($B15,Prix!$B$6:$B$127,Prix!$K$6:$K$127))-1 -> 0.0053 | ... X15: =(1+AT15)/(1+LOOKUP($B15,Prix!$B$6:$B$127,Prix!$K$6:$K$127))-1 -> 0.00040754811 | Y15: =(C15+1)*(1+Prix!I85)-1 -> 0.02289275 | Z15: 0.028715309 | AA15: 0.028715309 | AB15: 0.0058873 | AC15: 0.02289275 | AD15: 0.0058944267 | AE15: 0.02289275 | AF15: 0.02289275 | AG15: 0.02289275 | AH15: 0.02289275 | AI15: 0.02289275 | AJ15: 0.02289275 | AK15: 0.02289275 | AL15: 0.02289275 | AM15: 0.02289275 | AN15: 0.02289275 | AO15: 0.02289275 | AP15: 0.02289275 | AQ15: 0.02289275 | AR15: 0.025560998 | AS15: 0.028715309 | AT15: 0.01791468
B16: =B15+1 -> 2029 | C16: 0.006 | D16: =(1+Z16)/(1+LOOKUP($B16,Prix!$B$6:$B$127,Prix!$K$6:$K$127))-1 -> 0.011110881 | E16: =(1+AA16)/(1+LOOKUP($B16,Prix!$B$6:$B$127,Prix!$K$6:$K$127))-1 -> 0.011110881 | F16: =(1+AB16)/(1+LOOKUP($B16,Prix!$B$6:$B$127,Prix!$K$6:$K$127))-1 -> -0.0066097297 | G16: =(1+AC16)/(1+LOOKUP($B16,Prix!$B$6:$B$127,Prix!$K$6:$K$127))-1 -> 0.006 | H16: =(1+AD16)/(1+LOOKUP($B16,Prix!$B$6:$B$127,Prix!$K$6:$K$127))-1 -> -0.0065957214 | I16: =(1+AE16)/(1+LOOKUP($B16,Prix!$B$6:$B$127,Prix!$K$6:$K$127))-1 -> 0.006 | J16: =(1+AF16)/(1+LOOKUP($B16,Prix!$B$6:$B$127,Prix!$K$6:$K$127))-1 -> 0.006 | K16: =(1+AG16)/(1+LOOKUP($B16,Prix!$B$6:$B$127,Prix!$K$6:$K$127))-1 -> 0.006 | ... X16: =(1+AT16)/(1+LOOKUP($B16,Prix!$B$6:$B$127,Prix!$K$6:$K$127))-1 -> 0.0023212261 | Y16: =(C16+1)*(1+Prix!I86)-1 -> 0.023605 | Z16: 0.028805322 | AA16: 0.028805322 | AB16: 0.0107746 | AC16: 0.023605 | AD16: 0.010788853 | AE16: 0.023605 | AF16: 0.023605 | AG16: 0.023605 | AH16: 0.023605 | AI16: 0.023605 | AJ16: 0.023605 | AK16: 0.023605 | AL16: 0.023605 | AM16: 0.023605 | AN16: 0.023605 | AO16: 0.023605 | AP16: 0.023605 | AQ16: 0.023605 | AR16: 0.025903461 | AS16: 0.028805322 | AT16: 0.019861848
B17: =B16+1 -> 2030 | C17: 0.0079 | D17: =(1+Z17)/(1+LOOKUP($B17,Prix!$B$6:$B$127,Prix!$K$6:$K$127))-1 -> 0.011127211 | E17: =(1+AA17)/(1+LOOKUP($B17,Prix!$B$6:$B$127,Prix!$K$6:$K$127))-1 -> 0.011127211 | F17: =(1+AB17)/(1+LOOKUP($B17,Prix!$B$6:$B$127,Prix!$K$6:$K$127))-1 -> -0.0018064865 | G17: =(1+AC17)/(1+LOOKUP($B17,Prix!$B$6:$B$127,Prix!$K$6:$K$127))-1 -> 0.0079 | H17: =(1+AD17)/(1+LOOKUP($B17,Prix!$B$6:$B$127,Prix!$K$6:$K$127))-1 -> -0.001785474 | I17: =(1+AE17)/(1+LOOKUP($B17,Prix!$B$6:$B$127,Prix!$K$6:$K$127))-1 -> 0.0079 | J17: =(1+AF17)/(1+LOOKUP($B17,Prix!$B$6:$B$127,Prix!$K$6:$K$127))-1 -> 0.0079 | K17: =(1+AG17)/(1+LOOKUP($B17,Prix!$B$6:$B$127,Prix!$K$6:$K$127))-1 -> 0.0079 | ... X17: =(1+AT17)/(1+LOOKUP($B17,Prix!$B$6:$B$127,Prix!$K$6:$K$127))-1 -> 0.0042346563 | Y17: =(C17+1)*(1+Prix!I87)-1 -> 0.02553825 | Z17: 0.028821937 | AA17: 0.028821937 | AB17: 0.0156619 | AC17: 0.02553825 | AD17: 0.01568328 | AE17: 0.02553825 | AF17: 0.02553825 | AG17: 0.02553825 | AH17: 0.02553825 | AI17: 0.02553825 | AJ17: 0.02553825 | AK17: 0.02553825 | AL17: 0.02553825 | AM17: 0.02553825 | AN17: 0.02553825 | AO17: 0.02553825 | AP17: 0.02553825 | AQ17: 0.02553825 | AR17: 0.029946189 | AS17: 0.028821937 | AT17: 0.021808763
B18: =B17+1 -> 2031 | C18: 0.0079 | D18: =(1+Z18)/(1+LOOKUP($B18,Prix!$B$6:$B$127,Prix!$K$6:$K$127))-1 -> 0.010333517 | E18: =(1+AA18)/(1+LOOKUP($B18,Prix!$B$6:$B$127,Prix!$K$6:$K$127))-1 -> 0.010333517 | F18: =(1+AB18)/(1+LOOKUP($B18,Prix!$B$6:$B$127,Prix!$K$6:$K$127))-1 -> 0.00098280098 | G18: =(1+AC18)/(1+LOOKUP($B18,Prix!$B$6:$B$127,Prix!$K$6:$K$127))-1 -> 0.0079 | H18: =(1+AD18)/(1+LOOKUP($B18,Prix!$B$6:$B$127,Prix!$K$6:$K$127))-1 -> 0.00098280098 | I18: =(1+AE18)/(1+LOOKUP($B18,Prix!$B$6:$B$127,Prix!$K$6:$K$127))-1 -> 0.0079 | J18: =(1+AF18)/(1+LOOKUP($B18,Prix!$B$6:$B$127,Prix!$K$6:$K$127))-1 -> 0.0079 | K18: =(1+AG18)/(1+LOOKUP($B18,Prix!$B$6:$B$127,Prix!$K$6:$K$127))-1 -> 0.0079 | ... X18: =(1+AT18)/(1+LOOKUP($B18,Prix!$B$6:$B$127,Prix!$K$6:$K$127))-1 -> 0.0061569725 | Y18: =(C18+1)*(1+Prix!I88)-1 -> 0.02553825 | Z18: 0.028014353 | AA18: 0.028014353 | AB18: 0.0185 | AC18: 0.02553825 | AD18: 0.0185 | AE18: 0.02553825 | AF18: 0.02553825 | AG18: 0.02553825 | AH18: 0.02553825 | AI18: 0.02553825 | AJ18: 0.02553825 | AK18: 0.02553825 | AL18: 0.02553825 | AM18: 0.02553825 | AN18: 0.02553825 | AO18: 0.02553825 | AP18: 0.02553825 | AQ18: 0.02553825 | AR18: 0.02602154 | AS18: 0.027665168 | AT18: 0.023764719
B19: =B18+1 -> 2032 | C19: 0.0078 | D19: =(1+Z19)/(1+LOOKUP($B19,Prix!$B$6:$B$127,Prix!$K$6:$K$127))-1 -> 0.0095398226 | E19: =(1+AA19)/(1+LOOKUP($B19,Prix!$B$6:$B$127,Prix!$K$6:$K$127))-1 -> 0.0095398226 | F19: =(1+AB19)/(1+LOOKUP($B19,Prix!$B$6:$B$127,Prix!$K$6:$K$127))-1 -> 0.00098280098 | G19: =(1+AC19)/(1+LOOKUP($B19,Prix!$B$6:$B$127,Prix!$K$6:$K$127))-1 -> 0.0078 | H19: =(1+AD19)/(1+LOOKUP($B19,Prix!$B$6:$B$127,Prix!$K$6:$K$127))-1 -> 0.00098280098 | I19: =(1+AE19)/(1+LOOKUP($B19,Prix!$B$6:$B$127,Prix!$K$6:$K$127))-1 -> 0.0078 | J19: =(1+AF19)/(1+LOOKUP($B19,Prix!$B$6:$B$127,Prix!$K$6:$K$127))-1 -> 0.0078 | K19: =(1+AG19)/(1+LOOKUP($B19,Prix!$B$6:$B$127,Prix!$K$6:$K$127))-1 -> 0.0078 | ... X19: =(1+AT19)/(1+LOOKUP($B19,Prix!$B$6:$B$127,Prix!$K$6:$K$127))-1 -> 0.0080630609 | Y19: =(C19+1)*(1+Prix!I89)-1 -> 0.0254365 | Z19: 0.027206769 | AA19: 0.027206769 | AB19: 0.0185 | AC19: 0.0254365 | AD19: 0.0185 | AE19: 0.0254365 | AF19: 0.0254365 | AG19: 0.0254365 | AH19: 0.0254365 | AI19: 0.0254365 | AJ19: 0.0254365 | AK19: 0.0254365 | AL19: 0.0254365 | AM19: 0.0254365 | AN19: 0.0254365 | AO19: 0.0254365 | AP19: 0.0254365 | AQ19: 0.0254365 | AR19: 0.025416063 | AS19: 0.026028509 | AT19: 0.025704164
B20: =B19+1 -> 2033 | C20: 0.0077 | D20: =(1+Z20)/(1+LOOKUP($B20,Prix!$B$6:$B$127,Prix!$K$6:$K$127))-1 -> 0.0087461283 | E20: =(1+AA20)/(1+LOOKUP($B20,Prix!$B$6:$B$127,Prix!$K$6:$K$127))-1 -> 0.0087461283 | F20: =(1+AB20)/(1+LOOKUP($B20,Prix!$B$6:$B$127,Prix!$K$6:$K$127))-1 -> 0.0022462408 | G20: =(1+AC20)/(1+LOOKUP($B20,Prix!$B$6:$B$127,Prix!$K$6:$K$127))-1 -> 0.0077 | H20: =(1+AD20)/(1+LOOKUP($B20,Prix!$B$6:$B$127,Prix!$K$6:$K$127))-1 -> 0.0022462408 | I20: =(1+AE20)/(1+LOOKUP($B20,Prix!$B$6:$B$127,Prix!$K$6:$K$127))-1 -> 0.0077 | J20: =(1+AF20)/(1+LOOKUP($B20,Prix!$B$6:$B$127,Prix!$K$6:$K$127))-1 -> 0.0077 | K20: =(1+AG20)/(1+LOOKUP($B20,Prix!$B$6:$B$127,Prix!$K$6:$K$127))-1 -> 0.0077 | ... X20: =(1+AT20)/(1+LOOKUP($B20,Prix!$B$6:$B$127,Prix!$K$6:$K$127))-1 -> 0.0081219635 | Y20: =(C20+1)*(1+Prix!I90)-1 -> 0.02533475 | Z20: 0.026399185 | AA20: 0.026399185 | AB20: 0.01978555 | AC20: 0.02533475 | AD20: 0.01978555 | AE20: 0.02533475 | AF20: 0.02533475 | AG20: 0.02533475 | AH20: 0.02533475 | AI20: 0.02533475 | AJ20: 0.02533475 | AK20: 0.02533475 | AL20: 0.02533475 | AM20: 0.02533475 | AN20: 0.02533475 | AO20: 0.02533475 | AP20: 0.02533475 | AQ20: 0.02533475 | AR20: 0.024897667 | AS20: 0.025275876 | AT20: 0.025764098
B21: =B20+1 -> 2034 | C21: 0.0075 | D21: =(1+Z21)/(1+LOOKUP($B21,Prix!$B$6:$B$127,Prix!$K$6:$K$127))-1 -> 0.007952434 | E21: =(1+AA21)/(1+LOOKUP($B21,Prix!$B$6:$B$127,Prix!$K$6:$K$127))-1 -> 0.007952434 | F21: =(1+AB21)/(1+LOOKUP($B21,Prix!$B$6:$B$127,Prix!$K$6:$K$127))-1 -> 0.0035096806 | G21: =(1+AC21)/(1+LOOKUP($B21,Prix!$B$6:$B$127,Prix!$K$6:$K$127))-1 -> 0.0075 | H21: =(1+AD21)/(1+LOOKUP($B21,Prix!$B$6:$B$127,Prix!$K$6:$K$127))-1 -> 0.0035096806 | I21: =(1+AE21)/(1+LOOKUP($B21,Prix!$B$6:$B$127,Prix!$K$6:$K$127))-1 -> 0.0075 | J21: =(1+AF21)/(1+LOOKUP($B21,Prix!$B$6:$B$127,Prix!$K$6:$K$127))-1 -> 0.0075 | K21: =(1+AG21)/(1+LOOKUP($B21,Prix!$B$6:$B$127,Prix!$K$6:$K$127))-1 -> 0.0075 | ... X21: =(1+AT21)/(1+LOOKUP($B21,Prix!$B$6:$B$127,Prix!$K$6:$K$127))-1 -> 0.0080728605 | Y21: =(C21+1)*(1+Prix!I91)-1 -> 0.02513125 | Z21: 0.025591602 | AA21: 0.025591602 | AB21: 0.0210711 | AC21: 0.02513125 | AD21: 0.0210711 | AE21: 0.02513125 | AF21: 0.02513125 | AG21: 0.02513125 | AH21: 0.02513125 | AI21: 0.02513125 | AJ21: 0.02513125 | AK21: 0.02513125 | AL21: 0.02513125 | AM21: 0.02513125 | AN21: 0.02513125 | AO21: 0.02513125 | AP21: 0.02513125 | AQ21: 0.02513125 | AR21: 0.025136794 | AS21: 0.025086992 | AT21: 0.025714136
B22: =B21+1 -> 2035 | C22: 0.0075 | D22: =(1+Z22)/(1+LOOKUP($B22,Prix!$B$6:$B$127,Prix!$K$6:$K$127))-1 -> 0.007952434 | E22: =(1+AA22)/(1+LOOKUP($B22,Prix!$B$6:$B$127,Prix!$K$6:$K$127))-1 -> 0.007952434 | F22: =(1+AB22)/(1+LOOKUP($B22,Prix!$B$6:$B$127,Prix!$K$6:$K$127))-1 -> 0.0047731204 | G22: =(1+AC22)/(1+LOOKUP($B22,Prix!$B$6:$B$127,Prix!$K$6:$K$127))-1 -> 0.0075 | H22: =(1+AD22)/(1+LOOKUP($B22,Prix!$B$6:$B$127,Prix!$K$6:$K$127))-1 -> 0.0047731204 | I22: =(1+AE22)/(1+LOOKUP($B22,Prix!$B$6:$B$127,Prix!$K$6:$K$127))-1 -> 0.0075 | J22: =(1+AF22)/(1+LOOKUP($B22,Prix!$B$6:$B$127,Prix!$K$6:$K$127))-1 -> 0.0075 | K22: =(1+AG22)/(1+LOOKUP($B22,Prix!$B$6:$B$127,Prix!$K$6:$K$127))-1 -> 0.0075 | ... X22: =(1+AT22)/(1+LOOKUP($B22,Prix!$B$6:$B$127,Prix!$K$6:$K$127))-1 -> 0.0081897162 | Y22: =(C22+1)*(1+Prix!I92)-1 -> 0.02513125 | Z22: 0.025591602 | AA22: 0.025591602 | AB22: 0.02235665 | AC22: 0.02513125 | AD22: 0.02235665 | AE22: 0.02513125 | AF22: 0.02513125 | AG22: 0.02513125 | AH22: 0.02513125 | AI22: 0.02513125 | AJ22: 0.02513125 | AK22: 0.02513125 | AL22: 0.02513125 | AM22: 0.02513125 | AN22: 0.02513125 | AO22: 0.02513125 | AP22: 0.02513125 | AQ22: 0.02513125 | AR22: 0.025136539 | AS22: 0.025086992 | AT22: 0.025833036
... B57: =B56+1 -> 2070 | C57: 0.007 | D57: =(1+Z57)/(1+LOOKUP($B57,Prix!$B$6:$B$127,Prix!$K$6:$K$127))-1 -> 0.0071237735 | E57: =(1+AA57)/(1+LOOKUP($B57,Prix!$B$6:$B$127,Prix!$K$6:$K$127))-1 -> 0.0071237735 | F57: =(1+AB57)/(1+LOOKUP($B57,Prix!$B$6:$B$127,Prix!$K$6:$K$127))-1 -> 0.007 | G57: =(1+AC57)/(1+LOOKUP($B57,Prix!$B$6:$B$127,Prix!$K$6:$K$127))-1 -> 0.007 | H57: =(1+AD57)/(1+LOOKUP($B57,Prix!$B$6:$B$127,Prix!$K$6:$K$127))-1 -> 0.007 | I57: =(1+AE57)/(1+LOOKUP($B57,Prix!$B$6:$B$127,Prix!$K$6:$K$127))-1 -> 0.007 | J57: =(1+AF57)/(1+LOOKUP($B57,Prix!$B$6:$B$127,Prix!$K$6:$K$127))-1 -> 0.007 | K57: =(1+AG57)/(1+LOOKUP($B57,Prix!$B$6:$B$127,Prix!$K$6:$K$127))-1 -> 0.007 | ... X57: =(1+AT57)/(1+LOOKUP($B57,Prix!$B$6:$B$127,Prix!$K$6:$K$127))-1 -> 0.007 | Y57: =(C57+1)*(1+Prix!I127)-1 -> 0.0246225 | Z57: 0.02474844 | AA57: 0.02474844 | AB57: 0.0246225 | AC57: 0.0246225 | AD57: 0.0246225 | AE57: 0.0246225 | AF57: 0.0246225 | AG57: 0.0246225 | AH57: 0.0246225 | AI57: 0.0246225 | AJ57: 0.0246225 | AK57: 0.0246225 | AL57: 0.0246225 | AM57: 0.0246225 | AN57: 0.0246225 | AO57: 0.0246225 | AP57: 0.0246225 | AQ57: 0.0246225 | AR57: 0.02462257 | AS57: 0.024642058 | AT57: 0.0246225

Sheet SMPT_CSR_rég_0,7%
B1: Hypothèses de SMPT
B3: Hypothèses de long terme : gains de productivité du travail = 0,7 % ; taux de chômage = 5 % ou 7 %
B4: Année | C4: Évolutions en réel | Y4: Évolutions en nominal
C5: SMPT Ensemble | D5: =Z5 -> CNAV | E5: =AA5 -> MSA_SA | F5: =AB5 -> FPE civils et militaires | G5: =AC5 -> FSPOEIE | H5: =AD5 -> CNRACL | I5: =AE5 -> CANSSM | J5: =AF5 -> SNCF | K5: =AG5 -> RATP | ... X5: =AT5 -> IRCANTEC | Y5: =C5 -> SMPT Ensemble | Z5: CNAV | AA5: MSA_SA | AB5: FPE civils et militaires | AC5: FSPOEIE | AD5: CNRACL | AE5: CANSSM | AF5: SNCF | AG5: RATP | AH5: ENIM | AI5: CNIEG | AJ5: CRPCEN | AK5: BDF | AL5: MSA_EXA | AM5: Régime général des non salariés | AN5: Auto-entrepreneurs SSI | AO5: CNAVPL_RB | AP5: Auto-entrepreneurs CNAVPL | AQ5: CNBF_RB | AR5: CRPNPAC | AS5: AGIRC-ARRCO | AT5: IRCANTEC
B6: 2019 | C6: 0.0061
B7: =B6+1 -> 2020 | C7: -0.0378 | D7: =(1+Z7)/(1+LOOKUP($B7,Prix!$B$6:$B$127,Prix!$K$6:$K$127))-1 -> -0.050256001 | E7: =(1+AA7)/(1+LOOKUP($B7,Prix!$B$6:$B$127,Prix!$K$6:$K$127))-1 -> -0.050794438 | F7: =(1+AB7)/(1+LOOKUP($B7,Prix!$B$6:$B$127,Prix!$K$6:$K$127))-1 -> 0.0077779241 | G7: =(1+AC7)/(1+LOOKUP($B7,Prix!$B$6:$B$127,Prix!$K$6:$K$127))-1 -> -6.0407132e-05 | H7: =(1+AD7)/(1+LOOKUP($B7,Prix!$B$6:$B$127,Prix!$K$6:$K$127))-1 -> 0.011024166 | I7: =(1+AE7)/(1+LOOKUP($B7,Prix!$B$6:$B$127,Prix!$K$6:$K$127))-1 -> -0.015812892 | J7: =(1+AF7)/(1+LOOKUP($B7,Prix!$B$6:$B$127,Prix!$K$6:$K$127))-1 -> -0.082249345 | K7: =(1+AG7)/(1+LOOKUP($B7,Prix!$B$6:$B$127,Prix!$K$6:$K$127))-1 -> -0.068992429 | ... X7: =(1+AT7)/(1+LOOKUP($B7,Prix!$B$6:$B$127,Prix!$K$6:$K$127))-1 -> 0.018640364 | Y7: -0.0457 | Z7: -0.0457 | AA7: -0.04624102 | AB7: 0.012612319 | AC7: 0.0047363865 | AD7: 0.015874133 | AE7: -0.011091664 | AF7: -0.077846819 | AG7: -0.064526308 | AH7: -0.021319894 | AI7: -0.0095883366 | AJ7: -0.086361817 | AK7: 0.024231051 | AL7: 0.019314514 | AM7: -0.023563502 | AN7: 0.45176279 | AO7: -0.050065704 | AP7: 0.15393573 | AQ7: -0.051475955 | AR7: 0 | AS7: -0.0457 | AT7: 0.023526867
B8: =B7+1 -> 2021 | C8: 0.0332 | D8: =(1+Z8)/(1+LOOKUP($B8,Prix!$B$6:$B$127,Prix!$K$6:$K$127))-1 -> 0.049759605 | E8: =(1+AA8)/(1+LOOKUP($B8,Prix!$B$6:$B$127,Prix!$K$6:$K$127))-1 -> 0.049367418 | F8: =(1+AB8)/(1+LOOKUP($B8,Prix!$B$6:$B$127,Prix!$K$6:$K$127))-1 -> -0.015637379 | G8: =(1+AC8)/(1+LOOKUP($B8,Prix!$B$6:$B$127,Prix!$K$6:$K$127))-1 -> -0.0012757323 | H8: =(1+AD8)/(1+LOOKUP($B8,Prix!$B$6:$B$127,Prix!$K$6:$K$127))-1 -> 0.027920394 | I8: =(1+AE8)/(1+LOOKUP($B8,Prix!$B$6:$B$127,Prix!$K$6:$K$127))-1 -> 0.050320895 | J8: =(1+AF8)/(1+LOOKUP($B8,Prix!$B$6:$B$127,Prix!$K$6:$K$127))-1 -> 0.07314357 | K8: =(1+AG8)/(1+LOOKUP($B8,Prix!$B$6:$B$127,Prix!$K$6:$K$127))-1 -> 0.020237978 | ... X8: =(1+AT8)/(1+LOOKUP($B8,Prix!$B$6:$B$127,Prix!$K$6:$K$127))-1 -> 0.00052653187 | Y8: 0.067 | Z8: 0.067 | AA8: 0.066601371 | AB8: 0.00052898901 | AC8: 0.0151265 | AD8: 0.044802119 | AE8: 0.067570508 | AF8: 0.090768003 | AG8: 0.036993534 | AH8: 0.041710862 | AI8: -0.032652914 | AJ8: 0.097951545 | AK8: 0.043604105 | AL8: 0.019915954 | AM8: 0.039156927 | AN8: -0.081762486 | AO8: 0.050354394 | AP8: -0.073156469 | AQ8: 0.088569723 | AR8: 0 | AS8: 0.067 | AT8: 0.016958363
B9: =B8+1 -> 2022 | C9: -0.0002 | D9: =(1+Z9)/(1+LOOKUP($B9,Prix!$B$6:$B$127,Prix!$K$6:$K$127))-1 -> 4.1657185e-05 | E9: =(1+AA9)/(1+LOOKUP($B9,Prix!$B$6:$B$127,Prix!$K$6:$K$127))-1 -> 4.1657185e-05 | F9: =(1+AB9)/(1+LOOKUP($B9,Prix!$B$6:$B$127,Prix!$K$6:$K$127))-1 -> -0.028350085 | G9: =(1+AC9)/(1+LOOKUP($B9,Prix!$B$6:$B$127,Prix!$K$6:$K$127))-1 -> -0.011616203 | H9: =(1+AD9)/(1+LOOKUP($B9,Prix!$B$6:$B$127,Prix!$K$6:$K$127))-1 -> -0.013651355 | I9: =(1+AE9)/(1+LOOKUP($B9,Prix!$B$6:$B$127,Prix!$K$6:$K$127))-1 -> -0.004283947 | J9: =(1+AF9)/(1+LOOKUP($B9,Prix!$B$6:$B$127,Prix!$K$6:$K$127))-1 -> 0.047391513 | K9: =(1+AG9)/(1+LOOKUP($B9,Prix!$B$6:$B$127,Prix!$K$6:$K$127))-1 -> -0.011711785 | ... X9: =(1+AT9)/(1+LOOKUP($B9,Prix!$B$6:$B$127,Prix!$K$6:$K$127))-1 -> -0.021576572 | Y9: 0.052274927 | Z9: 0.052274927 | AA9: 0.052274927 | AB9: 0.022400253 | AC9: 0.040008165 | AD9: 0.037866714 | AE9: 0.047723392 | AF9: 0.10209792 | AG9: 0.03990759 | AH9: 0.03186834 | AI9: -0.023313622 | AJ9: -0.040180906 | AK9: -0.066481461 | AL9: 0.04698477 | AM9: 0.07150741 | AN9: 0.043010874 | AO9: 0.016380574 | AP9: 0.12576971 | AQ9: 0.032200018 | AR9: 0.042145588 | AS9: 0.052274927 | AT9: 0.029527554
B10: =B9+1 -> 2023 | C10: -0.0096 | D10: =(1+Z10)/(1+LOOKUP($B10,Prix!$B$6:$B$127,Prix!$K$6:$K$127))-1 -> -0.0050634843 | E10: =(1+AA10)/(1+LOOKUP($B10,Prix!$B$6:$B$127,Prix!$K$6:$K$127))-1 -> -0.0050634843 | F10: =(1+AB10)/(1+LOOKUP($B10,Prix!$B$6:$B$127,Prix!$K$6:$K$127))-1 -> -4.9015748e-05 | G10: =(1+AC10)/(1+LOOKUP($B10,Prix!$B$6:$B$127,Prix!$K$6:$K$127))-1 -> -0.0041466606 | H10: =(1+AD10)/(1+LOOKUP($B10,Prix!$B$6:$B$127,Prix!$K$6:$K$127))-1 -> -0.01291141 | I10: =(1+AE10)/(1+LOOKUP($B10,Prix!$B$6:$B$127,Prix!$K$6:$K$127))-1 -> -0.0034333822 | J10: =(1+AF10)/(1+LOOKUP($B10,Prix!$B$6:$B$127,Prix!$K$6:$K$127))-1 -> -0.02476616 | K10: =(1+AG10)/(1+LOOKUP($B10,Prix!$B$6:$B$127,Prix!$K$6:$K$127))-1 -> 0.0012654667 | ... X10: =(1+AT10)/(1+LOOKUP($B10,Prix!$B$6:$B$127,Prix!$K$6:$K$127))-1 -> 0.016730304 | Y10: 0.043435341 | Z10: 0.043435341 | AA10: 0.043435341 | AB10: 0.048694243 | AC10: 0.044396855 | AD10: 0.035204863 | AE10: 0.045144903 | AF10: 0.022772245 | AG10: 0.0500728 | AH10: 0.30096846 | AI10: 0.03048777 | AJ10: 0.033485112 | AK10: -0.0769321 | AL10: 0.14439376 | AM10: 0.016885214 | AN10: 0.0032272794 | AO10: 0.011082841 | AP10: 0.016505188 | AQ10: -0.028909572 | AR10: 0.041886791 | AS10: 0.043435341 | AT10: 0.066291481
B11: =B10+1 -> 2024 | C11: 0.0037 | D11: =(1+Z11)/(1+LOOKUP($B11,Prix!$B$6:$B$127,Prix!$K$6:$K$127))-1 -> 0.0088184777 | E11: =(1+AA11)/(1+LOOKUP($B11,Prix!$B$6:$B$127,Prix!$K$6:$K$127))-1 -> 0.0088184777 | F11: =(1+AB11)/(1+LOOKUP($B11,Prix!$B$6:$B$127,Prix!$K$6:$K$127))-1 -> -0.015115916 | G11: =(1+AC11)/(1+LOOKUP($B11,Prix!$B$6:$B$127,Prix!$K$6:$K$127))-1 -> 0.012069784 | H11: =(1+AD11)/(1+LOOKUP($B11,Prix!$B$6:$B$127,Prix!$K$6:$K$127))-1 -> 0.027281372 | I11: =(1+AE11)/(1+LOOKUP($B11,Prix!$B$6:$B$127,Prix!$K$6:$K$127))-1 -> -0.022092103 | J11: =(1+AF11)/(1+LOOKUP($B11,Prix!$B$6:$B$127,Prix!$K$6:$K$127))-1 -> 0.049930879 | K11: =(1+AG11)/(1+LOOKUP($B11,Prix!$B$6:$B$127,Prix!$K$6:$K$127))-1 -> 0.075776208 | ... X11: =(1+AT11)/(1+LOOKUP($B11,Prix!$B$6:$B$127,Prix!$K$6:$K$127))-1 -> 0.011159253 | Y11: =(C11+1)*(1+Prix!I81)-1 -> 0.023779127 | Z11: 0.029 | AA11: 0.029 | AB11: 0.0045867962 | AC11: 0.032316349 | AD11: 0.047832247 | AE11: -0.0025289506 | AF11: 0.070934859 | AG11: 0.097297227 | AH11: -0.021919342 | AI11: 0.038006305 | AJ11: 0.055202398 | AK11: -0.018385455 | AL11: -0.0051331948 | AM11: 0.055892442 | AN11: 0.00059511838 | AO11: 0.084624706 | AP11: 0.21191443 | AQ11: 0.035401057 | AR11: 0.026828696 | AS11: 0.029 | AT11: 0.031387603
B12: =B11+1 -> 2025 | C12: 0.0039 | D12: =(1+Z12)/(1+LOOKUP($B12,Prix!$B$6:$B$127,Prix!$K$6:$K$127))-1 -> 0.0099202863 | E12: =(1+AA12)/(1+LOOKUP($B12,Prix!$B$6:$B$127,Prix!$K$6:$K$127))-1 -> 0.0099202863 | F12: =(1+AB12)/(1+LOOKUP($B12,Prix!$B$6:$B$127,Prix!$K$6:$K$127))-1 -> 0.0034031539 | G12: =(1+AC12)/(1+LOOKUP($B12,Prix!$B$6:$B$127,Prix!$K$6:$K$127))-1 -> -0.0020439012 | H12: =(1+AD12)/(1+LOOKUP($B12,Prix!$B$6:$B$127,Prix!$K$6:$K$127))-1 -> -0.0027767996 | I12: =(1+AE12)/(1+LOOKUP($B12,Prix!$B$6:$B$127,Prix!$K$6:$K$127))-1 -> -0.038487959 | J12: =(1+AF12)/(1+LOOKUP($B12,Prix!$B$6:$B$127,Prix!$K$6:$K$127))-1 -> -0.0011475189 | K12: =(1+AG12)/(1+LOOKUP($B12,Prix!$B$6:$B$127,Prix!$K$6:$K$127))-1 -> 0.011476105 | ... X12: =(1+AT12)/(1+LOOKUP($B12,Prix!$B$6:$B$127,Prix!$K$6:$K$127))-1 -> 0.0014539334 | Y12: =(C12+1)*(1+Prix!I82)-1 -> 0.013367593 | Z12: 0.019444656 | AA12: 0.019444656 | AB12: 0.012866061 | AC12: 0.007367636 | AD12: 0.0066278258 | AE12: -0.029420119 | AF12: 0.008272472 | AG12: 0.021015147 | AH12: 0.056989693 | AI12: 0.010972653 | AJ12: 0.012788784 | AK12: 0.0073049992 | AL12: 0.02727846 | AM12: 0.02727846 | AN12: 0.0275 | AO12: 0.02727846 | AP12: 0.0275 | AQ12: 0.02727846 | AR12: 0.021607482 | AS12: 0.019444656 | AT12: 0.010898458
B13: =B12+1 -> 2026 | C13: -0.002 | D13: =(1+Z13)/(1+LOOKUP($B13,Prix!$B$6:$B$127,Prix!$K$6:$K$127))-1 -> 0.003506506 | E13: =(1+AA13)/(1+LOOKUP($B13,Prix!$B$6:$B$127,Prix!$K$6:$K$127))-1 -> 0.003506506 | F13: =(1+AB13)/(1+LOOKUP($B13,Prix!$B$6:$B$127,Prix!$K$6:$K$127))-1 -> -0.017375086 | G13: =(1+AC13)/(1+LOOKUP($B13,Prix!$B$6:$B$127,Prix!$K$6:$K$127))-1 -> -0.0041914498 | H13: =(1+AD13)/(1+LOOKUP($B13,Prix!$B$6:$B$127,Prix!$K$6:$K$127))-1 -> -0.017410065 | I13: =(1+AE13)/(1+LOOKUP($B13,Prix!$B$6:$B$127,Prix!$K$6:$K$127))-1 -> 0.00031831047 | J13: =(1+AF13)/(1+LOOKUP($B13,Prix!$B$6:$B$127,Prix!$K$6:$K$127))-1 -> 0.013015429 | K13: =(1+AG13)/(1+LOOKUP($B13,Prix!$B$6:$B$127,Prix!$K$6:$K$127))-1 -> 0.0030517071 | ... X13: =(1+AT13)/(1+LOOKUP($B13,Prix!$B$6:$B$127,Prix!$K$6:$K$127))-1 -> -0.00018974343 | Y13: =(C13+1)*(1+Prix!I83)-1 -> 0.0166626 | Z13: 0.022272078 | AA13: 0.022272078 | AB13: 0.001 | AC13: 0.01443017 | AD13: 0.00096436633 | AE13: 0.019024263 | AF13: 0.031958818 | AG13: 0.021808774 | AH13: 0.03252976 | AI13: 0.015149017 | AJ13: 0.0053304904 | AK13: 0.0166626 | AL13: 0.027129902 | AM13: 0.027129902 | AN13: 0.0275 | AO13: 0.027129902 | AP13: 0.0275 | AQ13: 0.027129902 | AR13: 0.018552366 | AS13: 0.022272078 | AT13: 0.018506708
B14: =B13+1 -> 2027 | C14: 0.0048 | D14: =(1+Z14)/(1+LOOKUP($B14,Prix!$B$6:$B$127,Prix!$K$6:$K$127))-1 -> 0.011986399 | E14: =(1+AA14)/(1+LOOKUP($B14,Prix!$B$6:$B$127,Prix!$K$6:$K$127))-1 -> 0.011986399 | F14: =(1+AB14)/(1+LOOKUP($B14,Prix!$B$6:$B$127,Prix!$K$6:$K$127))-1 -> 0.0048 | G14: =(1+AC14)/(1+LOOKUP($B14,Prix!$B$6:$B$127,Prix!$K$6:$K$127))-1 -> 0.0019379283 | H14: =(1+AD14)/(1+LOOKUP($B14,Prix!$B$6:$B$127,Prix!$K$6:$K$127))-1 -> 0.0048 | I14: =(1+AE14)/(1+LOOKUP($B14,Prix!$B$6:$B$127,Prix!$K$6:$K$127))-1 -> 0.0057014143 | J14: =(1+AF14)/(1+LOOKUP($B14,Prix!$B$6:$B$127,Prix!$K$6:$K$127))-1 -> 0.016621973 | K14: =(1+AG14)/(1+LOOKUP($B14,Prix!$B$6:$B$127,Prix!$K$6:$K$127))-1 -> 0.0079975638 | ... X14: =(1+AT14)/(1+LOOKUP($B14,Prix!$B$6:$B$127,Prix!$K$6:$K$127))-1 -> 0.0023600523 | Y14: =(C14+1)*(1+Prix!I84)-1 -> 0.02097728 | Z14: 0.02827938 | AA14: 0.02827938 | AB14: 0.02097728 | AC14: 0.018069129 | AD14: 0.02097728 | AE14: 0.021893207 | AF14: 0.032989587 | AG14: 0.024226325 | AH14: 0.029793724 | AI14: 0.024342534 | AJ14: 0.0053078556 | AK14: 0.02097728 | AL14: 0.027129902 | AM14: 0.027129902 | AN14: 0.0275 | AO14: 0.027129902 | AP14: 0.0275 | AQ14: 0.027129902 | AR14: 0.023026626 | AS14: 0.02827938 | AT14: 0.018498049
B15: =B14+1 -> 2028 | C15: 0.0053 | D15: =(1+Z15)/(1+LOOKUP($B15,Prix!$B$6:$B$127,Prix!$K$6:$K$127))-1 -> 0.011022416 | E15: =(1+AA15)/(1+LOOKUP($B15,Prix!$B$6:$B$127,Prix!$K$6:$K$127))-1 -> 0.011022416 | F15: =(1+AB15)/(1+LOOKUP($B15,Prix!$B$6:$B$127,Prix!$K$6:$K$127))-1 -> 0.0053 | G15: =(1+AC15)/(1+LOOKUP($B15,Prix!$B$6:$B$127,Prix!$K$6:$K$127))-1 -> 0.0053 | H15: =(1+AD15)/(1+LOOKUP($B15,Prix!$B$6:$B$127,Prix!$K$6:$K$127))-1 -> 0.0053 | I15: =(1+AE15)/(1+LOOKUP($B15,Prix!$B$6:$B$127,Prix!$K$6:$K$127))-1 -> 0.0053 | J15: =(1+AF15)/(1+LOOKUP($B15,Prix!$B$6:$B$127,Prix!$K$6:$K$127))-1 -> 0.0053 | K15: =(1+AG15)/(1+LOOKUP($B15,Prix!$B$6:$B$127,Prix!$K$6:$K$127))-1 -> 0.0053 | ... X15: =(1+AT15)/(1+LOOKUP($B15,Prix!$B$6:$B$127,Prix!$K$6:$K$127))-1 -> 0.0029717417 | Y15: =(C15+1)*(1+Prix!I85)-1 -> 0.02289275 | Z15: 0.028715309 | AA15: 0.028715309 | AB15: 0.02289275 | AC15: 0.02289275 | AD15: 0.02289275 | AE15: 0.02289275 | AF15: 0.02289275 | AG15: 0.02289275 | AH15: 0.02289275 | AI15: 0.02289275 | AJ15: 0.02289275 | AK15: 0.02289275 | AL15: 0.02289275 | AM15: 0.02289275 | AN15: 0.02289275 | AO15: 0.02289275 | AP15: 0.02289275 | AQ15: 0.02289275 | AR15: 0.025560998 | AS15: 0.028715309 | AT15: 0.020523747
B16: =B15+1 -> 2029 | C16: 0.006 | D16: =(1+Z16)/(1+LOOKUP($B16,Prix!$B$6:$B$127,Prix!$K$6:$K$127))-1 -> 0.011110881 | E16: =(1+AA16)/(1+LOOKUP($B16,Prix!$B$6:$B$127,Prix!$K$6:$K$127))-1 -> 0.011110881 | F16: =(1+AB16)/(1+LOOKUP($B16,Prix!$B$6:$B$127,Prix!$K$6:$K$127))-1 -> 0.006 | G16: =(1+AC16)/(1+LOOKUP($B16,Prix!$B$6:$B$127,Prix!$K$6:$K$127))-1 -> 0.006 | H16: =(1+AD16)/(1+LOOKUP($B16,Prix!$B$6:$B$127,Prix!$K$6:$K$127))-1 -> 0.006 | I16: =(1+AE16)/(1+LOOKUP($B16,Prix!$B$6:$B$127,Prix!$K$6:$K$127))-1 -> 0.006 | J16: =(1+AF16)/(1+LOOKUP($B16,Prix!$B$6:$B$127,Prix!$K$6:$K$127))-1 -> 0.006 | K16: =(1+AG16)/(1+LOOKUP($B16,Prix!$B$6:$B$127,Prix!$K$6:$K$127))-1 -> 0.006 | ... X16: =(1+AT16)/(1+LOOKUP($B16,Prix!$B$6:$B$127,Prix!$K$6:$K$127))-1 -> 0.0042824065 | Y16: =(C16+1)*(1+Prix!I86)-1 -> 0.023605 | Z16: 0.028805322 | AA16: 0.028805322 | AB16: 0.023605 | AC16: 0.023605 | AD16: 0.023605 | AE16: 0.023605 | AF16: 0.023605 | AG16: 0.023605 | AH16: 0.023605 | AI16: 0.023605 | AJ16: 0.023605 | AK16: 0.023605 | AL16: 0.023605 | AM16: 0.023605 | AN16: 0.023605 | AO16: 0.023605 | AP16: 0.023605 | AQ16: 0.023605 | AR16: 0.025903461 | AS16: 0.028805322 | AT16: 0.021857349
B17: =B16+1 -> 2030 | C17: 0.0079 | D17: =(1+Z17)/(1+LOOKUP($B17,Prix!$B$6:$B$127,Prix!$K$6:$K$127))-1 -> 0.011127211 | E17: =(1+AA17)/(1+LOOKUP($B17,Prix!$B$6:$B$127,Prix!$K$6:$K$127))-1 -> 0.011127211 | F17: =(1+AB17)/(1+LOOKUP($B17,Prix!$B$6:$B$127,Prix!$K$6:$K$127))-1 -> 0.0079 | G17: =(1+AC17)/(1+LOOKUP($B17,Prix!$B$6:$B$127,Prix!$K$6:$K$127))-1 -> 0.0079 | H17: =(1+AD17)/(1+LOOKUP($B17,Prix!$B$6:$B$127,Prix!$K$6:$K$127))-1 -> 0.0079 | I17: =(1+AE17)/(1+LOOKUP($B17,Prix!$B$6:$B$127,Prix!$K$6:$K$127))-1 -> 0.0079 | J17: =(1+AF17)/(1+LOOKUP($B17,Prix!$B$6:$B$127,Prix!$K$6:$K$127))-1 -> 0.0079 | K17: =(1+AG17)/(1+LOOKUP($B17,Prix!$B$6:$B$127,Prix!$K$6:$K$127))-1 -> 0.0079 | ... X17: =(1+AT17)/(1+LOOKUP($B17,Prix!$B$6:$B$127,Prix!$K$6:$K$127))-1 -> 0.0062285828 | Y17: =(C17+1)*(1+Prix!I87)-1 -> 0.02553825 | Z17: 0.028821937 | AA17: 0.028821937 | AB17: 0.02553825 | AC17: 0.02553825 | AD17: 0.02553825 | AE17: 0.02553825 | AF17: 0.02553825 | AG17: 0.02553825 | AH17: 0.02553825 | AI17: 0.02553825 | AJ17: 0.02553825 | AK17: 0.02553825 | AL17: 0.02553825 | AM17: 0.02553825 | AN17: 0.02553825 | AO17: 0.02553825 | AP17: 0.02553825 | AQ17: 0.02553825 | AR17: 0.029946189 | AS17: 0.028821937 | AT17: 0.023837583
B18: =B17+1 -> 2031 | C18: 0.0079 | D18: =(1+Z18)/(1+LOOKUP($B18,Prix!$B$6:$B$127,Prix!$K$6:$K$127))-1 -> 0.010338825 | E18: =(1+AA18)/(1+LOOKUP($B18,Prix!$B$6:$B$127,Prix!$K$6:$K$127))-1 -> 0.010338825 | F18: =(1+AB18)/(1+LOOKUP($B18,Prix!$B$6:$B$127,Prix!$K$6:$K$127))-1 -> 0.0079 | G18: =(1+AC18)/(1+LOOKUP($B18,Prix!$B$6:$B$127,Prix!$K$6:$K$127))-1 -> 0.0079 | H18: =(1+AD18)/(1+LOOKUP($B18,Prix!$B$6:$B$127,Prix!$K$6:$K$127))-1 -> 0.0079 | I18: =(1+AE18)/(1+LOOKUP($B18,Prix!$B$6:$B$127,Prix!$K$6:$K$127))-1 -> 0.0079 | J18: =(1+AF18)/(1+LOOKUP($B18,Prix!$B$6:$B$127,Prix!$K$6:$K$127))-1 -> 0.0079 | K18: =(1+AG18)/(1+LOOKUP($B18,Prix!$B$6:$B$127,Prix!$K$6:$K$127))-1 -> 0.0079 | ... X18: =(1+AT18)/(1+LOOKUP($B18,Prix!$B$6:$B$127,Prix!$K$6:$K$127))-1 -> 0.0071742999 | Y18: =(C18+1)*(1+Prix!I88)-1 -> 0.02553825 | Z18: 0.028019755 | AA18: 0.028019755 | AB18: 0.02553825 | AC18: 0.02553825 | AD18: 0.02553825 | AE18: 0.02553825 | AF18: 0.02553825 | AG18: 0.02553825 | AH18: 0.02553825 | AI18: 0.02553825 | AJ18: 0.02553825 | AK18: 0.02553825 | AL18: 0.02553825 | AM18: 0.02553825 | AN18: 0.02553825 | AO18: 0.02553825 | AP18: 0.02553825 | AQ18: 0.02553825 | AR18: 0.02602154 | AS18: 0.027670631 | AT18: 0.02479985
B19: =B18+1 -> 2032 | C19: 0.0078 | D19: =(1+Z19)/(1+LOOKUP($B19,Prix!$B$6:$B$127,Prix!$K$6:$K$127))-1 -> 0.0095504392 | E19: =(1+AA19)/(1+LOOKUP($B19,Prix!$B$6:$B$127,Prix!$K$6:$K$127))-1 -> 0.0095504392 | F19: =(1+AB19)/(1+LOOKUP($B19,Prix!$B$6:$B$127,Prix!$K$6:$K$127))-1 -> 0.0078 | G19: =(1+AC19)/(1+LOOKUP($B19,Prix!$B$6:$B$127,Prix!$K$6:$K$127))-1 -> 0.0078 | H19: =(1+AD19)/(1+LOOKUP($B19,Prix!$B$6:$B$127,Prix!$K$6:$K$127))-1 -> 0.0078 | I19: =(1+AE19)/(1+LOOKUP($B19,Prix!$B$6:$B$127,Prix!$K$6:$K$127))-1 -> 0.0078 | J19: =(1+AF19)/(1+LOOKUP($B19,Prix!$B$6:$B$127,Prix!$K$6:$K$127))-1 -> 0.0078 | K19: =(1+AG19)/(1+LOOKUP($B19,Prix!$B$6:$B$127,Prix!$K$6:$K$127))-1 -> 0.0078 | ... X19: =(1+AT19)/(1+LOOKUP($B19,Prix!$B$6:$B$127,Prix!$K$6:$K$127))-1 -> 0.0080492618 | Y19: =(C19+1)*(1+Prix!I89)-1 -> 0.0254365 | Z19: 0.027217572 | AA19: 0.027217572 | AB19: 0.0254365 | AC19: 0.0254365 | AD19: 0.0254365 | AE19: 0.0254365 | AF19: 0.0254365 | AG19: 0.0254365 | AH19: 0.0254365 | AI19: 0.0254365 | AJ19: 0.0254365 | AK19: 0.0254365 | AL19: 0.0254365 | AM19: 0.0254365 | AN19: 0.0254365 | AO19: 0.0254365 | AP19: 0.0254365 | AQ19: 0.0254365 | AR19: 0.025416063 | AS19: 0.026039423 | AT19: 0.025690124
B20: =B19+1 -> 2033 | C20: 0.0077 | D20: =(1+Z20)/(1+LOOKUP($B20,Prix!$B$6:$B$127,Prix!$K$6:$K$127))-1 -> 0.0087620532 | E20: =(1+AA20)/(1+LOOKUP($B20,Prix!$B$6:$B$127,Prix!$K$6:$K$127))-1 -> 0.0087620532 | F20: =(1+AB20)/(1+LOOKUP($B20,Prix!$B$6:$B$127,Prix!$K$6:$K$127))-1 -> 0.0077 | G20: =(1+AC20)/(1+LOOKUP($B20,Prix!$B$6:$B$127,Prix!$K$6:$K$127))-1 -> 0.0077 | H20: =(1+AD20)/(1+LOOKUP($B20,Prix!$B$6:$B$127,Prix!$K$6:$K$127))-1 -> 0.0077 | I20: =(1+AE20)/(1+LOOKUP($B20,Prix!$B$6:$B$127,Prix!$K$6:$K$127))-1 -> 0.0077 | J20: =(1+AF20)/(1+LOOKUP($B20,Prix!$B$6:$B$127,Prix!$K$6:$K$127))-1 -> 0.0077 | K20: =(1+AG20)/(1+LOOKUP($B20,Prix!$B$6:$B$127,Prix!$K$6:$K$127))-1 -> 0.0077 | ... X20: =(1+AT20)/(1+LOOKUP($B20,Prix!$B$6:$B$127,Prix!$K$6:$K$127))-1 -> 0.0081081151 | Y20: =(C20+1)*(1+Prix!I90)-1 -> 0.02533475 | Z20: 0.026415389 | AA20: 0.026415389 | AB20: 0.02533475 | AC20: 0.02533475 | AD20: 0.02533475 | AE20: 0.02533475 | AF20: 0.02533475 | AG20: 0.02533475 | AH20: 0.02533475 | AI20: 0.02533475 | AJ20: 0.02533475 | AK20: 0.02533475 | AL20: 0.02533475 | AM20: 0.02533475 | AN20: 0.02533475 | AO20: 0.02533475 | AP20: 0.02533475 | AQ20: 0.02533475 | AR20: 0.024897667 | AS20: 0.025292242 | AT20: 0.025750007
B21: =B20+1 -> 2034 | C21: 0.0075 | D21: =(1+Z21)/(1+LOOKUP($B21,Prix!$B$6:$B$127,Prix!$K$6:$K$127))-1 -> 0.0079736672 | E21: =(1+AA21)/(1+LOOKUP($B21,Prix!$B$6:$B$127,Prix!$K$6:$K$127))-1 -> 0.0079736672 | F21: =(1+AB21)/(1+LOOKUP($B21,Prix!$B$6:$B$127,Prix!$K$6:$K$127))-1 -> 0.0075 | G21: =(1+AC21)/(1+LOOKUP($B21,Prix!$B$6:$B$127,Prix!$K$6:$K$127))-1 -> 0.0075 | H21: =(1+AD21)/(1+LOOKUP($B21,Prix!$B$6:$B$127,Prix!$K$6:$K$127))-1 -> 0.0075 | I21: =(1+AE21)/(1+LOOKUP($B21,Prix!$B$6:$B$127,Prix!$K$6:$K$127))-1 -> 0.0075 | J21: =(1+AF21)/(1+LOOKUP($B21,Prix!$B$6:$B$127,Prix!$K$6:$K$127))-1 -> 0.0075 | K21: =(1+AG21)/(1+LOOKUP($B21,Prix!$B$6:$B$127,Prix!$K$6:$K$127))-1 -> 0.0075 | ... X21: =(1+AT21)/(1+LOOKUP($B21,Prix!$B$6:$B$127,Prix!$K$6:$K$127))-1 -> 0.0080582239 | Y21: =(C21+1)*(1+Prix!I91)-1 -> 0.02513125 | Z21: 0.025613206 | AA21: 0.025613206 | AB21: 0.02513125 | AC21: 0.02513125 | AD21: 0.02513125 | AE21: 0.02513125 | AF21: 0.02513125 | AG21: 0.02513125 | AH21: 0.02513125 | AI21: 0.02513125 | AJ21: 0.02513125 | AK21: 0.02513125 | AL21: 0.02513125 | AM21: 0.02513125 | AN21: 0.02513125 | AO21: 0.02513125 | AP21: 0.02513125 | AQ21: 0.02513125 | AR21: 0.025136794 | AS21: 0.025109829 | AT21: 0.025699243
B22: =B21+1 -> 2035 | C22: 0.0075 | D22: =(1+Z22)/(1+LOOKUP($B22,Prix!$B$6:$B$127,Prix!$K$6:$K$127))-1 -> 0.0079736672 | E22: =(1+AA22)/(1+LOOKUP($B22,Prix!$B$6:$B$127,Prix!$K$6:$K$127))-1 -> 0.0079736672 | F22: =(1+AB22)/(1+LOOKUP($B22,Prix!$B$6:$B$127,Prix!$K$6:$K$127))-1 -> 0.0075 | G22: =(1+AC22)/(1+LOOKUP($B22,Prix!$B$6:$B$127,Prix!$K$6:$K$127))-1 -> 0.0075 | H22: =(1+AD22)/(1+LOOKUP($B22,Prix!$B$6:$B$127,Prix!$K$6:$K$127))-1 -> 0.0075 | I22: =(1+AE22)/(1+LOOKUP($B22,Prix!$B$6:$B$127,Prix!$K$6:$K$127))-1 -> 0.0075 | J22: =(1+AF22)/(1+LOOKUP($B22,Prix!$B$6:$B$127,Prix!$K$6:$K$127))-1 -> 0.0075 | K22: =(1+AG22)/(1+LOOKUP($B22,Prix!$B$6:$B$127,Prix!$K$6:$K$127))-1 -> 0.0075 | ... X22: =(1+AT22)/(1+LOOKUP($B22,Prix!$B$6:$B$127,Prix!$K$6:$K$127))-1 -> 0.0081759139 | Y22: =(C22+1)*(1+Prix!I92)-1 -> 0.02513125 | Z22: 0.025613206 | AA22: 0.025613206 | AB22: 0.02513125 | AC22: 0.02513125 | AD22: 0.02513125 | AE22: 0.02513125 | AF22: 0.02513125 | AG22: 0.02513125 | AH22: 0.02513125 | AI22: 0.02513125 | AJ22: 0.02513125 | AK22: 0.02513125 | AL22: 0.02513125 | AM22: 0.02513125 | AN22: 0.02513125 | AO22: 0.02513125 | AP22: 0.02513125 | AQ22: 0.02513125 | AR22: 0.025136539 | AS22: 0.025109829 | AT22: 0.025818992
... B57: =B56+1 -> 2070 | C57: 0.007 | D57: =(1+Z57)/(1+LOOKUP($B57,Prix!$B$6:$B$127,Prix!$K$6:$K$127))-1 -> 0.0071253767 | E57: =(1+AA57)/(1+LOOKUP($B57,Prix!$B$6:$B$127,Prix!$K$6:$K$127))-1 -> 0.0071253767 | F57: =(1+AB57)/(1+LOOKUP($B57,Prix!$B$6:$B$127,Prix!$K$6:$K$127))-1 -> 0.007 | G57: =(1+AC57)/(1+LOOKUP($B57,Prix!$B$6:$B$127,Prix!$K$6:$K$127))-1 -> 0.007 | H57: =(1+AD57)/(1+LOOKUP($B57,Prix!$B$6:$B$127,Prix!$K$6:$K$127))-1 -> 0.007 | I57: =(1+AE57)/(1+LOOKUP($B57,Prix!$B$6:$B$127,Prix!$K$6:$K$127))-1 -> 0.007 | J57: =(1+AF57)/(1+LOOKUP($B57,Prix!$B$6:$B$127,Prix!$K$6:$K$127))-1 -> 0.007 | K57: =(1+AG57)/(1+LOOKUP($B57,Prix!$B$6:$B$127,Prix!$K$6:$K$127))-1 -> 0.007 | ... X57: =(1+AT57)/(1+LOOKUP($B57,Prix!$B$6:$B$127,Prix!$K$6:$K$127))-1 -> 0.007 | Y57: =(C57+1)*(1+Prix!I127)-1 -> 0.0246225 | Z57: 0.024750071 | AA57: 0.024750071 | AB57: 0.0246225 | AC57: 0.0246225 | AD57: 0.0246225 | AE57: 0.0246225 | AF57: 0.0246225 | AG57: 0.0246225 | AH57: 0.0246225 | AI57: 0.0246225 | AJ57: 0.0246225 | AK57: 0.0246225 | AL57: 0.0246225 | AM57: 0.0246225 | AN57: 0.0246225 | AO57: 0.0246225 | AP57: 0.0246225 | AQ57: 0.0246225 | AR57: 0.02462257 | AS57: 0.024938903 | AT57: 0.0246225

Sheet SMPT_rég_0,4%
B1: Hypothèses de SMPT
B3: Hypothèses de long terme : gains de productivité du travail = 0,4 % ; taux de chômage = 5 % ou 7 %
B4: Année | C4: Évolutions en réel | Y4: Évolutions en nominal
C5: SMPT Ensemble | D5: =Z5 -> CNAV | E5: =AA5 -> MSA_SA | F5: =AB5 -> FPE civils et militaires | G5: =AC5 -> FSPOEIE | H5: =AD5 -> CNRACL | I5: =AE5 -> CANSSM | J5: =AF5 -> SNCF | K5: =AG5 -> RATP | ... X5: =AT5 -> IRCANTEC | Y5: =C5 -> SMPT Ensemble | Z5: CNAV | AA5: MSA_SA | AB5: FPE civils et militaires | AC5: FSPOEIE | AD5: CNRACL | AE5: CANSSM | AF5: SNCF | AG5: RATP | AH5: ENIM | AI5: CNIEG | AJ5: CRPCEN | AK5: BDF | AL5: MSA_EXA | AM5: Régime général des non salariés | AN5: Auto-entrepreneurs SSI | AO5: CNAVPL_RB | AP5: Auto-entrepreneurs CNAVPL | AQ5: CNBF_RB | AR5: CRPNPAC | AS5: AGIRC-ARRCO | AT5: IRCANTEC
B6: 2019 | C6: 0.0061
B7: =B6+1 -> 2020 | C7: -0.0378 | D7: =(1+Z7)/(1+LOOKUP($B7,Prix!$B$6:$B$127,Prix!$L$6:$L$127))-1 -> -0.050256001 | E7: =(1+AA7)/(1+LOOKUP($B7,Prix!$B$6:$B$127,Prix!$L$6:$L$127))-1 -> -0.050794438 | F7: =(1+AB7)/(1+LOOKUP($B7,Prix!$B$6:$B$127,Prix!$L$6:$L$127))-1 -> 0.0077779241 | G7: =(1+AC7)/(1+LOOKUP($B7,Prix!$B$6:$B$127,Prix!$L$6:$L$127))-1 -> -6.0407132e-05 | H7: =(1+AD7)/(1+LOOKUP($B7,Prix!$B$6:$B$127,Prix!$L$6:$L$127))-1 -> 0.011024166 | I7: =(1+AE7)/(1+LOOKUP($B7,Prix!$B$6:$B$127,Prix!$L$6:$L$127))-1 -> -0.015812892 | J7: =(1+AF7)/(1+LOOKUP($B7,Prix!$B$6:$B$127,Prix!$L$6:$L$127))-1 -> -0.082249345 | K7: =(1+AG7)/(1+LOOKUP($B7,Prix!$B$6:$B$127,Prix!$L$6:$L$127))-1 -> -0.068992429 | ... X7: =(1+AT7)/(1+LOOKUP($B7,Prix!$B$6:$B$127,Prix!$L$6:$L$127))-1 -> 0.018640364 | Y7: -0.0457 | Z7: -0.0457 | AA7: -0.04624102 | AB7: 0.012612319 | AC7: 0.0047363865 | AD7: 0.015874133 | AE7: -0.011091664 | AF7: -0.077846819 | AG7: -0.064526308 | AH7: -0.021319894 | AI7: -0.0095883366 | AJ7: -0.086361817 | AK7: 0.024231051 | AL7: 0.019314514 | AM7: -0.023563502 | AN7: 0.45176279 | AO7: -0.050065704 | AP7: 0.15393573 | AQ7: -0.051475955 | AR7: 0 | AS7: -0.0457 | AT7: 0.023526867
B8: =B7+1 -> 2021 | C8: 0.0332 | D8: =(1+Z8)/(1+LOOKUP($B8,Prix!$B$6:$B$127,Prix!$L$6:$L$127))-1 -> 0.049759605 | E8: =(1+AA8)/(1+LOOKUP($B8,Prix!$B$6:$B$127,Prix!$L$6:$L$127))-1 -> 0.049367418 | F8: =(1+AB8)/(1+LOOKUP($B8,Prix!$B$6:$B$127,Prix!$L$6:$L$127))-1 -> -0.015637379 | G8: =(1+AC8)/(1+LOOKUP($B8,Prix!$B$6:$B$127,Prix!$L$6:$L$127))-1 -> -0.0012757323 | H8: =(1+AD8)/(1+LOOKUP($B8,Prix!$B$6:$B$127,Prix!$L$6:$L$127))-1 -> 0.027920394 | I8: =(1+AE8)/(1+LOOKUP($B8,Prix!$B$6:$B$127,Prix!$L$6:$L$127))-1 -> 0.050320895 | J8: =(1+AF8)/(1+LOOKUP($B8,Prix!$B$6:$B$127,Prix!$L$6:$L$127))-1 -> 0.07314357 | K8: =(1+AG8)/(1+LOOKUP($B8,Prix!$B$6:$B$127,Prix!$L$6:$L$127))-1 -> 0.020237978 | ... X8: =(1+AT8)/(1+LOOKUP($B8,Prix!$B$6:$B$127,Prix!$L$6:$L$127))-1 -> 0.00052653187 | Y8: 0.067 | Z8: 0.067 | AA8: 0.066601371 | AB8: 0.00052898901 | AC8: 0.0151265 | AD8: 0.044802119 | AE8: 0.067570508 | AF8: 0.090768003 | AG8: 0.036993534 | AH8: 0.041710862 | AI8: -0.032652914 | AJ8: 0.097951545 | AK8: 0.043604105 | AL8: 0.019915954 | AM8: 0.039156927 | AN8: -0.081762486 | AO8: 0.050354394 | AP8: -0.073156469 | AQ8: 0.088569723 | AR8: 0 | AS8: 0.067 | AT8: 0.016958363
B9: =B8+1 -> 2022 | C9: -0.0002 | D9: =(1+Z9)/(1+LOOKUP($B9,Prix!$B$6:$B$127,Prix!$L$6:$L$127))-1 -> 4.1657185e-05 | E9: =(1+AA9)/(1+LOOKUP($B9,Prix!$B$6:$B$127,Prix!$L$6:$L$127))-1 -> 4.1657185e-05 | F9: =(1+AB9)/(1+LOOKUP($B9,Prix!$B$6:$B$127,Prix!$L$6:$L$127))-1 -> -0.028350085 | G9: =(1+AC9)/(1+LOOKUP($B9,Prix!$B$6:$B$127,Prix!$L$6:$L$127))-1 -> -0.011616203 | H9: =(1+AD9)/(1+LOOKUP($B9,Prix!$B$6:$B$127,Prix!$L$6:$L$127))-1 -> -0.013651355 | I9: =(1+AE9)/(1+LOOKUP($B9,Prix!$B$6:$B$127,Prix!$L$6:$L$127))-1 -> -0.004283947 | J9: =(1+AF9)/(1+LOOKUP($B9,Prix!$B$6:$B$127,Prix!$L$6:$L$127))-1 -> 0.047391513 | K9: =(1+AG9)/(1+LOOKUP($B9,Prix!$B$6:$B$127,Prix!$L$6:$L$127))-1 -> -0.011711785 | ... X9: =(1+AT9)/(1+LOOKUP($B9,Prix!$B$6:$B$127,Prix!$L$6:$L$127))-1 -> -0.021576572 | Y9: 0.052274927 | Z9: 0.052274927 | AA9: 0.052274927 | AB9: 0.022400253 | AC9: 0.040008165 | AD9: 0.037866714 | AE9: 0.047723392 | AF9: 0.10209792 | AG9: 0.03990759 | AH9: 0.03186834 | AI9: -0.023313622 | AJ9: -0.040180906 | AK9: -0.066481461 | AL9: 0.04698477 | AM9: 0.07150741 | AN9: 0.043010874 | AO9: 0.016380574 | AP9: 0.12576971 | AQ9: 0.032200018 | AR9: 0.042145588 | AS9: 0.052274927 | AT9: 0.029527554
B10: =B9+1 -> 2023 | C10: -0.0096 | D10: =(1+Z10)/(1+LOOKUP($B10,Prix!$B$6:$B$127,Prix!$L$6:$L$127))-1 -> -0.0050634843 | E10: =(1+AA10)/(1+LOOKUP($B10,Prix!$B$6:$B$127,Prix!$L$6:$L$127))-1 -> -0.0050634843 | F10: =(1+AB10)/(1+LOOKUP($B10,Prix!$B$6:$B$127,Prix!$L$6:$L$127))-1 -> -4.9015748e-05 | G10: =(1+AC10)/(1+LOOKUP($B10,Prix!$B$6:$B$127,Prix!$L$6:$L$127))-1 -> -0.0041466606 | H10: =(1+AD10)/(1+LOOKUP($B10,Prix!$B$6:$B$127,Prix!$L$6:$L$127))-1 -> -0.01291141 | I10: =(1+AE10)/(1+LOOKUP($B10,Prix!$B$6:$B$127,Prix!$L$6:$L$127))-1 -> -0.0034333822 | J10: =(1+AF10)/(1+LOOKUP($B10,Prix!$B$6:$B$127,Prix!$L$6:$L$127))-1 -> -0.02476616 | K10: =(1+AG10)/(1+LOOKUP($B10,Prix!$B$6:$B$127,Prix!$L$6:$L$127))-1 -> 0.0012654667 | ... X10: =(1+AT10)/(1+LOOKUP($B10,Prix!$B$6:$B$127,Prix!$L$6:$L$127))-1 -> 0.016730304 | Y10: 0.043435341 | Z10: 0.043435341 | AA10: 0.043435341 | AB10: 0.048694243 | AC10: 0.044396855 | AD10: 0.035204863 | AE10: 0.045144903 | AF10: 0.022772245 | AG10: 0.0500728 | AH10: 0.30096846 | AI10: 0.03048777 | AJ10: 0.033485112 | AK10: -0.0769321 | AL10: 0.14439376 | AM10: 0.016885214 | AN10: 0.0032272794 | AO10: 0.011082841 | AP10: 0.016505188 | AQ10: -0.028909572 | AR10: 0.041886791 | AS10: 0.043435341 | AT10: 0.066291481
B11: =B10+1 -> 2024 | C11: 0.0037 | D11: =(1+Z11)/(1+LOOKUP($B11,Prix!$B$6:$B$127,Prix!$L$6:$L$127))-1 -> 0.0088184777 | E11: =(1+AA11)/(1+LOOKUP($B11,Prix!$B$6:$B$127,Prix!$L$6:$L$127))-1 -> 0.0088184777 | F11: =(1+AB11)/(1+LOOKUP($B11,Prix!$B$6:$B$127,Prix!$L$6:$L$127))-1 -> -0.015115916 | G11: =(1+AC11)/(1+LOOKUP($B11,Prix!$B$6:$B$127,Prix!$L$6:$L$127))-1 -> 0.012069784 | H11: =(1+AD11)/(1+LOOKUP($B11,Prix!$B$6:$B$127,Prix!$L$6:$L$127))-1 -> 0.027281372 | I11: =(1+AE11)/(1+LOOKUP($B11,Prix!$B$6:$B$127,Prix!$L$6:$L$127))-1 -> -0.022092103 | J11: =(1+AF11)/(1+LOOKUP($B11,Prix!$B$6:$B$127,Prix!$L$6:$L$127))-1 -> 0.049930879 | K11: =(1+AG11)/(1+LOOKUP($B11,Prix!$B$6:$B$127,Prix!$L$6:$L$127))-1 -> 0.075776208 | ... X11: =(1+AT11)/(1+LOOKUP($B11,Prix!$B$6:$B$127,Prix!$L$6:$L$127))-1 -> 0.011159253 | Y11: =(C11+1)*(1+Prix!I81)-1 -> 0.023779127 | Z11: 0.029 | AA11: 0.029 | AB11: 0.0045867962 | AC11: 0.032316349 | AD11: 0.047832247 | AE11: -0.0025289506 | AF11: 0.070934859 | AG11: 0.097297227 | AH11: -0.021919342 | AI11: 0.038006305 | AJ11: 0.055202398 | AK11: -0.018385455 | AL11: -0.0051331948 | AM11: 0.055892442 | AN11: 0.00059511838 | AO11: 0.084624706 | AP11: 0.21191443 | AQ11: 0.035401057 | AR11: 0.026828696 | AS11: 0.029 | AT11: 0.031387603
B12: =B11+1 -> 2025 | C12: 0.0039 | D12: =(1+Z12)/(1+LOOKUP($B12,Prix!$B$6:$B$127,Prix!$L$6:$L$127))-1 -> 0.0099202863 | E12: =(1+AA12)/(1+LOOKUP($B12,Prix!$B$6:$B$127,Prix!$L$6:$L$127))-1 -> 0.0099202863 | F12: =(1+AB12)/(1+LOOKUP($B12,Prix!$B$6:$B$127,Prix!$L$6:$L$127))-1 -> 0.0034031539 | G12: =(1+AC12)/(1+LOOKUP($B12,Prix!$B$6:$B$127,Prix!$L$6:$L$127))-1 -> -0.0020439012 | H12: =(1+AD12)/(1+LOOKUP($B12,Prix!$B$6:$B$127,Prix!$L$6:$L$127))-1 -> -0.0027767996 | I12: =(1+AE12)/(1+LOOKUP($B12,Prix!$B$6:$B$127,Prix!$L$6:$L$127))-1 -> -0.038487959 | J12: =(1+AF12)/(1+LOOKUP($B12,Prix!$B$6:$B$127,Prix!$L$6:$L$127))-1 -> -0.0011475189 | K12: =(1+AG12)/(1+LOOKUP($B12,Prix!$B$6:$B$127,Prix!$L$6:$L$127))-1 -> 0.011476105 | ... X12: =(1+AT12)/(1+LOOKUP($B12,Prix!$B$6:$B$127,Prix!$L$6:$L$127))-1 -> 0.0014539334 | Y12: =(C12+1)*(1+Prix!I82)-1 -> 0.013367593 | Z12: 0.019444656 | AA12: 0.019444656 | AB12: 0.012866061 | AC12: 0.007367636 | AD12: 0.0066278258 | AE12: -0.029420119 | AF12: 0.008272472 | AG12: 0.021015147 | AH12: 0.056989693 | AI12: 0.010972653 | AJ12: 0.012788784 | AK12: 0.0073049992 | AL12: 0.02727846 | AM12: 0.02727846 | AN12: 0.0275 | AO12: 0.02727846 | AP12: 0.0275 | AQ12: 0.02727846 | AR12: 0.021607482 | AS12: 0.019444656 | AT12: 0.010898458
B13: =B12+1 -> 2026 | C13: -0.002 | D13: =(1+Z13)/(1+LOOKUP($B13,Prix!$B$6:$B$127,Prix!$L$6:$L$127))-1 -> 0.003506506 | E13: =(1+AA13)/(1+LOOKUP($B13,Prix!$B$6:$B$127,Prix!$L$6:$L$127))-1 -> 0.003506506 | F13: =(1+AB13)/(1+LOOKUP($B13,Prix!$B$6:$B$127,Prix!$L$6:$L$127))-1 -> -0.017375086 | G13: =(1+AC13)/(1+LOOKUP($B13,Prix!$B$6:$B$127,Prix!$L$6:$L$127))-1 -> -0.0041914498 | H13: =(1+AD13)/(1+LOOKUP($B13,Prix!$B$6:$B$127,Prix!$L$6:$L$127))-1 -> -0.017410065 | I13: =(1+AE13)/(1+LOOKUP($B13,Prix!$B$6:$B$127,Prix!$L$6:$L$127))-1 -> 0.00031831047 | J13: =(1+AF13)/(1+LOOKUP($B13,Prix!$B$6:$B$127,Prix!$L$6:$L$127))-1 -> 0.013015429 | K13: =(1+AG13)/(1+LOOKUP($B13,Prix!$B$6:$B$127,Prix!$L$6:$L$127))-1 -> 0.0030517071 | ... X13: =(1+AT13)/(1+LOOKUP($B13,Prix!$B$6:$B$127,Prix!$L$6:$L$127))-1 -> -0.00018974343 | Y13: =(C13+1)*(1+Prix!I83)-1 -> 0.0166626 | Z13: 0.022272078 | AA13: 0.022272078 | AB13: 0.001 | AC13: 0.01443017 | AD13: 0.00096436633 | AE13: 0.019024263 | AF13: 0.031958818 | AG13: 0.021808774 | AH13: 0.03252976 | AI13: 0.015149017 | AJ13: 0.0053304904 | AK13: 0.0166626 | AL13: 0.027129902 | AM13: 0.027129902 | AN13: 0.0275 | AO13: 0.027129902 | AP13: 0.0275 | AQ13: 0.027129902 | AR13: 0.018552366 | AS13: 0.022272078 | AT13: 0.018506708
B14: =B13+1 -> 2027 | C14: 0.0048 | D14: =(1+Z14)/(1+LOOKUP($B14,Prix!$B$6:$B$127,Prix!$L$6:$L$127))-1 -> 0.011986399 | E14: =(1+AA14)/(1+LOOKUP($B14,Prix!$B$6:$B$127,Prix!$L$6:$L$127))-1 -> 0.011986399 | F14: =(1+AB14)/(1+LOOKUP($B14,Prix!$B$6:$B$127,Prix!$L$6:$L$127))-1 -> -0.014860742 | G14: =(1+AC14)/(1+LOOKUP($B14,Prix!$B$6:$B$127,Prix!$L$6:$L$127))-1 -> 0.0019379283 | H14: =(1+AD14)/(1+LOOKUP($B14,Prix!$B$6:$B$127,Prix!$L$6:$L$127))-1 -> -0.014860742 | I14: =(1+AE14)/(1+LOOKUP($B14,Prix!$B$6:$B$127,Prix!$L$6:$L$127))-1 -> 0.0057014143 | J14: =(1+AF14)/(1+LOOKUP($B14,Prix!$B$6:$B$127,Prix!$L$6:$L$127))-1 -> 0.016621973 | K14: =(1+AG14)/(1+LOOKUP($B14,Prix!$B$6:$B$127,Prix!$L$6:$L$127))-1 -> 0.0079975638 | ... X14: =(1+AT14)/(1+LOOKUP($B14,Prix!$B$6:$B$127,Prix!$L$6:$L$127))-1 -> -0.0001823898 | Y14: =(C14+1)*(1+Prix!I84)-1 -> 0.02097728 | Z14: 0.02827938 | AA14: 0.02827938 | AB14: 0.001 | AC14: 0.018069129 | AD14: 0.001 | AE14: 0.021893207 | AF14: 0.032989587 | AG14: 0.024226325 | AH14: 0.029793724 | AI14: 0.024342534 | AJ14: 0.0053078556 | AK14: 0.02097728 | AL14: 0.027129902 | AM14: 0.027129902 | AN14: 0.0275 | AO14: 0.027129902 | AP14: 0.0275 | AQ14: 0.027129902 | AR14: 0.023026626 | AS14: 0.02827938 | AT14: 0.015914674
B15: =B14+1 -> 2028 | C15: 0.0053 | D15: =(1+Z15)/(1+LOOKUP($B15,Prix!$B$6:$B$127,Prix!$L$6:$L$127))-1 -> 0.011022416 | E15: =(1+AA15)/(1+LOOKUP($B15,Prix!$B$6:$B$127,Prix!$L$6:$L$127))-1 -> 0.011022416 | F15: =(1+AB15)/(1+LOOKUP($B15,Prix!$B$6:$B$127,Prix!$L$6:$L$127))-1 -> -0.011592973 | G15: =(1+AC15)/(1+LOOKUP($B15,Prix!$B$6:$B$127,Prix!$L$6:$L$127))-1 -> 0.0053 | H15: =(1+AD15)/(1+LOOKUP($B15,Prix!$B$6:$B$127,Prix!$L$6:$L$127))-1 -> -0.011585969 | I15: =(1+AE15)/(1+LOOKUP($B15,Prix!$B$6:$B$127,Prix!$L$6:$L$127))-1 -> 0.0053 | J15: =(1+AF15)/(1+LOOKUP($B15,Prix!$B$6:$B$127,Prix!$L$6:$L$127))-1 -> 0.0053 | K15: =(1+AG15)/(1+LOOKUP($B15,Prix!$B$6:$B$127,Prix!$L$6:$L$127))-1 -> 0.0053 | ... X15: =(1+AT15)/(1+LOOKUP($B15,Prix!$B$6:$B$127,Prix!$L$6:$L$127))-1 -> 0.00031230486 | Y15: =(C15+1)*(1+Prix!I85)-1 -> 0.02289275 | Z15: 0.028715309 | AA15: 0.028715309 | AB15: 0.00570415 | AC15: 0.02289275 | AD15: 0.0057112767 | AE15: 0.02289275 | AF15: 0.02289275 | AG15: 0.02289275 | AH15: 0.02289275 | AI15: 0.02289275 | AJ15: 0.02289275 | AK15: 0.02289275 | AL15: 0.02289275 | AM15: 0.02289275 | AN15: 0.02289275 | AO15: 0.02289275 | AP15: 0.02289275 | AQ15: 0.02289275 | AR15: 0.025560998 | AS15: 0.028715309 | AT15: 0.01781777
B16: =B15+1 -> 2029 | C16: 0.006 | D16: =(1+Z16)/(1+LOOKUP($B16,Prix!$B$6:$B$127,Prix!$L$6:$L$127))-1 -> 0.011110881 | E16: =(1+AA16)/(1+LOOKUP($B16,Prix!$B$6:$B$127,Prix!$L$6:$L$127))-1 -> 0.011110881 | F16: =(1+AB16)/(1+LOOKUP($B16,Prix!$B$6:$B$127,Prix!$L$6:$L$127))-1 -> -0.0069697297 | G16: =(1+AC16)/(1+LOOKUP($B16,Prix!$B$6:$B$127,Prix!$L$6:$L$127))-1 -> 0.006 | H16: =(1+AD16)/(1+LOOKUP($B16,Prix!$B$6:$B$127,Prix!$L$6:$L$127))-1 -> -0.0069557214 | I16: =(1+AE16)/(1+LOOKUP($B16,Prix!$B$6:$B$127,Prix!$L$6:$L$127))-1 -> 0.006 | J16: =(1+AF16)/(1+LOOKUP($B16,Prix!$B$6:$B$127,Prix!$L$6:$L$127))-1 -> 0.006 | K16: =(1+AG16)/(1+LOOKUP($B16,Prix!$B$6:$B$127,Prix!$L$6:$L$127))-1 -> 0.006 | ... X16: =(1+AT16)/(1+LOOKUP($B16,Prix!$B$6:$B$127,Prix!$L$6:$L$127))-1 -> 0.0021310872 | Y16: =(C16+1)*(1+Prix!I86)-1 -> 0.023605 | Z16: 0.028805322 | AA16: 0.028805322 | AB16: 0.0104083 | AC16: 0.023605 | AD16: 0.010422553 | AE16: 0.023605 | AF16: 0.023605 | AG16: 0.023605 | AH16: 0.023605 | AI16: 0.023605 | AJ16: 0.023605 | AK16: 0.023605 | AL16: 0.023605 | AM16: 0.023605 | AN16: 0.023605 | AO16: 0.023605 | AP16: 0.023605 | AQ16: 0.023605 | AR16: 0.025903461 | AS16: 0.028805322 | AT16: 0.019668381
B17: =B16+1 -> 2030 | C17: 0.0077 | D17: =(1+Z17)/(1+LOOKUP($B17,Prix!$B$6:$B$127,Prix!$L$6:$L$127))-1 -> 0.011127211 | E17: =(1+AA17)/(1+LOOKUP($B17,Prix!$B$6:$B$127,Prix!$L$6:$L$127))-1 -> 0.011127211 | F17: =(1+AB17)/(1+LOOKUP($B17,Prix!$B$6:$B$127,Prix!$L$6:$L$127))-1 -> -0.0023464865 | G17: =(1+AC17)/(1+LOOKUP($B17,Prix!$B$6:$B$127,Prix!$L$6:$L$127))-1 -> 0.0077 | H17: =(1+AD17)/(1+LOOKUP($B17,Prix!$B$6:$B$127,Prix!$L$6:$L$127))-1 -> -0.002325474 | I17: =(1+AE17)/(1+LOOKUP($B17,Prix!$B$6:$B$127,Prix!$L$6:$L$127))-1 -> 0.0077 | J17: =(1+AF17)/(1+LOOKUP($B17,Prix!$B$6:$B$127,Prix!$L$6:$L$127))-1 -> 0.0077 | K17: =(1+AG17)/(1+LOOKUP($B17,Prix!$B$6:$B$127,Prix!$L$6:$L$127))-1 -> 0.0077 | ... X17: =(1+AT17)/(1+LOOKUP($B17,Prix!$B$6:$B$127,Prix!$L$6:$L$127))-1 -> 0.0039500243 | Y17: =(C17+1)*(1+Prix!I87)-1 -> 0.02533475 | Z17: 0.028821937 | AA17: 0.028821937 | AB17: 0.01511245 | AC17: 0.02533475 | AD17: 0.01513383 | AE17: 0.02533475 | AF17: 0.02533475 | AG17: 0.02533475 | AH17: 0.02533475 | AI17: 0.02533475 | AJ17: 0.02533475 | AK17: 0.02533475 | AL17: 0.02533475 | AM17: 0.02533475 | AN17: 0.02533475 | AO17: 0.02533475 | AP17: 0.02533475 | AQ17: 0.02533475 | AR17: 0.029741815 | AS17: 0.028821937 | AT17: 0.02151915
B18: =B17+1 -> 2031 | C18: 0.0073 | D18: =(1+Z18)/(1+LOOKUP($B18,Prix!$B$6:$B$127,Prix!$L$6:$L$127))-1 -> 0.0099080508 | E18: =(1+AA18)/(1+LOOKUP($B18,Prix!$B$6:$B$127,Prix!$L$6:$L$127))-1 -> 0.0099080508 | F18: =(1+AB18)/(1+LOOKUP($B18,Prix!$B$6:$B$127,Prix!$L$6:$L$127))-1 -> 0.00098280098 | G18: =(1+AC18)/(1+LOOKUP($B18,Prix!$B$6:$B$127,Prix!$L$6:$L$127))-1 -> 0.0073 | H18: =(1+AD18)/(1+LOOKUP($B18,Prix!$B$6:$B$127,Prix!$L$6:$L$127))-1 -> 0.00098280098 | I18: =(1+AE18)/(1+LOOKUP($B18,Prix!$B$6:$B$127,Prix!$L$6:$L$127))-1 -> 0.0073 | J18: =(1+AF18)/(1+LOOKUP($B18,Prix!$B$6:$B$127,Prix!$L$6:$L$127))-1 -> 0.0073 | K18: =(1+AG18)/(1+LOOKUP($B18,Prix!$B$6:$B$127,Prix!$L$6:$L$127))-1 -> 0.0073 | ... X18: =(1+AT18)/(1+LOOKUP($B18,Prix!$B$6:$B$127,Prix!$L$6:$L$127))-1 -> 0.0057782308 | Y18: =(C18+1)*(1+Prix!I88)-1 -> 0.02492775 | Z18: 0.027581442 | AA18: 0.027581442 | AB18: 0.0185 | AC18: 0.02492775 | AD18: 0.0185 | AE18: 0.02492775 | AF18: 0.02492775 | AG18: 0.02492775 | AH18: 0.02492775 | AI18: 0.02492775 | AJ18: 0.02492775 | AK18: 0.02492775 | AL18: 0.02492775 | AM18: 0.02492775 | AN18: 0.02492775 | AO18: 0.02492775 | AP18: 0.02492775 | AQ18: 0.02492775 | AR18: 0.025410752 | AS18: 0.027233563 | AT18: 0.02337935
B19: =B18+1 -> 2032 | C19: 0.0069 | D19: =(1+Z19)/(1+LOOKUP($B19,Prix!$B$6:$B$127,Prix!$L$6:$L$127))-1 -> 0.0086888905 | E19: =(1+AA19)/(1+LOOKUP($B19,Prix!$B$6:$B$127,Prix!$L$6:$L$127))-1 -> 0.0086888905 | F19: =(1+AB19)/(1+LOOKUP($B19,Prix!$B$6:$B$127,Prix!$L$6:$L$127))-1 -> 0.00098280098 | G19: =(1+AC19)/(1+LOOKUP($B19,Prix!$B$6:$B$127,Prix!$L$6:$L$127))-1 -> 0.0069 | H19: =(1+AD19)/(1+LOOKUP($B19,Prix!$B$6:$B$127,Prix!$L$6:$L$127))-1 -> 0.00098280098 | I19: =(1+AE19)/(1+LOOKUP($B19,Prix!$B$6:$B$127,Prix!$L$6:$L$127))-1 -> 0.0069 | J19: =(1+AF19)/(1+LOOKUP($B19,Prix!$B$6:$B$127,Prix!$L$6:$L$127))-1 -> 0.0069 | K19: =(1+AG19)/(1+LOOKUP($B19,Prix!$B$6:$B$127,Prix!$L$6:$L$127))-1 -> 0.0069 | ... X19: =(1+AT19)/(1+LOOKUP($B19,Prix!$B$6:$B$127,Prix!$L$6:$L$127))-1 -> 0.0075908241 | Y19: =(C19+1)*(1+Prix!I89)-1 -> 0.02452075 | Z19: 0.026340946 | AA19: 0.026340946 | AB19: 0.0185 | AC19: 0.02452075 | AD19: 0.0185 | AE19: 0.02452075 | AF19: 0.02452075 | AG19: 0.02452075 | AH19: 0.02452075 | AI19: 0.02452075 | AJ19: 0.02452075 | AK19: 0.02452075 | AL19: 0.02452075 | AM19: 0.02452075 | AN19: 0.02452075 | AO19: 0.02452075 | AP19: 0.02452075 | AQ19: 0.02452075 | AR19: 0.024500331 | AS19: 0.025162844 | AT19: 0.025223663
B20: =B19+1 -> 2033 | C20: 0.0066 | D20: =(1+Z20)/(1+LOOKUP($B20,Prix!$B$6:$B$127,Prix!$L$6:$L$127))-1 -> 0.0074697302 | E20: =(1+AA20)/(1+LOOKUP($B20,Prix!$B$6:$B$127,Prix!$L$6:$L$127))-1 -> 0.0074697302 | F20: =(1+AB20)/(1+LOOKUP($B20,Prix!$B$6:$B$127,Prix!$L$6:$L$127))-1 -> 0.0018062408 | G20: =(1+AC20)/(1+LOOKUP($B20,Prix!$B$6:$B$127,Prix!$L$6:$L$127))-1 -> 0.0066 | H20: =(1+AD20)/(1+LOOKUP($B20,Prix!$B$6:$B$127,Prix!$L$6:$L$127))-1 -> 0.0018062408 | I20: =(1+AE20)/(1+LOOKUP($B20,Prix!$B$6:$B$127,Prix!$L$6:$L$127))-1 -> 0.0066 | J20: =(1+AF20)/(1+LOOKUP($B20,Prix!$B$6:$B$127,Prix!$L$6:$L$127))-1 -> 0.0066 | K20: =(1+AG20)/(1+LOOKUP($B20,Prix!$B$6:$B$127,Prix!$L$6:$L$127))-1 -> 0.0066 | ... X20: =(1+AT20)/(1+LOOKUP($B20,Prix!$B$6:$B$127,Prix!$L$6:$L$127))-1 -> 0.007546103 | Y20: =(C20+1)*(1+Prix!I90)-1 -> 0.0242155 | Z20: 0.02510045 | AA20: 0.02510045 | AB20: 0.01933785 | AC20: 0.0242155 | AD20: 0.01933785 | AE20: 0.0242155 | AF20: 0.0242155 | AG20: 0.0242155 | AH20: 0.0242155 | AI20: 0.0242155 | AJ20: 0.0242155 | AK20: 0.0242155 | AL20: 0.0242155 | AM20: 0.0242155 | AN20: 0.0242155 | AO20: 0.0242155 | AP20: 0.0242155 | AQ20: 0.0242155 | AR20: 0.023778894 | AS20: 0.023974829 | AT20: 0.02517816
B21: =B20+1 -> 2034 | C21: 0.0062 | D21: =(1+Z21)/(1+LOOKUP($B21,Prix!$B$6:$B$127,Prix!$L$6:$L$127))-1 -> 0.0062505698 | E21: =(1+AA21)/(1+LOOKUP($B21,Prix!$B$6:$B$127,Prix!$L$6:$L$127))-1 -> 0.0062505698 | F21: =(1+AB21)/(1+LOOKUP($B21,Prix!$B$6:$B$127,Prix!$L$6:$L$127))-1 -> 0.0026296806 | G21: =(1+AC21)/(1+LOOKUP($B21,Prix!$B$6:$B$127,Prix!$L$6:$L$127))-1 -> 0.0062 | H21: =(1+AD21)/(1+LOOKUP($B21,Prix!$B$6:$B$127,Prix!$L$6:$L$127))-1 -> 0.0026296806 | I21: =(1+AE21)/(1+LOOKUP($B21,Prix!$B$6:$B$127,Prix!$L$6:$L$127))-1 -> 0.0062 | J21: =(1+AF21)/(1+LOOKUP($B21,Prix!$B$6:$B$127,Prix!$L$6:$L$127))-1 -> 0.0062 | K21: =(1+AG21)/(1+LOOKUP($B21,Prix!$B$6:$B$127,Prix!$L$6:$L$127))-1 -> 0.0062 | ... X21: =(1+AT21)/(1+LOOKUP($B21,Prix!$B$6:$B$127,Prix!$L$6:$L$127))-1 -> 0.0073941434 | Y21: =(C21+1)*(1+Prix!I91)-1 -> 0.0238085 | Z21: 0.023859955 | AA21: 0.023859955 | AB21: 0.0201757 | AC21: 0.0238085 | AD21: 0.0201757 | AE21: 0.0238085 | AF21: 0.0238085 | AG21: 0.0238085 | AH21: 0.0238085 | AI21: 0.0238085 | AJ21: 0.0238085 | AK21: 0.0238085 | AL21: 0.0238085 | AM21: 0.0238085 | AN21: 0.0238085 | AO21: 0.0238085 | AP21: 0.0238085 | AQ21: 0.0238085 | AR21: 0.023814037 | AS21: 0.023859955 | AT21: 0.025023541
B22: =B21+1 -> 2035 | C22: 0.0058 | D22: =(1+Z22)/(1+LOOKUP($B22,Prix!$B$6:$B$127,Prix!$L$6:$L$127))-1 -> 0.0062505698 | E22: =(1+AA22)/(1+LOOKUP($B22,Prix!$B$6:$B$127,Prix!$L$6:$L$127))-1 -> 0.0062505698 | F22: =(1+AB22)/(1+LOOKUP($B22,Prix!$B$6:$B$127,Prix!$L$6:$L$127))-1 -> 0.0034531204 | G22: =(1+AC22)/(1+LOOKUP($B22,Prix!$B$6:$B$127,Prix!$L$6:$L$127))-1 -> 0.0058 | H22: =(1+AD22)/(1+LOOKUP($B22,Prix!$B$6:$B$127,Prix!$L$6:$L$127))-1 -> 0.0034531204 | I22: =(1+AE22)/(1+LOOKUP($B22,Prix!$B$6:$B$127,Prix!$L$6:$L$127))-1 -> 0.0058 | J22: =(1+AF22)/(1+LOOKUP($B22,Prix!$B$6:$B$127,Prix!$L$6:$L$127))-1 -> 0.0058 | K22: =(1+AG22)/(1+LOOKUP($B22,Prix!$B$6:$B$127,Prix!$L$6:$L$127))-1 -> 0.0058 | ... X22: =(1+AT22)/(1+LOOKUP($B22,Prix!$B$6:$B$127,Prix!$L$6:$L$127))-1 -> 0.0073037113 | Y22: =(C22+1)*(1+Prix!I92)-1 -> 0.0234015 | Z22: 0.023859955 | AA22: 0.023859955 | AB22: 0.02101355 | AC22: 0.0234015 | AD22: 0.02101355 | AE22: 0.0234015 | AF22: 0.0234015 | AG22: 0.0234015 | AH22: 0.0234015 | AI22: 0.0234015 | AJ22: 0.0234015 | AK22: 0.0234015 | AL22: 0.0234015 | AM22: 0.0234015 | AN22: 0.0234015 | AO22: 0.0234015 | AP22: 0.0234015 | AQ22: 0.0234015 | AR22: 0.02340678 | AS22: 0.023353674 | AT22: 0.024931526
... B57: =B56+1 -> 2070 | C57: 0.004 | D57: =(1+Z57)/(1+LOOKUP($B57,Prix!$B$6:$B$127,Prix!$L$6:$L$127))-1 -> 0.0041233218 | E57: =(1+AA57)/(1+LOOKUP($B57,Prix!$B$6:$B$127,Prix!$L$6:$L$127))-1 -> 0.0041233218 | F57: =(1+AB57)/(1+LOOKUP($B57,Prix!$B$6:$B$127,Prix!$L$6:$L$127))-1 -> 0.004 | G57: =(1+AC57)/(1+LOOKUP($B57,Prix!$B$6:$B$127,Prix!$L$6:$L$127))-1 -> 0.004 | H57: =(1+AD57)/(1+LOOKUP($B57,Prix!$B$6:$B$127,Prix!$L$6:$L$127))-1 -> 0.004 | I57: =(1+AE57)/(1+LOOKUP($B57,Prix!$B$6:$B$127,Prix!$L$6:$L$127))-1 -> 0.004 | J57: =(1+AF57)/(1+LOOKUP($B57,Prix!$B$6:$B$127,Prix!$L$6:$L$127))-1 -> 0.004 | K57: =(1+AG57)/(1+LOOKUP($B57,Prix!$B$6:$B$127,Prix!$L$6:$L$127))-1 -> 0.004 | ... X57: =(1+AT57)/(1+LOOKUP($B57,Prix!$B$6:$B$127,Prix!$L$6:$L$127))-1 -> 0.004 | Y57: =(C57+1)*(1+Prix!I127)-1 -> 0.02157 | Z57: 0.02169548 | AA57: 0.02169548 | AB57: 0.02157 | AC57: 0.02157 | AD57: 0.02157 | AE57: 0.02157 | AF57: 0.02157 | AG57: 0.02157 | AH57: 0.02157 | AI57: 0.02157 | AJ57: 0.02157 | AK57: 0.02157 | AL57: 0.02157 | AM57: 0.02157 | AN57: 0.02157 | AO57: 0.02157 | AP57: 0.02157 | AQ57: 0.02157 | AR57: 0.02157007 | AS57: 0.021878758 | AT57: 0.02157

Sheet MS_plafonnée
B1: Évolution de la masse salariale plafonnée
B4: Année | C4: Évolution en nominal Cnav | H4: Année | I4: Évolution en nominal Agirc-Arrco
C5: Sc_0,7% CSR | D5: Sc_1,0% | E5: Sc_0,7% | F5: Sc_0,4% | I5: Sc_0,7% CSR | J5: Sc_1,0% | K5: Sc_0,7% | L5: Sc_0,4%
B6: 2019 | H6: 2019
B7: 2020 | C7: -0.073 | D7: -0.073 | E7: -0.073 | F7: -0.073 | H7: 2020 | I7: -0.073 | J7: -0.073 | K7: -0.073 | L7: -0.073
B8: 2021 | C8: 0.089 | D8: 0.089 | E8: 0.089 | F8: 0.089 | H8: 2021 | I8: 0.089 | J8: 0.089 | K8: 0.089 | L8: 0.089
B9: 2022 | C9: 0.08 | D9: 0.08 | E9: 0.08 | F9: 0.08 | H9: 2022 | I9: 0.08 | J9: 0.08 | K9: 0.08 | L9: 0.08
B10: 2023 | C10: 0.072 | D10: 0.072 | E10: 0.072 | F10: 0.072 | H10: 2023 | I10: 0.072 | J10: 0.072 | K10: 0.072 | L10: 0.072
B11: 2024 | C11: 0.043 | D11: 0.043 | E11: 0.043 | F11: 0.043 | H11: 2024 | I11: 0.043 | J11: 0.043 | K11: 0.043 | L11: 0.043
B12: 2025 | C12: 0.017 | D12: 0.017 | E12: 0.017 | F12: 0.017 | H12: 2025 | I12: 0.017 | J12: 0.017 | K12: 0.017 | L12: 0.017
B13: 2026 | C13: 0.01824608 | D13: 0.01824608 | E13: 0.01824608 | F13: 0.01824608 | H13: 2026 | I13: 0.01824608 | J13: 0.01824608 | K13: 0.01824608 | L13: 0.01824608
B14: 2027 | C14: 0.021510865 | D14: 0.021510865 | E14: 0.021510865 | F14: 0.021510865 | H14: 2027 | I14: 0.021510865 | J14: 0.021510865 | K14: 0.021510865 | L14: 0.021510865
B15: 2028 | C15: 0.031387586 | D15: 0.031387586 | E15: 0.031387586 | F15: 0.031387586 | H15: 2028 | I15: 0.031387586 | J15: 0.031387586 | K15: 0.031387586 | L15: 0.031387586
B16: 2029 | C16: 0.032848029 | D16: 0.032848029 | E16: 0.032848029 | F16: 0.032848029 | H16: 2029 | I16: 0.032848029 | J16: 0.032848029 | K16: 0.032848029 | L16: 0.032848029
B17: 2030 | C17: 0.032241791 | D17: 0.032241791 | E17: 0.032241791 | F17: 0.032241791 | H17: 2030 | I17: 0.032241791 | J17: 0.032241791 | K17: 0.032241791 | L17: 0.032241791
B18: 2031 | C18: 0.036848592 | D18: 0.037045643 | E18: 0.036845943 | F18: 0.036633558 | H18: 2031 | I18: 0.03667733 | J18: 0.036874229 | K18: 0.036674649 | L18: 0.036462754
... B47: 2060 | C47: 0.020585633 | D47: 0.023640019 | E47: 0.020585731 | F47: 0.017578844 | H47: 2060 | I47: 0.020511171 | J47: 0.023567166 | K47: 0.020622835 | L47: 0.017502726
B48: =B47+1 -> 2061 | C48: 0.020367373 | D48: 0.023419555 | E48: 0.020367601 | F48: 0.017337693 | H48: =H47+1 -> 2061 | I48: 0.020283007 | J48: 0.023336826 | K48: 0.020403515 | L48: 0.017251689
B49: =B48+1 -> 2062 | C49: 0.020249019 | D49: 0.023246934 | E49: 0.020249356 | F49: 0.017200148 | H49: =H48+1 -> 2062 | I49: 0.020157814 | J49: 0.023157382 | K49: 0.020285263 | L49: 0.017107312
B50: =B49+1 -> 2063 | C50: 0.020067496 | D50: 0.023112002 | E50: 0.020067951 | F50: 0.017054955 | H50: =H49+1 -> 2063 | I50: 0.019972106 | J50: 0.023018281 | K50: 0.020106312 | L50: 0.016957922
B51: =B50+1 -> 2064 | C51: 0.019824127 | D51: 0.022858064 | E51: 0.019824723 | F51: 0.016797477 | H51: =H50+1 -> 2064 | I51: 0.019726533 | J51: 0.022762169 | K51: 0.01986664 | L51: 0.016698197
B52: =B51+1 -> 2065 | C52: 0.019458945 | D52: 0.02252512 | E52: 0.019459725 | F52: 0.016421868 | H52: =H51+1 -> 2065 | I52: 0.019360047 | J52: 0.022427968 | K52: 0.019506105 | L52: 0.016321217
B53: =B52+1 -> 2066 | C53: 0.018968317 | D53: 0.022016688 | E53: 0.018969339 | F53: 0.015976635 | H53: =H52+1 -> 2066 | I53: 0.018868434 | J53: 0.021918617 | K53: 0.019021733 | L53: 0.015874911
B54: =B53+1 -> 2067 | C54: 0.019209414 | D54: 0.02223617 | E54: 0.019210402 | F54: 0.016162093 | H54: =H53+1 -> 2067 | I54: 0.019109852 | J54: 0.0221384 | K54: 0.019264688 | L54: 0.01606068
B55: =B54+1 -> 2068 | C55: 0.019393781 | D55: 0.022443229 | E55: 0.019394743 | F55: 0.016342627 | H55: =H54+1 -> 2068 | I55: 0.019294466 | J55: 0.022345683 | K55: 0.019448268 | L55: 0.016241455
B56: =B55+1 -> 2069 | C56: 0.019290595 | D56: 0.0223126 | E56: 0.0192916 | F56: 0.016243445 | H56: =H55+1 -> 2069 | I56: 0.019191123 | J56: 0.022214918 | K56: 0.019346163 | L56: 0.016142067
B57: =B56+1 -> 2070 | C57: 0.020516133 | D57: 0.023552895 | E57: 0.020516796 | F57: 0.017470842 | H57: =H56+1 -> 2070 | I57: 0.020418704 | J57: 0.023457086 | K57: 0.020570013 | L57: 0.017371648

Sheet SMPT_FPE
B1: Évolution du SMPT de la fonction publique de l'État
B4: Année | C4: Évolution en nominal | H4: Évolution en réel
D5: =F5&" CSR" -> Sc_0,7% CSR | E5: Sc_1,0% | F5: Sc_0,7% | G5: Sc_0,4% | I5: Sc_1,3% | J5: Sc_1,0% | K5: Sc_0,7% | L5: Sc_0,4%
B6: 2019
B7: 2020 | D7: 0.015865056 | E7: 0.015865056 | F7: 0.015865056 | G7: 0.015865056 | I7: =(1+D7)/(1+Prix!I77)-1 -> 0.011015132 | J7: =(1+E7)/(1+Prix!J77)-1 -> 0.011015132 | K7: =(1+F7)/(1+Prix!K77)-1 -> 0.011015132 | L7: =(1+G7)/(1+Prix!L77)-1 -> 0.011015132
B8: 2021 | D8: 0.0094359802 | E8: 0.0094359802 | F8: 0.0094359802 | G8: 0.0094359802 | I8: =(1+D8)/(1+Prix!I78)-1 -> -0.0068743053 | J8: =(1+E8)/(1+Prix!J78)-1 -> -0.0068743053 | K8: =(1+F8)/(1+Prix!K78)-1 -> -0.0068743053 | L8: =(1+G8)/(1+Prix!L78)-1 -> -0.0068743053
B9: 2022 | D9: 0.022722239 | E9: 0.022722239 | F9: 0.022722239 | G9: 0.022722239 | I9: =(1+D9)/(1+Prix!I79)-1 -> -0.028044082 | J9: =(1+E9)/(1+Prix!J79)-1 -> -0.028044082 | K9: =(1+F9)/(1+Prix!K79)-1 -> -0.028044082 | L9: =(1+G9)/(1+Prix!L79)-1 -> -0.028044082
B10: 2023 | D10: 0.048694243 | E10: 0.048694243 | F10: 0.048694243 | G10: 0.048694243 | I10: =(1+D10)/(1+Prix!I80)-1 -> -4.9015748e-05 | J10: =(1+E10)/(1+Prix!J80)-1 -> -4.9015748e-05 | K10: =(1+F10)/(1+Prix!K80)-1 -> -4.9015748e-05 | L10: =(1+G10)/(1+Prix!L80)-1 -> -4.9015748e-05
B11: 2024 | D11: 0.0201 | E11: 0.0201 | F11: 0.0201 | G11: 0.0201 | I11: =(1+D11)/(1+Prix!I81)-1 -> 9.3031213e-05 | J11: =(1+E11)/(1+Prix!J81)-1 -> 9.3031213e-05 | K11: =(1+F11)/(1+Prix!K81)-1 -> 9.3031213e-05 | L11: =(1+G11)/(1+Prix!L81)-1 -> 9.3031213e-05
B12: 2025 | D12: 0.012866061 | E12: 0.012866061 | F12: 0.012866061 | G12: 0.012866061 | I12: =(1+D12)/(1+Prix!I82)-1 -> 0.0034031539 | J12: =(1+E12)/(1+Prix!J82)-1 -> 0.0034031539 | K12: =(1+F12)/(1+Prix!K82)-1 -> 0.0034031539 | L12: =(1+G12)/(1+Prix!L82)-1 -> 0.0034031539
B13: 2026 | D13: 0.0187 | E13: 0.0187 | F13: 0.0187 | G13: 0.0187 | I13: =(1+D13)/(1+Prix!I83)-1 -> 0 | J13: =(1+E13)/(1+Prix!J83)-1 -> 0 | K13: =(1+F13)/(1+Prix!K83)-1 -> 0 | L13: =(1+G13)/(1+Prix!L83)-1 -> 0
B14: 2027 | D14: 0.02097728 | E14: 0.0161 | F14: 0.0161 | G14: 0.0161 | I14: =(1+D14)/(1+Prix!I84)-1 -> 0.0048 | J14: =(1+E14)/(1+Prix!J84)-1 -> 0 | K14: =(1+F14)/(1+Prix!K84)-1 -> 0 | L14: =(1+G14)/(1+Prix!L84)-1 -> 0
B15: 2028 | D15: 0.02289275 | E15: 0.0181301 | F15: 0.0179673 | G15: 0.01778415 | I15: =(1+D15)/(1+Prix!I85)-1 -> 0.0053 | J15: =(1+E15)/(1+Prix!J85)-1 -> 0.0006192629 | K15: =(1+F15)/(1+Prix!K85)-1 -> 0.0004592629 | L15: =(1+G15)/(1+Prix!L85)-1 -> 0.0002792629
B16: 2029 | D16: 0.023605 | E16: 0.0201602 | F16: 0.0198346 | G16: 0.0194683 | I16: =(1+D16)/(1+Prix!I86)-1 -> 0.006 | J16: =(1+E16)/(1+Prix!J86)-1 -> 0.0026144472 | K16: =(1+F16)/(1+Prix!K86)-1 -> 0.0022944472 | L16: =(1+G16)/(1+Prix!L86)-1 -> 0.0019344472
B17: 2030 | D17: 0.02553825 | E17: 0.0221903 | F17: 0.0217019 | G17: 0.02115245 | I17: =(1+D17)/(1+Prix!I87)-1 -> 0.0079 | J17: =(1+E17)/(1+Prix!J87)-1 -> 0.0046096314 | K17: =(1+F17)/(1+Prix!K87)-1 -> 0.0041296314 | L17: =(1+G17)/(1+Prix!L87)-1 -> 0.0035896314
B18: 2031 | D18: 0.02553825 | E18: 0.0242204 | F18: 0.0235692 | G18: 0.0228366 | I18: =(1+D18)/(1+Prix!I88)-1 -> 0.0079 | J18: =(1+E18)/(1+Prix!J88)-1 -> 0.0066048157 | K18: =(1+F18)/(1+Prix!K88)-1 -> 0.0059648157 | L18: =(1+G18)/(1+Prix!L88)-1 -> 0.0052448157
... B47: 2060 | D47: 0.0246225 | E47: 0.027675 | F47: 0.0246225 | G47: 0.02157 | I47: =(1+D47)/(1+Prix!I117)-1 -> 0.007 | J47: =(1+E47)/(1+Prix!J117)-1 -> 0.01 | K47: =(1+F47)/(1+Prix!K117)-1 -> 0.007 | L47: =(1+G47)/(1+Prix!L117)-1 -> 0.004
B48: =B47+1 -> 2061 | D48: 0.0246225 | E48: 0.027675 | F48: 0.0246225 | G48: 0.02157 | I48: =(1+D48)/(1+Prix!I118)-1 -> 0.007 | J48: =(1+E48)/(1+Prix!J118)-1 -> 0.01 | K48: =(1+F48)/(1+Prix!K118)-1 -> 0.007 | L48: =(1+G48)/(1+Prix!L118)-1 -> 0.004
B49: =B48+1 -> 2062 | D49: 0.0246225 | E49: 0.027675 | F49: 0.0246225 | G49: 0.02157 | I49: =(1+D49)/(1+Prix!I119)-1 -> 0.007 | J49: =(1+E49)/(1+Prix!J119)-1 -> 0.01 | K49: =(1+F49)/(1+Prix!K119)-1 -> 0.007 | L49: =(1+G49)/(1+Prix!L119)-1 -> 0.004
B50: =B49+1 -> 2063 | D50: 0.0246225 | E50: 0.027675 | F50: 0.0246225 | G50: 0.02157 | I50: =(1+D50)/(1+Prix!I120)-1 -> 0.007 | J50: =(1+E50)/(1+Prix!J120)-1 -> 0.01 | K50: =(1+F50)/(1+Prix!K120)-1 -> 0.007 | L50: =(1+G50)/(1+Prix!L120)-1 -> 0.004
B51: =B50+1 -> 2064 | D51: 0.0246225 | E51: 0.027675 | F51: 0.0246225 | G51: 0.02157 | I51: =(1+D51)/(1+Prix!I121)-1 -> 0.007 | J51: =(1+E51)/(1+Prix!J121)-1 -> 0.01 | K51: =(1+F51)/(1+Prix!K121)-1 -> 0.007 | L51: =(1+G51)/(1+Prix!L121)-1 -> 0.004
B52: =B51+1 -> 2065 | D52: 0.0246225 | E52: 0.027675 | F52: 0.0246225 | G52: 0.02157 | I52: =(1+D52)/(1+Prix!I122)-1 -> 0.007 | J52: =(1+E52)/(1+Prix!J122)-1 -> 0.01 | K52: =(1+F52)/(1+Prix!K122)-1 -> 0.007 | L52: =(1+G52)/(1+Prix!L122)-1 -> 0.004
B53: =B52+1 -> 2066 | D53: 0.0246225 | E53: 0.027675 | F53: 0.0246225 | G53: 0.02157 | I53: =(1+D53)/(1+Prix!I123)-1 -> 0.007 | J53: =(1+E53)/(1+Prix!J123)-1 -> 0.01 | K53: =(1+F53)/(1+Prix!K123)-1 -> 0.007 | L53: =(1+G53)/(1+Prix!L123)-1 -> 0.004
B54: =B53+1 -> 2067 | D54: 0.0246225 | E54: 0.027675 | F54: 0.0246225 | G54: 0.02157 | I54: =(1+D54)/(1+Prix!I124)-1 -> 0.007 | J54: =(1+E54)/(1+Prix!J124)-1 -> 0.01 | K54: =(1+F54)/(1+Prix!K124)-1 -> 0.007 | L54: =(1+G54)/(1+Prix!L124)-1 -> 0.004
B55: =B54+1 -> 2068 | D55: 0.0246225 | E55: 0.027675 | F55: 0.0246225 | G55: 0.02157 | I55: =(1+D55)/(1+Prix!I125)-1 -> 0.007 | J55: =(1+E55)/(1+Prix!J125)-1 -> 0.01 | K55: =(1+F55)/(1+Prix!K125)-1 -> 0.007 | L55: =(1+G55)/(1+Prix!L125)-1 -> 0.004
B56: =B55+1 -> 2069 | D56: 0.0246225 | E56: 0.027675 | F56: 0.0246225 | G56: 0.02157 | I56: =(1+D56)/(1+Prix!I126)-1 -> 0.007 | J56: =(1+E56)/(1+Prix!J126)-1 -> 0.01 | K56: =(1+F56)/(1+Prix!K126)-1 -> 0.007 | L56: =(1+G56)/(1+Prix!L126)-1 -> 0.004
B57: =B56+1 -> 2070 | D57: 0.0246225 | E57: 0.027675 | F57: 0.0246225 | G57: 0.02157 | I57: =(1+D57)/(1+Prix!I127)-1 -> 0.007 | J57: =(1+E57)/(1+Prix!J127)-1 -> 0.01 | K57: =(1+F57)/(1+Prix!K127)-1 -> 0.007 | L57: =(1+G57)/(1+Prix!L127)-1 -> 0.004

Sheet TI_SMPT_CNRACL
B1: Évolution du SMPT de la CNRACL (FPH et FPT) et des traitements indiciaires par versant
B3: SMPT | N3: TI de la FPH | Z3: TI de la FPT
B4: Année | C4: Évolution en nominal | H4: Évolution en réel | N4: Année | O4: Évolution en nominal | T4: Évolution en réel | Z4: Année | AA4: Évolution en nominal | AF4: Évolution en réel
D5: =SMPT_FPE!D5 -> Sc_0,7% CSR | E5: Sc_1,0% | F5: Sc_0,7% | G5: Sc_0,4% | I5: =D5 -> Sc_0,7% CSR | J5: Sc_1,0% | K5: Sc_0,7% | L5: Sc_0,4% | P5: =I5 -> Sc_0,7% CSR | Q5: Sc_1,0% | R5: Sc_0,7% | S5: Sc_0,4% | U5: =P5 -> Sc_0,7% CSR | V5: Sc_1,0% | W5: Sc_0,7% | X5: Sc_0,4% | AB5: =U5 -> Sc_0,7% CSR | AC5: Sc_1,0% | AD5: Sc_0,7% | AE5: Sc_0,4% | AG5: =AB5 -> Sc_0,7% CSR | AH5: Sc_1,0% | AI5: Sc_0,7% | AJ5: Sc_0,4%
B6: 2019 | N6: 2019 | Z6: 2019
B7: 2020 | D7: 0.033111525 | E7: 0.033111525 | F7: 0.033111525 | G7: 0.033111525 | I7: =(1+D7)/(1+Prix!I77)-1 -> 0.028179263 | J7: =(1+E7)/(1+Prix!K77)-1 -> 0.028179263 | K7: =(1+F7)/(1+Prix!L77)-1 -> 0.028179263 | L7: =(1+G7)/(1+Prix!L77)-1 -> 0.028179263 | N7: 2020 | P7: 0.028763532 | Q7: 0.028763532 | R7: 0.028763532 | S7: 0.028763532 | U7: =(1+P7)/(1+Prix!I77)-1 -> 0.023852028 | V7: =(1+Q7)/(1+Prix!J77)-1 -> 0.023852028 | W7: =(1+R7)/(1+Prix!K77)-1 -> 0.023852028 | X7: =(1+S7)/(1+Prix!L77)-1 -> 0.023852028 | Z7: 2020 | AB7: 0.0084333839 | AC7: 0.0084333839 | AD7: 0.0084333839 | AE7: 0.0084333839 | AG7: =(1+AB7)/(1+Prix!I77)-1 -> 0.0036189402 | AH7: =(1+AC7)/(1+Prix!J77)-1 -> 0.0036189402 | AI7: =(1+AD7)/(1+Prix!K77)-1 -> 0.0036189402 | AJ7: =(1+AE7)/(1+Prix!L77)-1 -> 0.0036189402
B8: 2021 | D8: 0.02572958 | E8: 0.02572958 | F8: 0.02572958 | G8: 0.02572958 | I8: =(1+D8)/(1+Prix!I78)-1 -> 0.0091560251 | J8: =(1+E8)/(1+Prix!K78)-1 -> 0.0091560251 | K8: =(1+F8)/(1+Prix!L78)-1 -> 0.0091560251 | L8: =(1+G8)/(1+Prix!L78)-1 -> 0.0091560251 | N8: 2021 | P8: 0.097037792 | Q8: 0.097037792 | R8: 0.097037792 | S8: 0.097037792 | U8: =(1+P8)/(1+Prix!I78)-1 -> 0.079312052 | V8: =(1+Q8)/(1+Prix!J78)-1 -> 0.079312052 | W8: =(1+R8)/(1+Prix!K78)-1 -> 0.079312052 | X8: =(1+S8)/(1+Prix!L78)-1 -> 0.079312052 | Z8: 2021 | AB8: 0.012773162 | AC8: 0.012773162 | AD8: 0.012773162 | AE8: 0.012773162 | AG8: =(1+AB8)/(1+Prix!I78)-1 -> -0.0035910452 | AH8: =(1+AC8)/(1+Prix!J78)-1 -> -0.0035910452 | AI8: =(1+AD8)/(1+Prix!K78)-1 -> -0.0035910452 | AJ8: =(1+AE8)/(1+Prix!L78)-1 -> -0.0035910452
B9: 2022 | D9: 0.037866714 | E9: 0.037866714 | F9: 0.037866714 | G9: 0.037866714 | I9: =(1+D9)/(1+Prix!I79)-1 -> -0.013651355 | J9: =(1+E9)/(1+Prix!K79)-1 -> -0.013651355 | K9: =(1+F9)/(1+Prix!L79)-1 -> -0.013651355 | L9: =(1+G9)/(1+Prix!L79)-1 -> -0.013651355 | N9: 2022 | P9: 0.041720696 | Q9: 0.041720696 | R9: 0.041720696 | S9: 0.041720696 | U9: =(1+P9)/(1+Prix!I79)-1 -> -0.009988679 | V9: =(1+Q9)/(1+Prix!J79)-1 -> -0.009988679 | W9: =(1+R9)/(1+Prix!K79)-1 -> -0.009988679 | X9: =(1+S9)/(1+Prix!L79)-1 -> -0.009988679 | Z9: 2022 | AB9: 0.034669569 | AC9: 0.034669569 | AD9: 0.034669569 | AE9: 0.034669569 | AG9: =(1+AB9)/(1+Prix!I79)-1 -> -0.016689799 | AH9: =(1+AC9)/(1+Prix!J79)-1 -> -0.016689799 | AI9: =(1+AD9)/(1+Prix!K79)-1 -> -0.016689799 | AJ9: =(1+AE9)/(1+Prix!L79)-1 -> -0.016689799
B10: 2023 | D10: 0.03863248 | E10: 0.03863248 | F10: 0.03863248 | G10: 0.03863248 | I10: =(1+D10)/(1+Prix!I80)-1 -> -0.0096431082 | J10: =(1+E10)/(1+Prix!K80)-1 -> -0.0096431082 | K10: =(1+F10)/(1+Prix!L80)-1 -> -0.0096431082 | L10: =(1+G10)/(1+Prix!L80)-1 -> -0.0096431082 | N10: 2023 | P10: 0.036921893 | Q10: 0.036921893 | R10: 0.036921893 | S10: 0.036921893 | U10: =(1+P10)/(1+Prix!I80)-1 -> -0.011274187 | V10: =(1+Q10)/(1+Prix!J80)-1 -> -0.011274187 | W10: =(1+R10)/(1+Prix!K80)-1 -> -0.011274187 | X10: =(1+S10)/(1+Prix!L80)-1 -> -0.011274187 | Z10: 2023 | AB10: 0.033682474 | AC10: 0.033682474 | AD10: 0.033682474 | AE10: 0.033682474 | AG10: =(1+AB10)/(1+Prix!I80)-1 -> -0.014363038 | AH10: =(1+AC10)/(1+Prix!J80)-1 -> -0.014363038 | AI10: =(1+AD10)/(1+Prix!K80)-1 -> -0.014363038 | AJ10: =(1+AE10)/(1+Prix!L80)-1 -> -0.014363038
B11: 2024 | D11: 0.047832247 | E11: 0.047832247 | F11: 0.047832247 | G11: 0.047832247 | I11: =(1+D11)/(1+Prix!I81)-1 -> 0.027281372 | J11: =(1+E11)/(1+Prix!K81)-1 -> 0.027281372 | K11: =(1+F11)/(1+Prix!L81)-1 -> 0.027281372 | L11: =(1+G11)/(1+Prix!L81)-1 -> 0.027281372 | N11: 2024 | P11: 0.038082948 | Q11: 0.038082948 | R11: 0.038082948 | S11: 0.038082948 | U11: =(1+P11)/(1+Prix!I81)-1 -> 0.017723284 | V11: =(1+Q11)/(1+Prix!J81)-1 -> 0.017723284 | W11: =(1+R11)/(1+Prix!K81)-1 -> 0.017723284 | X11: =(1+S11)/(1+Prix!L81)-1 -> 0.017723284 | Z11: 2024 | AB11: 0.052784005 | AC11: 0.052784005 | AD11: 0.052784005 | AE11: 0.052784005 | AG11: =(1+AB11)/(1+Prix!I81)-1 -> 0.032136013 | AH11: =(1+AC11)/(1+Prix!J81)-1 -> 0.032136013 | AI11: =(1+AD11)/(1+Prix!K81)-1 -> 0.032136013 | AJ11: =(1+AE11)/(1+Prix!L81)-1 -> 0.032136013
B12: 2025 | D12: 0.0094 | E12: 0.0094 | F12: 0.0094 | G12: 0.0094 | I12: =(1+D12)/(1+Prix!I82)-1 -> -3.052501e-05 | J12: =(1+E12)/(1+Prix!K82)-1 -> -3.052501e-05 | K12: =(1+F12)/(1+Prix!L82)-1 -> -3.052501e-05 | L12: =(1+G12)/(1+Prix!L82)-1 -> -3.052501e-05 | N12: 2025 | P12: 0.0082824667 | Q12: 0.0082824667 | R12: 0.0082824667 | S12: 0.0082824667 | U12: =(1+P12)/(1+Prix!I82)-1 -> -0.0011376176 | V12: =(1+Q12)/(1+Prix!J82)-1 -> -0.0011376176 | W12: =(1+R12)/(1+Prix!K82)-1 -> -0.0011376176 | X12: =(1+S12)/(1+Prix!L82)-1 -> -0.0011376176 | Z12: 2025 | AB12: 0.0052514065 | AC12: 0.0052514065 | AD12: 0.0052514065 | AE12: 0.0052514065 | AG12: =(1+AB12)/(1+Prix!I82)-1 -> -0.0041403595 | AH12: =(1+AC12)/(1+Prix!J82)-1 -> -0.0041403595 | AI12: =(1+AD12)/(1+Prix!K82)-1 -> -0.0041403595 | AJ12: =(1+AE12)/(1+Prix!L82)-1 -> -0.0041403595
B13: 2026 | D13: 0.0187 | E13: 0.0187 | F13: 0.0187 | G13: 0.0187 | I13: =(1+D13)/(1+Prix!I83)-1 -> 0 | J13: =(1+E13)/(1+Prix!K83)-1 -> 0 | K13: =(1+F13)/(1+Prix!L83)-1 -> 0 | L13: =(1+G13)/(1+Prix!L83)-1 -> 0 | N13: 2026 | P13: 0.00095055166 | Q13: 0.00095055166 | R13: 0.00095055166 | S13: 0.00095055166 | U13: =(1+P13)/(1+Prix!I83)-1 -> -0.017423627 | V13: =(1+Q13)/(1+Prix!J83)-1 -> -0.017423627 | W13: =(1+R13)/(1+Prix!K83)-1 -> -0.017423627 | X13: =(1+S13)/(1+Prix!L83)-1 -> -0.017423627 | Z13: 2026 | AB13: 0.00093825404 | AC13: 0.00093825404 | AD13: 0.00093825404 | AE13: 0.00093825404 | AG13: =(1+AB13)/(1+Prix!I83)-1 -> -0.017435698 | AH13: =(1+AC13)/(1+Prix!J83)-1 -> -0.017435698 | AI13: =(1+AD13)/(1+Prix!K83)-1 -> -0.017435698 | AJ13: =(1+AE13)/(1+Prix!L83)-1 -> -0.017435698
B14: 2027 | D14: 0.02097728 | E14: 0.0161 | F14: 0.0161 | G14: 0.0161 | I14: =(1+D14)/(1+Prix!I84)-1 -> 0.0048 | J14: =(1+E14)/(1+Prix!K84)-1 -> 0 | K14: =(1+F14)/(1+Prix!L84)-1 -> 0 | L14: =(1+G14)/(1+Prix!L84)-1 -> 0 | N14: 2027 | P14: 0.02097728 | Q14: 0.001 | R14: 0.001 | S14: 0.001 | U14: =(1+P14)/(1+Prix!I84)-1 -> 0.0048 | V14: =(1+Q14)/(1+Prix!J84)-1 -> -0.014860742 | W14: =(1+R14)/(1+Prix!K84)-1 -> -0.014860742 | X14: =(1+S14)/(1+Prix!L84)-1 -> -0.014860742 | Z14: 2027 | AB14: 0.02097728 | AC14: 0.001 | AD14: 0.001 | AE14: 0.001 | AG14: =(1+AB14)/(1+Prix!I84)-1 -> 0.0048 | AH14: =(1+AC14)/(1+Prix!J84)-1 -> -0.014860742 | AI14: =(1+AD14)/(1+Prix!K84)-1 -> -0.014860742 | AJ14: =(1+AE14)/(1+Prix!L84)-1 -> -0.014860742
B15: 2028 | D15: 0.02289275 | E15: 0.0181301 | F15: 0.0179673 | G15: 0.01778415 | I15: =(1+D15)/(1+Prix!I85)-1 -> 0.0053 | J15: =(1+E15)/(1+Prix!K85)-1 -> 0.0006192629 | K15: =(1+F15)/(1+Prix!L85)-1 -> 0.0004592629 | L15: =(1+G15)/(1+Prix!L85)-1 -> 0.0002792629 | N15: 2028 | P15: 0.02289275 | Q15: 0.0060599897 | R15: 0.0058971897 | S15: 0.0057140397 | U15: =(1+P15)/(1+Prix!I85)-1 -> 0.0053 | V15: =(1+Q15)/(1+Prix!J85)-1 -> -0.011243253 | W15: =(1+R15)/(1+Prix!K85)-1 -> -0.011403253 | X15: =(1+S15)/(1+Prix!L85)-1 -> -0.011583253 | Z15: 2028 | AB15: 0.02289275 | AC15: 0.0060624492 | AD15: 0.0058996492 | AE15: 0.0057164992 | AG15: =(1+AB15)/(1+Prix!I85)-1 -> 0.0053 | AH15: =(1+AC15)/(1+Prix!J85)-1 -> -0.011240836 | AI15: =(1+AD15)/(1+Prix!K85)-1 -> -0.011400836 | AJ15: =(1+AE15)/(1+Prix!L85)-1 -> -0.011580836
B16: 2029 | D16: 0.023605 | E16: 0.0201602 | F16: 0.0198346 | G16: 0.0194683 | I16: =(1+D16)/(1+Prix!I86)-1 -> 0.006 | J16: =(1+E16)/(1+Prix!K86)-1 -> 0.0026144472 | K16: =(1+F16)/(1+Prix!L86)-1 -> 0.0022944472 | L16: =(1+G16)/(1+Prix!L86)-1 -> 0.0019344472 | N16: 2029 | P16: 0.023605 | Q16: 0.011119979 | R16: 0.010794379 | S16: 0.010428079 | U16: =(1+P16)/(1+Prix!I86)-1 -> 0.006 | V16: =(1+Q16)/(1+Prix!J86)-1 -> -0.0062702906 | W16: =(1+R16)/(1+Prix!K86)-1 -> -0.0065902906 | X16: =(1+S16)/(1+Prix!L86)-1 -> -0.0069502906 | Z16: 2029 | AB16: 0.023605 | AC16: 0.011124898 | AD16: 0.010799298 | AE16: 0.010432998 | AG16: =(1+AB16)/(1+Prix!I86)-1 -> 0.006 | AH16: =(1+AC16)/(1+Prix!J86)-1 -> -0.0062654561 | AI16: =(1+AD16)/(1+Prix!K86)-1 -> -0.0065854561 | AJ16: =(1+AE16)/(1+Prix!L86)-1 -> -0.0069454561
B17: 2030 | D17: 0.02553825 | E17: 0.0221903 | F17: 0.0217019 | G17: 0.02115245 | I17: =(1+D17)/(1+Prix!I87)-1 -> 0.0079 | J17: =(1+E17)/(1+Prix!K87)-1 -> 0.0046096314 | K17: =(1+F17)/(1+Prix!L87)-1 -> 0.0041296314 | L17: =(1+G17)/(1+Prix!L87)-1 -> 0.0035896314 | N17: 2030 | P17: 0.02553825 | Q17: 0.016179969 | R17: 0.015691569 | S17: 0.015142119 | U17: =(1+P17)/(1+Prix!I87)-1 -> 0.0079 | V17: =(1+Q17)/(1+Prix!J87)-1 -> -0.0012973278 | W17: =(1+R17)/(1+Prix!K87)-1 -> -0.0017773278 | X17: =(1+S17)/(1+Prix!L87)-1 -> -0.0023173278 | Z17: 2030 | AB17: 0.02553825 | AC17: 0.016187348 | AD17: 0.015698948 | AE17: 0.015149498 | AG17: =(1+AB17)/(1+Prix!I87)-1 -> 0.0079 | AH17: =(1+AC17)/(1+Prix!J87)-1 -> -0.0012900761 | AI17: =(1+AD17)/(1+Prix!K87)-1 -> -0.0017700761 | AJ17: =(1+AE17)/(1+Prix!L87)-1 -> -0.0023100761
B18: 2031 | D18: 0.02553825 | E18: 0.0242204 | F18: 0.0235692 | G18: 0.0228366 | I18: =(1+D18)/(1+Prix!I88)-1 -> 0.0079 | J18: =(1+E18)/(1+Prix!K88)-1 -> 0.0066048157 | K18: =(1+F18)/(1+Prix!L88)-1 -> 0.0059648157 | L18: =(1+G18)/(1+Prix!L88)-1 -> 0.0052448157 | N18: 2031 | P18: 0.02553825 | Q18: 0.0185 | R18: 0.0185 | S18: 0.0185 | U18: =(1+P18)/(1+Prix!I88)-1 -> 0.0079 | V18: =(1+Q18)/(1+Prix!J88)-1 -> 0.00098280098 | W18: =(1+R18)/(1+Prix!K88)-1 -> 0.00098280098 | X18: =(1+S18)/(1+Prix!L88)-1 -> 0.00098280098 | Z18: 2031 | AB18: 0.02553825 | AC18: 0.0185 | AD18: 0.0185 | AE18: 0.0185 | AG18: =(1+AB18)/(1+Prix!I88)-1 -> 0.0079 | AH18: =(1+AC18)/(1+Prix!J88)-1 -> 0.00098280098 | AI18: =(1+AD18)/(1+Prix!K88)-1 -> 0.00098280098 | AJ18: =(1+AE18)/(1+Prix!L88)-1 -> 0.00098280098
... B47: 2060 | D47: 0.0246225 | E47: 0.027675 | F47: 0.0246225 | G47: 0.02157 | I47: =(1+D47)/(1+Prix!I117)-1 -> 0.007 | J47: =(1+E47)/(1+Prix!K117)-1 -> 0.01 | K47: =(1+F47)/(1+Prix!L117)-1 -> 0.007 | L47: =(1+G47)/(1+Prix!L117)-1 -> 0.004 | N47: 2060 | P47: 0.0246225 | Q47: 0.027675 | R47: 0.0246225 | S47: 0.02157 | U47: =(1+P47)/(1+Prix!I117)-1 -> 0.007 | V47: =(1+Q47)/(1+Prix!J117)-1 -> 0.01 | W47: =(1+R47)/(1+Prix!K117)-1 -> 0.007 | X47: =(1+S47)/(1+Prix!L117)-1 -> 0.004 | Z47: 2060 | AB47: 0.0246225 | AC47: 0.027675 | AD47: 0.0246225 | AE47: 0.02157 | AG47: =(1+AB47)/(1+Prix!I117)-1 -> 0.007 | AH47: =(1+AC47)/(1+Prix!J117)-1 -> 0.01 | AI47: =(1+AD47)/(1+Prix!K117)-1 -> 0.007 | AJ47: =(1+AE47)/(1+Prix!L117)-1 -> 0.004
B48: =B47+1 -> 2061 | D48: 0.0246225 | E48: 0.027675 | F48: 0.0246225 | G48: 0.02157 | I48: =(1+D48)/(1+Prix!I118)-1 -> 0.007 | J48: =(1+E48)/(1+Prix!K118)-1 -> 0.01 | K48: =(1+F48)/(1+Prix!L118)-1 -> 0.007 | L48: =(1+G48)/(1+Prix!L118)-1 -> 0.004 | N48: =N47+1 -> 2061 | P48: 0.0246225 | Q48: 0.027675 | R48: 0.0246225 | S48: 0.02157 | U48: =(1+P48)/(1+Prix!I118)-1 -> 0.007 | V48: =(1+Q48)/(1+Prix!J118)-1 -> 0.01 | W48: =(1+R48)/(1+Prix!K118)-1 -> 0.007 | X48: =(1+S48)/(1+Prix!L118)-1 -> 0.004 | Z48: =Z47+1 -> 2061 | AB48: 0.0246225 | AC48: 0.027675 | AD48: 0.0246225 | AE48: 0.02157 | AG48: =(1+AB48)/(1+Prix!I118)-1 -> 0.007 | AH48: =(1+AC48)/(1+Prix!J118)-1 -> 0.01 | AI48: =(1+AD48)/(1+Prix!K118)-1 -> 0.007 | AJ48: =(1+AE48)/(1+Prix!L118)-1 -> 0.004
B49: =B48+1 -> 2062 | D49: 0.0246225 | E49: 0.027675 | F49: 0.0246225 | G49: 0.02157 | I49: =(1+D49)/(1+Prix!I119)-1 -> 0.007 | J49: =(1+E49)/(1+Prix!K119)-1 -> 0.01 | K49: =(1+F49)/(1+Prix!L119)-1 -> 0.007 | L49: =(1+G49)/(1+Prix!L119)-1 -> 0.004 | N49: =N48+1 -> 2062 | P49: 0.0246225 | Q49: 0.027675 | R49: 0.0246225 | S49: 0.02157 | U49: =(1+P49)/(1+Prix!I119)-1 -> 0.007 | V49: =(1+Q49)/(1+Prix!J119)-1 -> 0.01 | W49: =(1+R49)/(1+Prix!K119)-1 -> 0.007 | X49: =(1+S49)/(1+Prix!L119)-1 -> 0.004 | Z49: =Z48+1 -> 2062 | AB49: 0.0246225 | AC49: 0.027675 | AD49: 0.0246225 | AE49: 0.02157 | AG49: =(1+AB49)/(1+Prix!I119)-1 -> 0.007 | AH49: =(1+AC49)/(1+Prix!J119)-1 -> 0.01 | AI49: =(1+AD49)/(1+Prix!K119)-1 -> 0.007 | AJ49: =(1+AE49)/(1+Prix!L119)-1 -> 0.004
B50: =B49+1 -> 2063 | D50: 0.0246225 | E50: 0.027675 | F50: 0.0246225 | G50: 0.02157 | I50: =(1+D50)/(1+Prix!I120)-1 -> 0.007 | J50: =(1+E50)/(1+Prix!K120)-1 -> 0.01 | K50: =(1+F50)/(1+Prix!L120)-1 -> 0.007 | L50: =(1+G50)/(1+Prix!L120)-1 -> 0.004 | N50: =N49+1 -> 2063 | P50: 0.0246225 | Q50: 0.027675 | R50: 0.0246225 | S50: 0.02157 | U50: =(1+P50)/(1+Prix!I120)-1 -> 0.007 | V50: =(1+Q50)/(1+Prix!J120)-1 -> 0.01 | W50: =(1+R50)/(1+Prix!K120)-1 -> 0.007 | X50: =(1+S50)/(1+Prix!L120)-1 -> 0.004 | Z50: =Z49+1 -> 2063 | AB50: 0.0246225 | AC50: 0.027675 | AD50: 0.0246225 | AE50: 0.02157 | AG50: =(1+AB50)/(1+Prix!I120)-1 -> 0.007 | AH50: =(1+AC50)/(1+Prix!J120)-1 -> 0.01 | AI50: =(1+AD50)/(1+Prix!K120)-1 -> 0.007 | AJ50: =(1+AE50)/(1+Prix!L120)-1 -> 0.004
B51: =B50+1 -> 2064 | D51: 0.0246225 | E51: 0.027675 | F51: 0.0246225 | G51: 0.02157 | I51: =(1+D51)/(1+Prix!I121)-1 -> 0.007 | J51: =(1+E51)/(1+Prix!K121)-1 -> 0.01 | K51: =(1+F51)/(1+Prix!L121)-1 -> 0.007 | L51: =(1+G51)/(1+Prix!L121)-1 -> 0.004 | N51: =N50+1 -> 2064 | P51: 0.0246225 | Q51: 0.027675 | R51: 0.0246225 | S51: 0.02157 | U51: =(1+P51)/(1+Prix!I121)-1 -> 0.007 | V51: =(1+Q51)/(1+Prix!J121)-1 -> 0.01 | W51: =(1+R51)/(1+Prix!K121)-1 -> 0.007 | X51: =(1+S51)/(1+Prix!L121)-1 -> 0.004 | Z51: =Z50+1 -> 2064 | AB51: 0.0246225 | AC51: 0.027675 | AD51: 0.0246225 | AE51: 0.02157 | AG51: =(1+AB51)/(1+Prix!I121)-1 -> 0.007 | AH51: =(1+AC51)/(1+Prix!J121)-1 -> 0.01 | AI51: =(1+AD51)/(1+Prix!K121)-1 -> 0.007 | AJ51: =(1+AE51)/(1+Prix!L121)-1 -> 0.004
B52: =B51+1 -> 2065 | D52: 0.0246225 | E52: 0.027675 | F52: 0.0246225 | G52: 0.02157 | I52: =(1+D52)/(1+Prix!I122)-1 -> 0.007 | J52: =(1+E52)/(1+Prix!K122)-1 -> 0.01 | K52: =(1+F52)/(1+Prix!L122)-1 -> 0.007 | L52: =(1+G52)/(1+Prix!L122)-1 -> 0.004 | N52: =N51+1 -> 2065 | P52: 0.0246225 | Q52: 0.027675 | R52: 0.0246225 | S52: 0.02157 | U52: =(1+P52)/(1+Prix!I122)-1 -> 0.007 | V52: =(1+Q52)/(1+Prix!J122)-1 -> 0.01 | W52: =(1+R52)/(1+Prix!K122)-1 -> 0.007 | X52: =(1+S52)/(1+Prix!L122)-1 -> 0.004 | Z52: =Z51+1 -> 2065 | AB52: 0.0246225 | AC52: 0.027675 | AD52: 0.0246225 | AE52: 0.02157 | AG52: =(1+AB52)/(1+Prix!I122)-1 -> 0.007 | AH52: =(1+AC52)/(1+Prix!J122)-1 -> 0.01 | AI52: =(1+AD52)/(1+Prix!K122)-1 -> 0.007 | AJ52: =(1+AE52)/(1+Prix!L122)-1 -> 0.004
B53: =B52+1 -> 2066 | D53: 0.0246225 | E53: 0.027675 | F53: 0.0246225 | G53: 0.02157 | I53: =(1+D53)/(1+Prix!I123)-1 -> 0.007 | J53: =(1+E53)/(1+Prix!K123)-1 -> 0.01 | K53: =(1+F53)/(1+Prix!L123)-1 -> 0.007 | L53: =(1+G53)/(1+Prix!L123)-1 -> 0.004 | N53: =N52+1 -> 2066 | P53: 0.0246225 | Q53: 0.027675 | R53: 0.0246225 | S53: 0.02157 | U53: =(1+P53)/(1+Prix!I123)-1 -> 0.007 | V53: =(1+Q53)/(1+Prix!J123)-1 -> 0.01 | W53: =(1+R53)/(1+Prix!K123)-1 -> 0.007 | X53: =(1+S53)/(1+Prix!L123)-1 -> 0.004 | Z53: =Z52+1 -> 2066 | AB53: 0.0246225 | AC53: 0.027675 | AD53: 0.0246225 | AE53: 0.02157 | AG53: =(1+AB53)/(1+Prix!I123)-1 -> 0.007 | AH53: =(1+AC53)/(1+Prix!J123)-1 -> 0.01 | AI53: =(1+AD53)/(1+Prix!K123)-1 -> 0.007 | AJ53: =(1+AE53)/(1+Prix!L123)-1 -> 0.004
B54: =B53+1 -> 2067 | D54: 0.0246225 | E54: 0.027675 | F54: 0.0246225 | G54: 0.02157 | I54: =(1+D54)/(1+Prix!I124)-1 -> 0.007 | J54: =(1+E54)/(1+Prix!K124)-1 -> 0.01 | K54: =(1+F54)/(1+Prix!L124)-1 -> 0.007 | L54: =(1+G54)/(1+Prix!L124)-1 -> 0.004 | N54: =N53+1 -> 2067 | P54: 0.0246225 | Q54: 0.027675 | R54: 0.0246225 | S54: 0.02157 | U54: =(1+P54)/(1+Prix!I124)-1 -> 0.007 | V54: =(1+Q54)/(1+Prix!J124)-1 -> 0.01 | W54: =(1+R54)/(1+Prix!K124)-1 -> 0.007 | X54: =(1+S54)/(1+Prix!L124)-1 -> 0.004 | Z54: =Z53+1 -> 2067 | AB54: 0.0246225 | AC54: 0.027675 | AD54: 0.0246225 | AE54: 0.02157 | AG54: =(1+AB54)/(1+Prix!I124)-1 -> 0.007 | AH54: =(1+AC54)/(1+Prix!J124)-1 -> 0.01 | AI54: =(1+AD54)/(1+Prix!K124)-1 -> 0.007 | AJ54: =(1+AE54)/(1+Prix!L124)-1 -> 0.004
B55: =B54+1 -> 2068 | D55: 0.0246225 | E55: 0.027675 | F55: 0.0246225 | G55: 0.02157 | I55: =(1+D55)/(1+Prix!I125)-1 -> 0.007 | J55: =(1+E55)/(1+Prix!K125)-1 -> 0.01 | K55: =(1+F55)/(1+Prix!L125)-1 -> 0.007 | L55: =(1+G55)/(1+Prix!L125)-1 -> 0.004 | N55: =N54+1 -> 2068 | P55: 0.0246225 | Q55: 0.027675 | R55: 0.0246225 | S55: 0.02157 | U55: =(1+P55)/(1+Prix!I125)-1 -> 0.007 | V55: =(1+Q55)/(1+Prix!J125)-1 -> 0.01 | W55: =(1+R55)/(1+Prix!K125)-1 -> 0.007 | X55: =(1+S55)/(1+Prix!L125)-1 -> 0.004 | Z55: =Z54+1 -> 2068 | AB55: 0.0246225 | AC55: 0.027675 | AD55: 0.0246225 | AE55: 0.02157 | AG55: =(1+AB55)/(1+Prix!I125)-1 -> 0.007 | AH55: =(1+AC55)/(1+Prix!J125)-1 -> 0.01 | AI55: =(1+AD55)/(1+Prix!K125)-1 -> 0.007 | AJ55: =(1+AE55)/(1+Prix!L125)-1 -> 0.004
B56: =B55+1 -> 2069 | D56: 0.0246225 | E56: 0.027675 | F56: 0.0246225 | G56: 0.02157 | I56: =(1+D56)/(1+Prix!I126)-1 -> 0.007 | J56: =(1+E56)/(1+Prix!K126)-1 -> 0.01 | K56: =(1+F56)/(1+Prix!L126)-1 -> 0.007 | L56: =(1+G56)/(1+Prix!L126)-1 -> 0.004 | N56: =N55+1 -> 2069 | P56: 0.0246225 | Q56: 0.027675 | R56: 0.0246225 | S56: 0.02157 | U56: =(1+P56)/(1+Prix!I126)-1 -> 0.007 | V56: =(1+Q56)/(1+Prix!J126)-1 -> 0.01 | W56: =(1+R56)/(1+Prix!K126)-1 -> 0.007 | X56: =(1+S56)/(1+Prix!L126)-1 -> 0.004 | Z56: =Z55+1 -> 2069 | AB56: 0.0246225 | AC56: 0.027675 | AD56: 0.0246225 | AE56: 0.02157 | AG56: =(1+AB56)/(1+Prix!I126)-1 -> 0.007 | AH56: =(1+AC56)/(1+Prix!J126)-1 -> 0.01 | AI56: =(1+AD56)/(1+Prix!K126)-1 -> 0.007 | AJ56: =(1+AE56)/(1+Prix!L126)-1 -> 0.004
B57: =B56+1 -> 2070 | D57: 0.0246225 | E57: 0.027675 | F57: 0.0246225 | G57: 0.02157 | I57: =(1+D57)/(1+Prix!I127)-1 -> 0.007 | J57: =(1+E57)/(1+Prix!K127)-1 -> 0.01 | K57: =(1+F57)/(1+Prix!L127)-1 -> 0.007 | L57: =(1+G57)/(1+Prix!L127)-1 -> 0.004 | N57: =N56+1 -> 2070 | P57: 0.0246225 | Q57: 0.027675 | R57: 0.0246225 | S57: 0.02157 | U57: =(1+P57)/(1+Prix!I127)-1 -> 0.007 | V57: =(1+Q57)/(1+Prix!J127)-1 -> 0.01 | W57: =(1+R57)/(1+Prix!K127)-1 -> 0.007 | X57: =(1+S57)/(1+Prix!L127)-1 -> 0.004 | Z57: =Z56+1 -> 2070 | AB57: 0.0246225 | AC57: 0.027675 | AD57: 0.0246225 | AE57: 0.02157 | AG57: =(1+AB57)/(1+Prix!I127)-1 -> 0.007 | AH57: =(1+AC57)/(1+Prix!J127)-1 -> 0.01 | AI57: =(1+AD57)/(1+Prix!K127)-1 -> 0.007 | AJ57: =(1+AE57)/(1+Prix!L127)-1 -> 0.004

Sheet SMPT
B1: SMPT = (Revenu mixte brut (B3g) + Salaires et traitements bruts (D11)) / Emploi total)
B2: Source : Comptes nationaux - Base 2010, Insee (1949 à 2015)
B4: Année | C4: RMPT en euros courants | H4: Évolution en nominal | M4: Évolution en réel
E5: Sc_1,0% | F5: Sc_0,7% | G5: Sc_0,4% | J5: Sc_1,0% | K5: Sc_0,7% | L5: Sc_0,4% | O5: Sc_1,0% | P5: Sc_0,7% | Q5: Sc_0,4%
B6: 1949 | E6: 413.71292 | F6: 413.71292 | G6: 413.71292
B7: 1950 | E7: 467.57444 | F7: 467.57444 | G7: 467.57444 | J7: =E7/E6-1 -> 0.13019056 | K7: =F7/F6-1 -> 0.13019056 | L7: =G7/G6-1 -> 0.13019056 | O7: =(1+J7)/(1+Prix!J7)-1 -> 0.026882464 | P7: =(1+K7)/(1+Prix!K7)-1 -> 0.026882464 | Q7: =(1+L7)/(1+Prix!L7)-1 -> 0.026882464
B8: 1951 | E8: 576.98106 | F8: 576.98106 | G8: 576.98106 | J8: =E8/E7-1 -> 0.2339876 | K8: =F8/F7-1 -> 0.2339876 | L8: =G8/G7-1 -> 0.2339876 | O8: =(1+J8)/(1+Prix!J8)-1 -> 0.062978291 | P8: =(1+K8)/(1+Prix!K8)-1 -> 0.062978291 | Q8: =(1+L8)/(1+Prix!L8)-1 -> 0.062978291
B9: 1952 | E9: 674.66679 | F9: 674.66679 | G9: 674.66679 | J9: =E9/E8-1 -> 0.16930492 | K9: =F9/F8-1 -> 0.16930492 | L9: =G9/G8-1 -> 0.16930492 | O9: =(1+J9)/(1+Prix!J9)-1 -> 0.044315928 | P9: =(1+K9)/(1+Prix!K9)-1 -> 0.044315928 | Q9: =(1+L9)/(1+Prix!L9)-1 -> 0.044315928
B10: 1953 | E10: 692.0523 | F10: 692.0523 | G10: 692.0523 | J10: =E10/E9-1 -> 0.025769039 | K10: =F10/F9-1 -> 0.025769039 | L10: =G10/G9-1 -> 0.025769039 | O10: =(1+J10)/(1+Prix!J10)-1 -> 0.043378808 | P10: =(1+K10)/(1+Prix!K10)-1 -> 0.043378808 | Q10: =(1+L10)/(1+Prix!L10)-1 -> 0.043378808
B11: 1954 | E11: 735.33834 | F11: 735.33834 | G11: 735.33834 | J11: =E11/E10-1 -> 0.062547346 | K11: =F11/F10-1 -> 0.062547346 | L11: =G11/G10-1 -> 0.062547346 | O11: =(1+J11)/(1+Prix!J11)-1 -> 0.058006545 | P11: =(1+K11)/(1+Prix!K11)-1 -> 0.058006545 | Q11: =(1+L11)/(1+Prix!L11)-1 -> 0.058006545
B12: 1955 | E12: 780.55637 | F12: 780.55637 | G12: 780.55637 | J12: =E12/E11-1 -> 0.061492825 | K12: =F12/F11-1 -> 0.061492825 | L12: =G12/G11-1 -> 0.061492825 | O12: =(1+J12)/(1+Prix!J12)-1 -> 0.051012642 | P12: =(1+K12)/(1+Prix!K12)-1 -> 0.051012642 | Q12: =(1+L12)/(1+Prix!L12)-1 -> 0.051012642
B13: 1956 | E13: 843.85468 | F13: 843.85468 | G13: 843.85468 | J13: =E13/E12-1 -> 0.081093839 | K13: =F13/F12-1 -> 0.081093839 | L13: =G13/G12-1 -> 0.081093839 | O13: =(1+J13)/(1+Prix!J13)-1 -> 0.038611832 | P13: =(1+K13)/(1+Prix!K13)-1 -> 0.038611832 | Q13: =(1+L13)/(1+Prix!L13)-1 -> 0.038611832
B14: 1957 | E14: 939.4055 | F14: 939.4055 | G14: 939.4055 | J14: =E14/E13-1 -> 0.11323136 | K14: =F14/F13-1 -> 0.11323136 | L14: =G14/G13-1 -> 0.11323136 | O14: =(1+J14)/(1+Prix!J14)-1 -> 0.079585735 | P14: =(1+K14)/(1+Prix!K14)-1 -> 0.079585735 | Q14: =(1+L14)/(1+Prix!L14)-1 -> 0.079585735
B15: 1958 | E15: 1080.3189 | F15: 1080.3189 | G15: 1080.3189 | J15: =E15/E14-1 -> 0.15000278 | K15: =F15/F14-1 -> 0.15000278 | L15: =G15/G14-1 -> 0.15000278 | O15: =(1+J15)/(1+Prix!J15)-1 -> 0.00017384546 | P15: =(1+K15)/(1+Prix!K15)-1 -> 0.00017384546 | Q15: =(1+L15)/(1+Prix!L15)-1 -> 0.00017384546
B16: 1959 | E16: 1155.2053 | F16: 1155.2053 | G16: 1155.2053 | J16: =E16/E15-1 -> 0.069318747 | K16: =F16/F15-1 -> 0.069318747 | L16: =G16/G15-1 -> 0.069318747 | O16: =(1+J16)/(1+Prix!J16)-1 -> 0.0071624362 | P16: =(1+K16)/(1+Prix!K16)-1 -> 0.0071624362 | Q16: =(1+L16)/(1+Prix!L16)-1 -> 0.0071624362
B17: 1960 | E17: 1268.6772 | F17: 1268.6772 | G17: 1268.6772 | J17: =E17/E16-1 -> 0.098226593 | K17: =F17/F16-1 -> 0.098226593 | L17: =G17/G16-1 -> 0.098226593 | O17: =(1+J17)/(1+Prix!J17)-1 -> 0.059452237 | P17: =(1+K17)/(1+Prix!K17)-1 -> 0.059452237 | Q17: =(1+L17)/(1+Prix!L17)-1 -> 0.059452237
B18: 1961 | E18: 1360.5761 | F18: 1360.5761 | G18: 1360.5761 | J18: =E18/E17-1 -> 0.072436804 | K18: =F18/F17-1 -> 0.072436804 | L18: =G18/G17-1 -> 0.072436804 | O18: =(1+J18)/(1+Prix!J18)-1 -> 0.037946374 | P18: =(1+K18)/(1+Prix!K18)-1 -> 0.037946374 | Q18: =(1+L18)/(1+Prix!L18)-1 -> 0.037946374
... B117: 2060 | E117: 105646.38 | F117: 97792.859 | G117: 90485.769 | J117: =E117/E116-1 -> 0.027675 | K117: =F117/F116-1 -> 0.0246225 | L117: =G117/G116-1 -> 0.02157 | O117: =(1+J117)/(1+Prix!J117)-1 -> 0.01 | P117: =(1+K117)/(1+Prix!K117)-1 -> 0.007 | Q117: =(1+L117)/(1+Prix!L117)-1 -> 0.004
B118: =B117+1 -> 2061 | E118: 108570.14 | F118: 100200.76 | G118: 92437.547 | J118: =E118/E117-1 -> 0.027675 | K118: =F118/F117-1 -> 0.0246225 | L118: =G118/G117-1 -> 0.02157 | O118: =(1+J118)/(1+Prix!J118)-1 -> 0.01 | P118: =(1+K118)/(1+Prix!K118)-1 -> 0.007 | Q118: =(1+L118)/(1+Prix!L118)-1 -> 0.004
B119: =B118+1 -> 2062 | E119: 111574.82 | F119: 102667.96 | G119: 94431.425 | J119: =E119/E118-1 -> 0.027675 | K119: =F119/F118-1 -> 0.0246225 | L119: =G119/G118-1 -> 0.02157 | O119: =(1+J119)/(1+Prix!J119)-1 -> 0.01 | P119: =(1+K119)/(1+Prix!K119)-1 -> 0.007 | Q119: =(1+L119)/(1+Prix!L119)-1 -> 0.004
B120: =B119+1 -> 2063 | E120: 114662.65 | F120: 105195.9 | G120: 96468.311 | J120: =E120/E119-1 -> 0.027675 | K120: =F120/F119-1 -> 0.0246225 | L120: =G120/G119-1 -> 0.02157 | O120: =(1+J120)/(1+Prix!J120)-1 -> 0.01 | P120: =(1+K120)/(1+Prix!K120)-1 -> 0.007 | Q120: =(1+L120)/(1+Prix!L120)-1 -> 0.004
B121: =B120+1 -> 2064 | E121: 117835.94 | F121: 107786.08 | G121: 98549.132 | J121: =E121/E120-1 -> 0.027675 | K121: =F121/F120-1 -> 0.0246225 | L121: =G121/G120-1 -> 0.02157 | O121: =(1+J121)/(1+Prix!J121)-1 -> 0.01 | P121: =(1+K121)/(1+Prix!K121)-1 -> 0.007 | Q121: =(1+L121)/(1+Prix!L121)-1 -> 0.004
B122: =B121+1 -> 2065 | E122: 121097.05 | F122: 110440.05 | G122: 100674.84 | J122: =E122/E121-1 -> 0.027675 | K122: =F122/F121-1 -> 0.0246225 | L122: =G122/G121-1 -> 0.02157 | O122: =(1+J122)/(1+Prix!J122)-1 -> 0.01 | P122: =(1+K122)/(1+Prix!K122)-1 -> 0.007 | Q122: =(1+L122)/(1+Prix!L122)-1 -> 0.004
B123: =B122+1 -> 2066 | E123: 124448.41 | F123: 113159.36 | G123: 102846.39 | J123: =E123/E122-1 -> 0.027675 | K123: =F123/F122-1 -> 0.0246225 | L123: =G123/G122-1 -> 0.02157 | O123: =(1+J123)/(1+Prix!J123)-1 -> 0.01 | P123: =(1+K123)/(1+Prix!K123)-1 -> 0.007 | Q123: =(1+L123)/(1+Prix!L123)-1 -> 0.004
B124: =B123+1 -> 2067 | E124: 127892.52 | F124: 115945.62 | G124: 105064.79 | J124: =E124/E123-1 -> 0.027675 | K124: =F124/F123-1 -> 0.0246225 | L124: =G124/G123-1 -> 0.02157 | O124: =(1+J124)/(1+Prix!J124)-1 -> 0.01 | P124: =(1+K124)/(1+Prix!K124)-1 -> 0.007 | Q124: =(1+L124)/(1+Prix!L124)-1 -> 0.004
B125: =B124+1 -> 2068 | E125: 131431.95 | F125: 118800.5 | G125: 107331.04 | J125: =E125/E124-1 -> 0.027675 | K125: =F125/F124-1 -> 0.0246225 | L125: =G125/G124-1 -> 0.02157 | O125: =(1+J125)/(1+Prix!J125)-1 -> 0.01 | P125: =(1+K125)/(1+Prix!K125)-1 -> 0.007 | Q125: =(1+L125)/(1+Prix!L125)-1 -> 0.004
B126: =B125+1 -> 2069 | E126: 135069.33 | F126: 121725.66 | G126: 109646.17 | J126: =E126/E125-1 -> 0.027675 | K126: =F126/F125-1 -> 0.0246225 | L126: =G126/G125-1 -> 0.02157 | O126: =(1+J126)/(1+Prix!J126)-1 -> 0.01 | P126: =(1+K126)/(1+Prix!K126)-1 -> 0.007 | Q126: =(1+L126)/(1+Prix!L126)-1 -> 0.004
B127: =B126+1 -> 2070 | E127: 138807.37 | F127: 124722.85 | G127: 112011.24 | J127: =E127/E126-1 -> 0.027675 | K127: =F127/F126-1 -> 0.0246225 | L127: =G127/G126-1 -> 0.02157 | O127: =(1+J127)/(1+Prix!J127)-1 -> 0.01 | P127: =(1+K127)/(1+Prix!K127)-1 -> 0.007 | Q127: =(1+L127)/(1+Prix!L127)-1 -> 0.004

Sheet SMPT_AP
B1: SMPT = (Revenu mixte brut (B3g) + Salaires et traitements bruts (D11)) / Emploi total) corrigé de 2020 à 2021 de l'activité partielle
B2: Source : Comptes nationaux - Base 2010, Insee (1949 à 2015) et DARES pour l'activité partielle
E3: 0.01 | F3: 0.007 | G3: 0.004
B4: Année | C4: SMPT en euros courants | H4: Évolution en nominal | M4: Évolution en réel
E5: Sc_1,0% | F5: Sc_0,7% | G5: Sc_0,4% | J5: Sc_1,0% | K5: Sc_0,7% | L5: Sc_0,4% | O5: Sc_1,0% | P5: Sc_0,7% | Q5: Sc_0,4%
B6: 1949 | E6: 413.71292 | F6: 413.71292 | G6: 413.71292
B7: 1950 | E7: 467.57444 | F7: 467.57444 | G7: 467.57444 | J7: =E7/E6-1 -> 0.13019056 | K7: =F7/F6-1 -> 0.13019056 | L7: =G7/G6-1 -> 0.13019056 | O7: =(1+J7)/(1+Prix!J7)-1 -> 0.026882464 | P7: =(1+K7)/(1+Prix!K7)-1 -> 0.026882464 | Q7: =(1+L7)/(1+Prix!L7)-1 -> 0.026882464
B8: 1951 | E8: 576.98106 | F8: 576.98106 | G8: 576.98106 | J8: =E8/E7-1 -> 0.2339876 | K8: =F8/F7-1 -> 0.2339876 | L8: =G8/G7-1 -> 0.2339876 | O8: =(1+J8)/(1+Prix!J8)-1 -> 0.062978291 | P8: =(1+K8)/(1+Prix!K8)-1 -> 0.062978291 | Q8: =(1+L8)/(1+Prix!L8)-1 -> 0.062978291
B9: 1952 | E9: 674.66679 | F9: 674.66679 | G9: 674.66679 | J9: =E9/E8-1 -> 0.16930492 | K9: =F9/F8-1 -> 0.16930492 | L9: =G9/G8-1 -> 0.16930492 | O9: =(1+J9)/(1+Prix!J9)-1 -> 0.044315928 | P9: =(1+K9)/(1+Prix!K9)-1 -> 0.044315928 | Q9: =(1+L9)/(1+Prix!L9)-1 -> 0.044315928
B10: 1953 | E10: 692.0523 | F10: 692.0523 | G10: 692.0523 | J10: =E10/E9-1 -> 0.025769039 | K10: =F10/F9-1 -> 0.025769039 | L10: =G10/G9-1 -> 0.025769039 | O10: =(1+J10)/(1+Prix!J10)-1 -> 0.043378808 | P10: =(1+K10)/(1+Prix!K10)-1 -> 0.043378808 | Q10: =(1+L10)/(1+Prix!L10)-1 -> 0.043378808
B11: 1954 | E11: 735.33834 | F11: 735.33834 | G11: 735.33834 | J11: =E11/E10-1 -> 0.062547346 | K11: =F11/F10-1 -> 0.062547346 | L11: =G11/G10-1 -> 0.062547346 | O11: =(1+J11)/(1+Prix!J11)-1 -> 0.058006545 | P11: =(1+K11)/(1+Prix!K11)-1 -> 0.058006545 | Q11: =(1+L11)/(1+Prix!L11)-1 -> 0.058006545
B12: 1955 | E12: 780.55637 | F12: 780.55637 | G12: 780.55637 | J12: =E12/E11-1 -> 0.061492825 | K12: =F12/F11-1 -> 0.061492825 | L12: =G12/G11-1 -> 0.061492825 | O12: =(1+J12)/(1+Prix!J12)-1 -> 0.051012642 | P12: =(1+K12)/(1+Prix!K12)-1 -> 0.051012642 | Q12: =(1+L12)/(1+Prix!L12)-1 -> 0.051012642
B13: 1956 | E13: 843.85468 | F13: 843.85468 | G13: 843.85468 | J13: =E13/E12-1 -> 0.081093839 | K13: =F13/F12-1 -> 0.081093839 | L13: =G13/G12-1 -> 0.081093839 | O13: =(1+J13)/(1+Prix!J13)-1 -> 0.038611832 | P13: =(1+K13)/(1+Prix!K13)-1 -> 0.038611832 | Q13: =(1+L13)/(1+Prix!L13)-1 -> 0.038611832
B14: 1957 | E14: 939.4055 | F14: 939.4055 | G14: 939.4055 | J14: =E14/E13-1 -> 0.11323136 | K14: =F14/F13-1 -> 0.11323136 | L14: =G14/G13-1 -> 0.11323136 | O14: =(1+J14)/(1+Prix!J14)-1 -> 0.079585735 | P14: =(1+K14)/(1+Prix!K14)-1 -> 0.079585735 | Q14: =(1+L14)/(1+Prix!L14)-1 -> 0.079585735
B15: 1958 | E15: 1080.3189 | F15: 1080.3189 | G15: 1080.3189 | J15: =E15/E14-1 -> 0.15000278 | K15: =F15/F14-1 -> 0.15000278 | L15: =G15/G14-1 -> 0.15000278 | O15: =(1+J15)/(1+Prix!J15)-1 -> 0.00017384546 | P15: =(1+K15)/(1+Prix!K15)-1 -> 0.00017384546 | Q15: =(1+L15)/(1+Prix!L15)-1 -> 0.00017384546
B16: 1959 | E16: 1155.2053 | F16: 1155.2053 | G16: 1155.2053 | J16: =E16/E15-1 -> 0.069318747 | K16: =F16/F15-1 -> 0.069318747 | L16: =G16/G15-1 -> 0.069318747 | O16: =(1+J16)/(1+Prix!J16)-1 -> 0.0071624362 | P16: =(1+K16)/(1+Prix!K16)-1 -> 0.0071624362 | Q16: =(1+L16)/(1+Prix!L16)-1 -> 0.0071624362
B17: 1960 | E17: 1268.6772 | F17: 1268.6772 | G17: 1268.6772 | J17: =E17/E16-1 -> 0.098226593 | K17: =F17/F16-1 -> 0.098226593 | L17: =G17/G16-1 -> 0.098226593 | O17: =(1+J17)/(1+Prix!J17)-1 -> 0.059452237 | P17: =(1+K17)/(1+Prix!K17)-1 -> 0.059452237 | Q17: =(1+L17)/(1+Prix!L17)-1 -> 0.059452237
B18: 1961 | E18: 1360.5761 | F18: 1360.5761 | G18: 1360.5761 | J18: =E18/E17-1 -> 0.072436804 | K18: =F18/F17-1 -> 0.072436804 | L18: =G18/G17-1 -> 0.072436804 | O18: =(1+J18)/(1+Prix!J18)-1 -> 0.037946374 | P18: =(1+K18)/(1+Prix!K18)-1 -> 0.037946374 | Q18: =(1+L18)/(1+Prix!L18)-1 -> 0.037946374
... B117: 2060 | E117: 105646.38 | F117: 97792.859 | G117: 90485.769 | J117: =E117/E116-1 -> 0.027675 | K117: =F117/F116-1 -> 0.0246225 | L117: =G117/G116-1 -> 0.02157 | O117: =(1+J117)/(1+Prix!J117)-1 -> 0.01 | P117: =(1+K117)/(1+Prix!K117)-1 -> 0.007 | Q117: =(1+L117)/(1+Prix!L117)-1 -> 0.004
B118: =B117+1 -> 2061 | E118: 108570.14 | F118: 100200.76 | G118: 92437.547 | J118: =E118/E117-1 -> 0.027675 | K118: =F118/F117-1 -> 0.0246225 | L118: =G118/G117-1 -> 0.02157 | O118: =(1+J118)/(1+Prix!J118)-1 -> 0.01 | P118: =(1+K118)/(1+Prix!K118)-1 -> 0.007 | Q118: =(1+L118)/(1+Prix!L118)-1 -> 0.004
B119: =B118+1 -> 2062 | E119: 111574.82 | F119: 102667.96 | G119: 94431.425 | J119: =E119/E118-1 -> 0.027675 | K119: =F119/F118-1 -> 0.0246225 | L119: =G119/G118-1 -> 0.02157 | O119: =(1+J119)/(1+Prix!J119)-1 -> 0.01 | P119: =(1+K119)/(1+Prix!K119)-1 -> 0.007 | Q119: =(1+L119)/(1+Prix!L119)-1 -> 0.004
B120: =B119+1 -> 2063 | E120: 114662.65 | F120: 105195.9 | G120: 96468.311 | J120: =E120/E119-1 -> 0.027675 | K120: =F120/F119-1 -> 0.0246225 | L120: =G120/G119-1 -> 0.02157 | O120: =(1+J120)/(1+Prix!J120)-1 -> 0.01 | P120: =(1+K120)/(1+Prix!K120)-1 -> 0.007 | Q120: =(1+L120)/(1+Prix!L120)-1 -> 0.004
B121: =B120+1 -> 2064 | E121: 117835.94 | F121: 107786.08 | G121: 98549.132 | J121: =E121/E120-1 -> 0.027675 | K121: =F121/F120-1 -> 0.0246225 | L121: =G121/G120-1 -> 0.02157 | O121: =(1+J121)/(1+Prix!J121)-1 -> 0.01 | P121: =(1+K121)/(1+Prix!K121)-1 -> 0.007 | Q121: =(1+L121)/(1+Prix!L121)-1 -> 0.004
B122: =B121+1 -> 2065 | E122: 121097.05 | F122: 110440.05 | G122: 100674.84 | J122: =E122/E121-1 -> 0.027675 | K122: =F122/F121-1 -> 0.0246225 | L122: =G122/G121-1 -> 0.02157 | O122: =(1+J122)/(1+Prix!J122)-1 -> 0.01 | P122: =(1+K122)/(1+Prix!K122)-1 -> 0.007 | Q122: =(1+L122)/(1+Prix!L122)-1 -> 0.004
B123: =B122+1 -> 2066 | E123: 124448.41 | F123: 113159.36 | G123: 102846.39 | J123: =E123/E122-1 -> 0.027675 | K123: =F123/F122-1 -> 0.0246225 | L123: =G123/G122-1 -> 0.02157 | O123: =(1+J123)/(1+Prix!J123)-1 -> 0.01 | P123: =(1+K123)/(1+Prix!K123)-1 -> 0.007 | Q123: =(1+L123)/(1+Prix!L123)-1 -> 0.004
B124: =B123+1 -> 2067 | E124: 127892.52 | F124: 115945.62 | G124: 105064.79 | J124: =E124/E123-1 -> 0.027675 | K124: =F124/F123-1 -> 0.0246225 | L124: =G124/G123-1 -> 0.02157 | O124: =(1+J124)/(1+Prix!J124)-1 -> 0.01 | P124: =(1+K124)/(1+Prix!K124)-1 -> 0.007 | Q124: =(1+L124)/(1+Prix!L124)-1 -> 0.004
B125: =B124+1 -> 2068 | E125: 131431.95 | F125: 118800.5 | G125: 107331.04 | J125: =E125/E124-1 -> 0.027675 | K125: =F125/F124-1 -> 0.0246225 | L125: =G125/G124-1 -> 0.02157 | O125: =(1+J125)/(1+Prix!J125)-1 -> 0.01 | P125: =(1+K125)/(1+Prix!K125)-1 -> 0.007 | Q125: =(1+L125)/(1+Prix!L125)-1 -> 0.004
B126: =B125+1 -> 2069 | E126: 135069.33 | F126: 121725.66 | G126: 109646.17 | J126: =E126/E125-1 -> 0.027675 | K126: =F126/F125-1 -> 0.0246225 | L126: =G126/G125-1 -> 0.02157 | O126: =(1+J126)/(1+Prix!J126)-1 -> 0.01 | P126: =(1+K126)/(1+Prix!K126)-1 -> 0.007 | Q126: =(1+L126)/(1+Prix!L126)-1 -> 0.004
B127: 2070 | E127: 138807.37 | F127: 124722.85 | G127: 112011.24 | J127: =E127/E126-1 -> 0.027675 | K127: =F127/F126-1 -> 0.0246225 | L127: =G127/G126-1 -> 0.02157 | O127: =(1+J127)/(1+Prix!J127)-1 -> 0.01 | P127: =(1+K127)/(1+Prix!K127)-1 -> 0.007 | Q127: =(1+L127)/(1+Prix!L127)-1 -> 0.004
B128: 2071 | E128: =E127*(1+E$3)*(1+Prix!J128) -> 142648.86 | F128: =F127*(1+F$3)*(1+Prix!K128) -> 127793.84 | G128: =G127*(1+G$3)*(1+Prix!L128) -> 114427.32 | R128: Utile pour les cas types
B129: 2072 | E129: =E128*(1+E$3)*(1+Prix!J129) -> 146596.67 | F129: =F128*(1+F$3)*(1+Prix!K129) -> 130940.44 | G129: =G128*(1+G$3)*(1+Prix!L129) -> 116895.52
B130: 2073 | E130: =E129*(1+E$3)*(1+Prix!J130) -> 150653.73 | F130: =F129*(1+F$3)*(1+Prix!K130) -> 134164.52 | G130: =G129*(1+G$3)*(1+Prix!L130) -> 119416.95
B131: 2074 | E131: =E130*(1+E$3)*(1+Prix!J131) -> 154823.08 | F131: =F130*(1+F$3)*(1+Prix!K131) -> 137467.99 | G131: =G130*(1+G$3)*(1+Prix!L131) -> 121992.78
B132: 2075 | E132: =E131*(1+E$3)*(1+Prix!J132) -> 159107.8 | F132: =F131*(1+F$3)*(1+Prix!K132) -> 140852.8 | G132: =G131*(1+G$3)*(1+Prix!L132) -> 124624.16
B133: 2076 | E133: =E132*(1+E$3)*(1+Prix!J133) -> 163511.11 | F133: =F132*(1+F$3)*(1+Prix!K133) -> 144320.94 | G133: =G132*(1+G$3)*(1+Prix!L133) -> 127312.3
B134: 2077 | E134: =E133*(1+E$3)*(1+Prix!J134) -> 168036.28 | F134: =F133*(1+F$3)*(1+Prix!K134) -> 147874.49 | G134: =G133*(1+G$3)*(1+Prix!L134) -> 130058.43
B135: 2078 | E135: =E134*(1+E$3)*(1+Prix!J135) -> 172686.69 | F135: =F134*(1+F$3)*(1+Prix!K135) -> 151515.53 | G135: =G134*(1+G$3)*(1+Prix!L135) -> 132863.79
B136: 2079 | E136: =E135*(1+E$3)*(1+Prix!J136) -> 177465.79 | F136: =F135*(1+F$3)*(1+Prix!K136) -> 155246.22 | G136: =G135*(1+G$3)*(1+Prix!L136) -> 135729.66
B137: 2080 | E137: =E136*(1+E$3)*(1+Prix!J137) -> 182377.16 | F137: =F136*(1+F$3)*(1+Prix!K137) -> 159068.77 | G137: =G136*(1+G$3)*(1+Prix!L137) -> 138657.35
B138: 2081 | E138: =E137*(1+E$3)*(1+Prix!J138) -> 187424.44 | F138: =F137*(1+F$3)*(1+Prix!K138) -> 162985.44 | G138: =G137*(1+G$3)*(1+Prix!L138) -> 141648.19
B139: 2082 | E139: =E138*(1+E$3)*(1+Prix!J139) -> 192611.42 | F139: =F138*(1+F$3)*(1+Prix!K139) -> 166998.55 | G139: =G138*(1+G$3)*(1+Prix!L139) -> 144703.54
B140: 2083 | E140: =E139*(1+E$3)*(1+Prix!J140) -> 197941.94 | F140: =F139*(1+F$3)*(1+Prix!K140) -> 171110.47 | G140: =G139*(1+G$3)*(1+Prix!L140) -> 147824.8
... B172: 2115 | E172: =E171*(1+E$3)*(1+Prix!J172) -> 474158.07 | F172: =F171*(1+F$3)*(1+Prix!K172) -> 372667.06 | G172: =G171*(1+G$3)*(1+Prix!L172) -> 292635.81

Sheet SMIC
B1: SMIC annuel (en moyenne annuelle)
B2: Sources : legislation.cnav (smic horaire) et Dares (nombre d'heures mensuelle du travail)
B4: Année | C4: Smig / Smic nominal | H4: Smig / Smic réel (2015) | M4: Évolution en nominal | R4: Évolution en réel
E5: Sc_1,0% | F5: Sc_0,7% | G5: Sc_0,4% | J5: Sc_1,0% | K5: Sc_0,7% | L5: Sc_0,4% | O5: Sc_1,0% | P5: Sc_0,7% | Q5: Sc_0,4% | T5: Sc_1,0% | U5: Sc_0,7% | V5: Sc_0,4%
B6: 1951 | E6: 281.59681 | F6: 281.59681 | G6: 281.59681 | J6: =E6*Prix!E$73/Prix!E8 -> 4442.5777 | K6: =F6*Prix!F$73/Prix!F8 -> 4442.5777 | L6: =G6*Prix!G$73/Prix!G8 -> 4442.5777
B7: 1952 | E7: 317.09396 | F7: 317.09396 | G7: 317.09396 | J7: =E7*Prix!E$73/Prix!E9 -> 4467.8583 | K7: =F7*Prix!F$73/Prix!F9 -> 4467.8583 | L7: =G7*Prix!G$73/Prix!G9 -> 4467.8583 | O7: =E7/E6-1 -> 0.12605664 | P7: =F7/F6-1 -> 0.12605664 | Q7: =G7/G6-1 -> 0.12605664 | T7: =J7/J6-1 -> 0.0056905314 | U7: =K7/K6-1 -> 0.0056905314 | V7: =L7/L6-1 -> 0.0056905314
B8: 1953 | E8: 317.09396 | F8: 317.09396 | G8: 317.09396 | J8: =E8*Prix!E$73/Prix!E10 -> 4544.5597 | K8: =F8*Prix!F$73/Prix!F10 -> 4544.5597 | L8: =G8*Prix!G$73/Prix!G10 -> 4544.5597 | O8: =E8/E7-1 -> 0 | P8: =F8/F7-1 -> 0 | Q8: =G8/G7-1 -> 0 | T8: =J8/J7-1 -> 0.017167382 | U8: =K8/K7-1 -> 0.017167382 | V8: =L8/L7-1 -> 0.017167382
B9: 1954 | E9: 364.33661 | F9: 364.33661 | G9: 364.33661 | J9: =E9*Prix!E$73/Prix!E11 -> 5199.3222 | K9: =F9*Prix!F$73/Prix!F11 -> 5199.3222 | L9: =G9*Prix!G$73/Prix!G11 -> 5199.3222 | O9: =E9/E8-1 -> 0.1489863 | P9: =F9/F8-1 -> 0.1489863 | Q9: =G9/G8-1 -> 0.1489863 | T9: =J9/J8-1 -> 0.1440761 | U9: =K9/K8-1 -> 0.1440761 | V9: =L9/L8-1 -> 0.1440761
B10: 1955 | E10: 395.90266 | F10: 395.90266 | G10: 395.90266 | J10: =E10*Prix!E$73/Prix!E12 -> 5594.0097 | K10: =F10*Prix!F$73/Prix!F12 -> 5594.0097 | L10: =G10*Prix!G$73/Prix!G12 -> 5594.0097 | O10: =E10/E9-1 -> 0.086639802 | P10: =F10/F9-1 -> 0.086639802 | Q10: =G10/G9-1 -> 0.086639802 | T10: =J10/J9-1 -> 0.075911341 | U10: =K10/K9-1 -> 0.075911341 | V10: =L10/L9-1 -> 0.075911341
B11: 1956 | E11: 399.53838 | F11: 399.53838 | G11: 399.53838 | J11: =E11*Prix!E$73/Prix!E13 -> 5423.5441 | K11: =F11*Prix!F$73/Prix!F13 -> 5423.5441 | L11: =G11*Prix!G$73/Prix!G13 -> 5423.5441 | O11: =E11/E10-1 -> 0.0091833712 | P11: =F11/F10-1 -> 0.0091833712 | Q11: =G11/G10-1 -> 0.0091833712 | T11: =J11/J10-1 -> -0.030472886 | U11: =K11/K10-1 -> -0.030472886 | V11: =L11/L10-1 -> -0.030472886
B12: 1957 | E12: 409.44084 | F12: 409.44084 | G12: 409.44084 | J12: =E12*Prix!E$73/Prix!E14 -> 5389.9846 | K12: =F12*Prix!F$73/Prix!F14 -> 5389.9846 | L12: =G12*Prix!G$73/Prix!G14 -> 5389.9846 | O12: =E12/E11-1 -> 0.024784736 | P12: =F12/F11-1 -> 0.024784736 | Q12: =G12/G11-1 -> 0.024784736 | T12: =J12/J11-1 -> -0.0061877332 | U12: =K12/K11-1 -> -0.0061877332 | V12: =L12/L11-1 -> -0.0061877332
B13: 1958 | E13: 464.55481 | F13: 464.55481 | G13: 464.55481 | J13: =E13*Prix!E$73/Prix!E15 -> 5318.7544 | K13: =F13*Prix!F$73/Prix!F15 -> 5318.7544 | L13: =G13*Prix!G$73/Prix!G15 -> 5318.7544 | O13: =E13/E12-1 -> 0.1346079 | P13: =F13/F12-1 -> 0.1346079 | Q13: =G13/G12-1 -> 0.1346079 | T13: =J13/J12-1 -> -0.013215303 | U13: =K13/K12-1 -> -0.013215303 | V13: =L13/L12-1 -> -0.013215303
B14: 1959 | E14: 492.34136 | F14: 492.34136 | G14: 492.34136 | J14: =E14*Prix!E$73/Prix!E16 -> 5309.2312 | K14: =F14*Prix!F$73/Prix!F16 -> 5309.2312 | L14: =G14*Prix!G$73/Prix!G16 -> 5309.2312 | O14: =E14/E13-1 -> 0.059813292 | P14: =F14/F13-1 -> 0.059813292 | Q14: =G14/G13-1 -> 0.059813292 | T14: =J14/J13-1 -> -0.0017904945 | U14: =K14/K13-1 -> -0.0017904945 | V14: =L14/L13-1 -> -0.0017904945
B15: 1960 | E15: 510.77512 | F15: 510.77512 | G15: 510.77512 | J15: =E15*Prix!E$73/Prix!E17 -> 5313.5463 | K15: =F15*Prix!F$73/Prix!F17 -> 5313.5463 | L15: =G15*Prix!G$73/Prix!G17 -> 5313.5463 | O15: =E15/E14-1 -> 0.037441009 | P15: =F15/F14-1 -> 0.037441009 | Q15: =G15/G14-1 -> 0.037441009 | T15: =J15/J14-1 -> 0.00081276949 | U15: =K15/K14-1 -> 0.00081276949 | V15: =L15/L14-1 -> 0.00081276949
B16: 1961 | E16: 520.85115 | F16: 520.85115 | G16: 520.85115 | J16: =E16*Prix!E$73/Prix!E18 -> 5244.1073 | K16: =F16*Prix!F$73/Prix!F18 -> 5244.1073 | L16: =G16*Prix!G$73/Prix!G18 -> 5244.1073 | O16: =E16/E15-1 -> 0.01972694 | P16: =F16/F15-1 -> 0.01972694 | Q16: =G16/G15-1 -> 0.01972694 | T16: =J16/J15-1 -> -0.013068298 | U16: =K16/K15-1 -> -0.013068298 | V16: =L16/L15-1 -> -0.013068298
B17: 1962 | E17: 546.62785 | F17: 546.62785 | G17: 546.62785 | J17: =E17*Prix!E$73/Prix!E19 -> 5255.3913 | K17: =F17*Prix!F$73/Prix!F19 -> 5255.3913 | L17: =G17*Prix!G$73/Prix!G19 -> 5255.3913 | O17: =E17/E16-1 -> 0.049489567 | P17: =F17/F16-1 -> 0.049489567 | Q17: =G17/G16-1 -> 0.049489567 | T17: =J17/J16-1 -> 0.0021517462 | U17: =K17/K16-1 -> 0.0021517462 | V17: =L17/L16-1 -> 0.0021517462
B18: 1963 | E18: 584.82029 | F18: 584.82029 | G18: 584.82029 | J18: =E18*Prix!E$73/Prix!E20 -> 5365.1371 | K18: =F18*Prix!F$73/Prix!F20 -> 5365.1371 | L18: =G18*Prix!G$73/Prix!G20 -> 5365.1371 | O18: =E18/E17-1 -> 0.069869193 | P18: =F18/F17-1 -> 0.069869193 | Q18: =G18/G17-1 -> 0.069869193 | T18: =J18/J17-1 -> 0.020882509 | U18: =K18/K17-1 -> 0.020882509 | V18: =L18/L17-1 -> 0.020882509
... B125: 2070 | E125: 66660.964 | F125: 59750.392 | G125: 53539.664 | J125: =E125*Prix!E$73/Prix!E127 -> 25297.874 | K125: =F125*Prix!F$73/Prix!F127 -> 22675.308 | L125: =G125*Prix!G$73/Prix!G127 -> 20318.333 | O125: =E125/E124-1 -> 0.027675 | P125: =F125/F124-1 -> 0.0246225 | Q125: =G125/G124-1 -> 0.02157 | T125: =J125/J124-1 -> 0.01 | U125: =K125/K124-1 -> 0.007 | V125: =L125/L124-1 -> 0.004

Sheet PSS
B1: Plafond de la Sécurité sociale (en moyenne annuelle)
B2: Source : legislation.cnav
B4: Année | C4: Plafond de la Sécurité sociale nominal | H4: Plafond de la Sécurité sociale réel (2016) | M4: Évolution en nominal | R4: Évolution en réel
E5: Sc_1,0% | F5: Sc_0,7% | G5: Sc_0,4% | J5: Sc_1,0% | K5: Sc_0,7% | L5: Sc_0,4% | O5: Sc_1,0% | P5: Sc_0,7% | Q5: Sc_0,4% | T5: Sc_1,0% | U5: Sc_0,7% | V5: Sc_0,4%
B6: 1949 | E6: 393.59413 | F6: 393.59413 | G6: 393.59413 | J6: =E6*Prix!E$73/Prix!E6 -> 7933.6538 | K6: =F6*Prix!F$73/Prix!F6 -> 7933.6538 | L6: =G6*Prix!G$73/Prix!G6 -> 7933.6538
B7: 1950 | E7: 402.46541 | F7: 402.46541 | G7: 402.46541 | J7: =E7*Prix!E$73/Prix!E7 -> 7370.9295 | K7: =F7*Prix!F$73/Prix!F7 -> 7370.9295 | L7: =G7*Prix!G$73/Prix!G7 -> 7370.9295 | O7: =E7/E6-1 -> 0.022539157 | P7: =F7/F6-1 -> 0.022539157 | Q7: =G7/G6-1 -> 0.022539157 | T7: =J7/J6-1 -> -0.070928773 | U7: =K7/K6-1 -> -0.070928773 | V7: =L7/L6-1 -> -0.070928773
B8: 1951 | E8: 526.21224 | F8: 526.21224 | G8: 526.21224 | J8: =E8*Prix!E$73/Prix!E8 -> 8301.7232 | K8: =F8*Prix!F$73/Prix!F8 -> 8301.7232 | L8: =G8*Prix!G$73/Prix!G8 -> 8301.7232 | O8: =E8/E7-1 -> 0.30747198 | P8: =F8/F7-1 -> 0.30747198 | Q8: =G8/G7-1 -> 0.30747198 | T8: =J8/J7-1 -> 0.12627901 | U8: =K8/K7-1 -> 0.12627901 | V8: =L8/L7-1 -> 0.12627901
B9: 1952 | E9: 676.9736 | F9: 676.9736 | G9: 676.9736 | J9: =E9*Prix!E$73/Prix!E9 -> 9538.5676 | K9: =F9*Prix!F$73/Prix!F9 -> 9538.5676 | L9: =G9*Prix!G$73/Prix!G9 -> 9538.5676 | O9: =E9/E8-1 -> 0.28650296 | P9: =F9/F8-1 -> 0.28650296 | Q9: =G9/G8-1 -> 0.28650296 | T9: =J9/J8-1 -> 0.14898647 | U9: =K9/K8-1 -> 0.14898647 | V9: =L9/L8-1 -> 0.14898647
B10: 1953 | E10: 695.16752 | F10: 695.16752 | G10: 695.16752 | J10: =E10*Prix!E$73/Prix!E10 -> 9963.0732 | K10: =F10*Prix!F$73/Prix!F10 -> 9963.0732 | L10: =G10*Prix!G$73/Prix!G10 -> 9963.0732 | O10: =E10/E9-1 -> 0.026875369 | P10: =F10/F9-1 -> 0.026875369 | Q10: =G10/G9-1 -> 0.026875369 | T10: =J10/J9-1 -> 0.044504131 | U10: =K10/K9-1 -> 0.044504131 | V10: =L10/L9-1 -> 0.044504131
B11: 1954 | E11: 695.16752 | F11: 695.16752 | G11: 695.16752 | J11: =E11*Prix!E$73/Prix!E11 -> 9920.496 | K11: =F11*Prix!F$73/Prix!F11 -> 9920.496 | L11: =G11*Prix!G$73/Prix!G11 -> 9920.496 | O11: =E11/E10-1 -> 0 | P11: =F11/F10-1 -> 0 | Q11: =G11/G10-1 -> 0 | T11: =J11/J10-1 -> -0.0042735043 | U11: =K11/K10-1 -> -0.0042735043 | V11: =L11/L10-1 -> -0.0042735043
B12: 1955 | E12: 722.83388 | F12: 722.83388 | G12: 722.83388 | J12: =E12*Prix!E$73/Prix!E12 -> 10213.469 | K12: =F12*Prix!F$73/Prix!F12 -> 10213.469 | L12: =G12*Prix!G$73/Prix!G12 -> 10213.469 | O12: =E12/E11-1 -> 0.039798125 | P12: =F12/F11-1 -> 0.039798125 | Q12: =G12/G11-1 -> 0.039798125 | T12: =J12/J11-1 -> 0.029532135 | U12: =K12/K11-1 -> 0.029532135 | V12: =L12/L11-1 -> 0.029532135
B13: 1956 | E13: 804.93081 | F13: 804.93081 | G13: 804.93081 | J13: =E13*Prix!E$73/Prix!E13 -> 10926.554 | K13: =F13*Prix!F$73/Prix!F13 -> 10926.554 | L13: =G13*Prix!G$73/Prix!G13 -> 10926.554 | O13: =E13/E12-1 -> 0.11357648 | P13: =F13/F12-1 -> 0.11357648 | Q13: =G13/G12-1 -> 0.11357648 | T13: =J13/J12-1 -> 0.069818055 | U13: =K13/K12-1 -> 0.069818055 | V13: =L13/L12-1 -> 0.069818055
B14: 1957 | E14: 804.93081 | F14: 804.93081 | G14: 804.93081 | J14: =E14*Prix!E$73/Prix!E14 -> 10596.317 | K14: =F14*Prix!F$73/Prix!F14 -> 10596.317 | L14: =G14*Prix!G$73/Prix!G14 -> 10596.317 | O14: =E14/E13-1 -> 0 | P14: =F14/F13-1 -> 0 | Q14: =G14/G13-1 -> 0 | T14: =J14/J13-1 -> -0.03022339 | U14: =K14/K13-1 -> -0.03022339 | V14: =L14/L13-1 -> -0.03022339
B15: 1958 | E15: 914.6941 | F15: 914.6941 | G15: 914.6941 | J15: =E15*Prix!E$73/Prix!E15 -> 10472.463 | K15: =F15*Prix!F$73/Prix!F15 -> 10472.463 | L15: =G15*Prix!G$73/Prix!G15 -> 10472.463 | O15: =E15/E14-1 -> 0.13636364 | P15: =F15/F14-1 -> 0.13636364 | Q15: =G15/G14-1 -> 0.13636364 | T15: =J15/J14-1 -> -0.011688312 | U15: =K15/K14-1 -> -0.011688312 | V15: =L15/L14-1 -> -0.011688312
B16: 1959 | E16: 1006.1635 | F16: 1006.1635 | G16: 1006.1635 | J16: =E16*Prix!E$73/Prix!E16 -> 10850.103 | K16: =F16*Prix!F$73/Prix!F16 -> 10850.103 | L16: =G16*Prix!G$73/Prix!G16 -> 10850.103 | O16: =E16/E15-1 -> 0.1 | P16: =F16/F15-1 -> 0.1 | Q16: =G16/G15-1 -> 0.1 | T16: =J16/J15-1 -> 0.03606028 | U16: =K16/K15-1 -> 0.03606028 | V16: =L16/L15-1 -> 0.03606028
B17: 1960 | E17: 1042.9512 | F17: 1042.9512 | G17: 1042.9512 | J17: =E17*Prix!E$73/Prix!E17 -> 10849.725 | K17: =F17*Prix!F$73/Prix!F17 -> 10849.725 | L17: =G17*Prix!G$73/Prix!G17 -> 10849.725 | O17: =E17/E16-1 -> 0.036562345 | P17: =F17/F16-1 -> 0.036562345 | Q17: =G17/G16-1 -> 0.036562345 | T17: =J17/J16-1 -> -3.4871982e-05 | U17: =K17/K16-1 -> -3.4871982e-05 | V17: =L17/L16-1 -> -3.4871982e-05
B18: 1961 | E18: 1235.4635 | F18: 1235.4635 | G18: 1235.4635 | J18: =E18*Prix!E$73/Prix!E18 -> 12439.069 | K18: =F18*Prix!F$73/Prix!F18 -> 12439.069 | L18: =G18*Prix!G$73/Prix!G18 -> 12439.069 | O18: =E18/E17-1 -> 0.18458422 | P18: =F18/F17-1 -> 0.18458422 | Q18: =G18/G17-1 -> 0.18458422 | T18: =J18/J17-1 -> 0.14648703 | U18: =K18/K17-1 -> 0.14648703 | V18: =L18/L17-1 -> 0.14648703
... B127: 2070 | E127: 159456 | F127: 143700 | G127: 129528 | J127: =E127*Prix!E$73/Prix!E127 -> 60513.642 | K127: =F127*Prix!F$73/Prix!F127 -> 54534.231 | L127: =G127*Prix!G$73/Prix!G127 -> 49155.949 | O127: =E127/E126-1 -> 0.027687548 | P127: =F127/F126-1 -> 0.024642765 | Q127: =G127/G126-1 -> 0.021578648 | T127: =J127/J126-1 -> 0.010012333 | U127: =K127/K126-1 -> 0.0070199169 | V127: =L127/L126-1 -> 0.0040084997

Sheet Prix
B1: Indice des prix à la consommation (y compris tabac)
B2: Source : série Insee 10605954 (Base 2015 - Ensemble des ménages - France - Ensemble)
B4: Année | C4: Indice des prix | H4: Évolution
D5: =TI_SMPT_CNRACL!I5 -> Sc_0,7% CSR | E5: Sc_1,0% | F5: Sc_0,7% | G5: Sc_0,4% | I5: =D5 -> Sc_0,7% CSR | J5: Sc_1,0% | K5: Sc_0,7% | L5: Sc_0,4%
B6: 1949 | D6: =E6 -> 4.97 | E6: 4.97 | F6: 4.97 | G6: 4.97
B7: 1950 | D7: =E7 -> 5.47 | E7: 5.47 | F7: 5.47 | G7: 5.47 | I7: =J7 -> 0.10060362 | J7: =E7/E6-1 -> 0.10060362 | K7: =F7/F6-1 -> 0.10060362 | L7: =G7/G6-1 -> 0.10060362
B8: 1951 | D8: =E8 -> 6.35 | E8: 6.35 | F8: 6.35 | G8: 6.35 | I8: =J8 -> 0.16087751 | J8: =E8/E7-1 -> 0.16087751 | K8: =F8/F7-1 -> 0.16087751 | L8: =G8/G7-1 -> 0.16087751
B9: 1952 | D9: =E9 -> 7.11 | E9: 7.11 | F9: 7.11 | G9: 7.11 | I9: =J9 -> 0.11968504 | J9: =E9/E8-1 -> 0.11968504 | K9: =F9/F8-1 -> 0.11968504 | L9: =G9/G8-1 -> 0.11968504
B10: 1953 | D10: =E10 -> 6.99 | E10: 6.99 | F10: 6.99 | G10: 6.99 | I10: =J10 -> -0.016877637 | J10: =E10/E9-1 -> -0.016877637 | K10: =F10/F9-1 -> -0.016877637 | L10: =G10/G9-1 -> -0.016877637
B11: 1954 | D11: =E11 -> 7.02 | E11: 7.02 | F11: 7.02 | G11: 7.02 | I11: =J11 -> 0.0042918455 | J11: =E11/E10-1 -> 0.0042918455 | K11: =F11/F10-1 -> 0.0042918455 | L11: =G11/G10-1 -> 0.0042918455
B12: 1955 | D12: =E12 -> 7.09 | E12: 7.09 | F12: 7.09 | G12: 7.09 | I12: =J12 -> 0.00997151 | J12: =E12/E11-1 -> 0.00997151 | K12: =F12/F11-1 -> 0.00997151 | L12: =G12/G11-1 -> 0.00997151
B13: 1956 | D13: =E13 -> 7.38 | E13: 7.38 | F13: 7.38 | G13: 7.38 | I13: =J13 -> 0.04090268 | J13: =E13/E12-1 -> 0.04090268 | K13: =F13/F12-1 -> 0.04090268 | L13: =G13/G12-1 -> 0.04090268
B14: 1957 | D14: =E14 -> 7.61 | E14: 7.61 | F14: 7.61 | G14: 7.61 | I14: =J14 -> 0.031165312 | J14: =E14/E13-1 -> 0.031165312 | K14: =F14/F13-1 -> 0.031165312 | L14: =G14/G13-1 -> 0.031165312
B15: 1958 | D15: =E15 -> 8.75 | E15: 8.75 | F15: 8.75 | G15: 8.75 | I15: =J15 -> 0.14980289 | J15: =E15/E14-1 -> 0.14980289 | K15: =F15/F14-1 -> 0.14980289 | L15: =G15/G14-1 -> 0.14980289
B16: 1959 | D16: =E16 -> 9.29 | E16: 9.29 | F16: 9.29 | G16: 9.29 | I16: =J16 -> 0.061714286 | J16: =E16/E15-1 -> 0.061714286 | K16: =F16/F15-1 -> 0.061714286 | L16: =G16/G15-1 -> 0.061714286
B17: 1960 | D17: =E17 -> 9.63 | E17: 9.63 | F17: 9.63 | G17: 9.63 | I17: =J17 -> 0.036598493 | J17: =E17/E16-1 -> 0.036598493 | K17: =F17/F16-1 -> 0.036598493 | L17: =G17/G16-1 -> 0.036598493
B18: 1961 | D18: =E18 -> 9.95 | E18: 9.95 | F18: 9.95 | G18: 9.95 | I18: =J18 -> 0.033229491 | J18: =E18/E17-1 -> 0.033229491 | K18: =F18/F17-1 -> 0.033229491 | L18: =G18/G17-1 -> 0.033229491
... B117: 2060 | D117: =E117 -> 221.9343 | E117: 221.9343 | F117: 221.9343 | G117: 221.9343 | I117: =J117 -> 0.0175 | J117: =E117/E116-1 -> 0.0175 | K117: =F117/F116-1 -> 0.0175 | L117: =G117/G116-1 -> 0.0175
B118: =B117+1 -> 2061 | D118: =E118 -> 225.81815 | E118: 225.81815 | F118: 225.81815 | G118: 225.81815 | I118: =J118 -> 0.0175 | J118: =E118/E117-1 -> 0.0175 | K118: =F118/F117-1 -> 0.0175 | L118: =G118/G117-1 -> 0.0175
B119: =B118+1 -> 2062 | D119: =E119 -> 229.76996 | E119: 229.76996 | F119: 229.76996 | G119: 229.76996 | I119: =J119 -> 0.0175 | J119: =E119/E118-1 -> 0.0175 | K119: =F119/F118-1 -> 0.0175 | L119: =G119/G118-1 -> 0.0175
B120: =B119+1 -> 2063 | D120: =E120 -> 233.79094 | E120: 233.79094 | F120: 233.79094 | G120: 233.79094 | I120: =J120 -> 0.0175 | J120: =E120/E119-1 -> 0.0175 | K120: =F120/F119-1 -> 0.0175 | L120: =G120/G119-1 -> 0.0175
B121: =B120+1 -> 2064 | D121: =E121 -> 237.88228 | E121: 237.88228 | F121: 237.88228 | G121: 237.88228 | I121: =J121 -> 0.0175 | J121: =E121/E120-1 -> 0.0175 | K121: =F121/F120-1 -> 0.0175 | L121: =G121/G120-1 -> 0.0175
B122: =B121+1 -> 2065 | D122: =E122 -> 242.04522 | E122: 242.04522 | F122: 242.04522 | G122: 242.04522 | I122: =J122 -> 0.0175 | J122: =E122/E121-1 -> 0.0175 | K122: =F122/F121-1 -> 0.0175 | L122: =G122/G121-1 -> 0.0175
B123: =B122+1 -> 2066 | D123: =E123 -> 246.28101 | E123: 246.28101 | F123: 246.28101 | G123: 246.28101 | I123: =J123 -> 0.0175 | J123: =E123/E122-1 -> 0.0175 | K123: =F123/F122-1 -> 0.0175 | L123: =G123/G122-1 -> 0.0175
B124: =B123+1 -> 2067 | D124: =E124 -> 250.59093 | E124: 250.59093 | F124: 250.59093 | G124: 250.59093 | I124: =J124 -> 0.0175 | J124: =E124/E123-1 -> 0.0175 | K124: =F124/F123-1 -> 0.0175 | L124: =G124/G123-1 -> 0.0175
B125: =B124+1 -> 2068 | D125: =E125 -> 254.97627 | E125: 254.97627 | F125: 254.97627 | G125: 254.97627 | I125: =J125 -> 0.0175 | J125: =E125/E124-1 -> 0.0175 | K125: =F125/F124-1 -> 0.0175 | L125: =G125/G124-1 -> 0.0175
B126: =B125+1 -> 2069 | D126: =E126 -> 259.43835 | E126: 259.43835 | F126: 259.43835 | G126: 259.43835 | I126: =J126 -> 0.0175 | J126: =E126/E125-1 -> 0.0175 | K126: =F126/F125-1 -> 0.0175 | L126: =G126/G125-1 -> 0.0175
B127: =B126+1 -> 2070 | D127: =E127 -> 263.97853 | E127: 263.97853 | F127: 263.97853 | G127: 263.97853 | I127: =J127 -> 0.0175 | J127: =E127/E126-1 -> 0.0175 | K127: =F127/F126-1 -> 0.0175 | L127: =G127/G126-1 -> 0.0175
B128: 2071 | I128: =J128 -> 0.0175 | J128: =J127 -> 0.0175 | K128: =K127 -> 0.0175 | L128: =L127 -> 0.0175 | M128: Utile pour les cas types
B129: 2072 | I129: =J129 -> 0.0175 | J129: =J128 -> 0.0175 | K129: =K128 -> 0.0175 | L129: =L128 -> 0.0175
B130: 2073 | I130: =J130 -> 0.0175 | J130: =J129 -> 0.0175 | K130: =K129 -> 0.0175 | L130: =L129 -> 0.0175
B131: 2074 | I131: =J131 -> 0.0175 | J131: =J130 -> 0.0175 | K131: =K130 -> 0.0175 | L131: =L130 -> 0.0175
B132: 2075 | I132: =J132 -> 0.0175 | J132: =J131 -> 0.0175 | K132: =K131 -> 0.0175 | L132: =L131 -> 0.0175
B133: 2076 | I133: =J133 -> 0.0175 | J133: =J132 -> 0.0175 | K133: =K132 -> 0.0175 | L133: =L132 -> 0.0175
B134: 2077 | I134: =J134 -> 0.0175 | J134: =J133 -> 0.0175 | K134: =K133 -> 0.0175 | L134: =L133 -> 0.0175
B135: 2078 | I135: =J135 -> 0.0175 | J135: =J134 -> 0.0175 | K135: =K134 -> 0.0175 | L135: =L134 -> 0.0175
B136: 2079 | I136: =J136 -> 0.0175 | J136: =J135 -> 0.0175 | K136: =K135 -> 0.0175 | L136: =L135 -> 0.0175
B137: 2080 | I137: =J137 -> 0.0175 | J137: =J136 -> 0.0175 | K137: =K136 -> 0.0175 | L137: =L136 -> 0.0175
B138: 2081 | I138: =J138 -> 0.0175 | J138: =J137 -> 0.0175 | K138: =K137 -> 0.0175 | L138: =L137 -> 0.0175
B139: 2082 | I139: =J139 -> 0.0175 | J139: =J138 -> 0.0175 | K139: =K138 -> 0.0175 | L139: =L138 -> 0.0175
B140: 2083 | I140: =J140 -> 0.0175 | J140: =J139 -> 0.0175 | K140: =K139 -> 0.0175 | L140: =L139 -> 0.0175
... B172: 2115 | I172: =J172 -> 0.0175 | J172: =J171 -> 0.0175 | K172: =K171 -> 0.0175 | L172: =L171 -> 0.0175

Sheet PIB
B1: PIB (en valeur et en volume, milliards d'euros)
B2: Source : Comptes nationaux - Base 2010, Insee
B4: Année | C4: PIB en valeur | P4: PIB en volume | AC4: Évolution en valeur | AP4: Évolution en volume
F5: Sc_0,7%_5% | J5: Sc_1,0%_7% | K5: Sc_0,7%_7% | L5: Sc_0,4%_7% | M5: Sc_0,7%_10% | S5: Sc_0,7%_5% | W5: Sc_1,0%_7% | X5: Sc_0,7%_7% | Y5: Sc_0,4%_7% | Z5: Sc_0,7%_10% | AF5: Sc_0,7%_5% | AJ5: Sc_1,0%_7% | AK5: Sc_0,7%_7% | AL5: Sc_0,4%_7% | AM5: Sc_0,7%_10% | AS5: Sc_0,7%_5% | AW5: Sc_1,0%_7% | AX5: Sc_0,7%_7% | AY5: Sc_0,4%_7% | AZ5: Sc_0,7%_10%
B6: 1949 | F6: 13.142 | J6: 13.142 | K6: 13.142 | L6: 13.142 | M6: 13.142 | S6: 284.739 | W6: 284.739 | X6: 284.739 | Y6: 284.739 | Z6: 284.739
B7: 1950 | F7: 15.406 | J7: 15.406 | K7: 15.406 | L7: 15.406 | M7: 15.406 | S7: 309.143 | W7: 309.143 | X7: 309.143 | Y7: 309.143 | Z7: 309.143 | AF7: =F7/F6-1 -> 0.1722721 | AJ7: =J7/J6-1 -> 0.1722721 | AK7: =K7/K6-1 -> 0.1722721 | AL7: =L7/L6-1 -> 0.1722721 | AM7: =M7/M6-1 -> 0.1722721 | AS7: =S7/S6-1 -> 0.085706559 | AW7: =W7/W6-1 -> 0.085706559 | AX7: =X7/X6-1 -> 0.085706559 | AY7: =Y7/Y6-1 -> 0.085706559 | AZ7: =Z7/Z6-1 -> 0.085706559
B8: 1951 | F8: 19.403 | J8: 19.403 | K8: 19.403 | L8: 19.403 | M8: 19.403 | S8: 326.628 | W8: 326.628 | X8: 326.628 | Y8: 326.628 | Z8: 326.628 | AF8: =F8/F7-1 -> 0.25944437 | AJ8: =J8/J7-1 -> 0.25944437 | AK8: =K8/K7-1 -> 0.25944437 | AL8: =L8/L7-1 -> 0.25944437 | AM8: =M8/M7-1 -> 0.25944437 | AS8: =S8/S7-1 -> 0.056559586 | AW8: =W8/W7-1 -> 0.056559586 | AX8: =X8/X7-1 -> 0.056559586 | AY8: =Y8/Y7-1 -> 0.056559586 | AZ8: =Z8/Z7-1 -> 0.056559586
B9: 1952 | F9: 22.627 | J9: 22.627 | K9: 22.627 | L9: 22.627 | M9: 22.627 | S9: 336.86 | W9: 336.86 | X9: 336.86 | Y9: 336.86 | Z9: 336.86 | AF9: =F9/F8-1 -> 0.16615987 | AJ9: =J9/J8-1 -> 0.16615987 | AK9: =K9/K8-1 -> 0.16615987 | AL9: =L9/L8-1 -> 0.16615987 | AM9: =M9/M8-1 -> 0.16615987 | AS9: =S9/S8-1 -> 0.031326157 | AW9: =W9/W8-1 -> 0.031326157 | AX9: =X9/X8-1 -> 0.031326157 | AY9: =Y9/Y8-1 -> 0.031326157 | AZ9: =Z9/Z8-1 -> 0.031326157
B10: 1953 | F10: 23.445 | J10: 23.445 | K10: 23.445 | L10: 23.445 | M10: 23.445 | S10: 348.197 | W10: 348.197 | X10: 348.197 | Y10: 348.197 | Z10: 348.197 | AF10: =F10/F9-1 -> 0.0361515 | AJ10: =J10/J9-1 -> 0.0361515 | AK10: =K10/K9-1 -> 0.0361515 | AL10: =L10/L9-1 -> 0.0361515 | AM10: =M10/M9-1 -> 0.0361515 | AS10: =S10/S9-1 -> 0.033654931 | AW10: =W10/W9-1 -> 0.033654931 | AX10: =X10/X9-1 -> 0.033654931 | AY10: =Y10/Y9-1 -> 0.033654931 | AZ10: =Z10/Z9-1 -> 0.033654931
B11: 1954 | F11: 24.921 | J11: 24.921 | K11: 24.921 | L11: 24.921 | M11: 24.921 | S11: 368.053 | W11: 368.053 | X11: 368.053 | Y11: 368.053 | Z11: 368.053 | AF11: =F11/F10-1 -> 0.062955854 | AJ11: =J11/J10-1 -> 0.062955854 | AK11: =K11/K10-1 -> 0.062955854 | AL11: =L11/L10-1 -> 0.062955854 | AM11: =M11/M10-1 -> 0.062955854 | AS11: =S11/S10-1 -> 0.05702519 | AW11: =W11/W10-1 -> 0.05702519 | AX11: =X11/X10-1 -> 0.05702519 | AY11: =Y11/Y10-1 -> 0.05702519 | AZ11: =Z11/Z10-1 -> 0.05702519
B12: 1955 | F12: 26.803 | J12: 26.803 | K12: 26.803 | L12: 26.803 | M12: 26.803 | S12: 387.842 | W12: 387.842 | X12: 387.842 | Y12: 387.842 | Z12: 387.842 | AF12: =F12/F11-1 -> 0.075518639 | AJ12: =J12/J11-1 -> 0.075518639 | AK12: =K12/K11-1 -> 0.075518639 | AL12: =L12/L11-1 -> 0.075518639 | AM12: =M12/M11-1 -> 0.075518639 | AS12: =S12/S11-1 -> 0.053766713 | AW12: =W12/W11-1 -> 0.053766713 | AX12: =X12/X11-1 -> 0.053766713 | AY12: =Y12/Y11-1 -> 0.053766713 | AZ12: =Z12/Z11-1 -> 0.053766713
B13: 1956 | F13: 29.55 | J13: 29.55 | K13: 29.55 | L13: 29.55 | M13: 29.55 | S13: 407.421 | W13: 407.421 | X13: 407.421 | Y13: 407.421 | Z13: 407.421 | AF13: =F13/F12-1 -> 0.10248853 | AJ13: =J13/J12-1 -> 0.10248853 | AK13: =K13/K12-1 -> 0.10248853 | AL13: =L13/L12-1 -> 0.10248853 | AM13: =M13/M12-1 -> 0.10248853 | AS13: =S13/S12-1 -> 0.050481897 | AW13: =W13/W12-1 -> 0.050481897 | AX13: =X13/X12-1 -> 0.050481897 | AY13: =Y13/Y12-1 -> 0.050481897 | AZ13: =Z13/Z12-1 -> 0.050481897
B14: 1957 | F14: 33.391 | J14: 33.391 | K14: 33.391 | L14: 33.391 | M14: 33.391 | S14: 430.313 | W14: 430.313 | X14: 430.313 | Y14: 430.313 | Z14: 430.313 | AF14: =F14/F13-1 -> 0.12998308 | AJ14: =J14/J13-1 -> 0.12998308 | AK14: =K14/K13-1 -> 0.12998308 | AL14: =L14/L13-1 -> 0.12998308 | AM14: =M14/M13-1 -> 0.12998308 | AS14: =S14/S13-1 -> 0.05618758 | AW14: =W14/W13-1 -> 0.05618758 | AX14: =X14/X13-1 -> 0.05618758 | AY14: =Y14/Y13-1 -> 0.05618758 | AZ14: =Z14/Z13-1 -> 0.05618758
B15: 1958 | F15: 38.537 | J15: 38.537 | K15: 38.537 | L15: 38.537 | M15: 38.537 | S15: 442.268 | W15: 442.268 | X15: 442.268 | Y15: 442.268 | Z15: 442.268 | AF15: =F15/F14-1 -> 0.15411338 | AJ15: =J15/J14-1 -> 0.15411338 | AK15: =K15/K14-1 -> 0.15411338 | AL15: =L15/L14-1 -> 0.15411338 | AM15: =M15/M14-1 -> 0.15411338 | AS15: =S15/S14-1 -> 0.027782103 | AW15: =W15/W14-1 -> 0.027782103 | AX15: =X15/X14-1 -> 0.027782103 | AY15: =Y15/Y14-1 -> 0.027782103 | AZ15: =Z15/Z14-1 -> 0.027782103
B16: 1959 | F16: 42.104 | J16: 42.104 | K16: 42.104 | L16: 42.104 | M16: 42.104 | S16: 454.517 | W16: 454.517 | X16: 454.517 | Y16: 454.517 | Z16: 454.517 | AF16: =F16/F15-1 -> 0.092560397 | AJ16: =J16/J15-1 -> 0.092560397 | AK16: =K16/K15-1 -> 0.092560397 | AL16: =L16/L15-1 -> 0.092560397 | AM16: =M16/M15-1 -> 0.092560397 | AS16: =S16/S15-1 -> 0.027695877 | AW16: =W16/W15-1 -> 0.027695877 | AX16: =X16/X15-1 -> 0.027695877 | AY16: =Y16/Y15-1 -> 0.027695877 | AZ16: =Z16/Z15-1 -> 0.027695877
B17: 1960 | F17: 46.634 | J17: 46.634 | K17: 46.634 | L17: 46.634 | M17: 46.634 | S17: 490.672 | W17: 490.672 | X17: 490.672 | Y17: 490.672 | Z17: 490.672 | AF17: =F17/F16-1 -> 0.10759073 | AJ17: =J17/J16-1 -> 0.10759073 | AK17: =K17/K16-1 -> 0.10759073 | AL17: =L17/L16-1 -> 0.10759073 | AM17: =M17/M16-1 -> 0.10759073 | AS17: =S17/S16-1 -> 0.07954598 | AW17: =W17/W16-1 -> 0.07954598 | AX17: =X17/X16-1 -> 0.07954598 | AY17: =Y17/Y16-1 -> 0.07954598 | AZ17: =Z17/Z16-1 -> 0.07954598
B18: 1961 | F18: 50.547 | J18: 50.547 | K18: 50.547 | L18: 50.547 | M18: 50.547 | S18: 514.942 | W18: 514.942 | X18: 514.942 | Y18: 514.942 | Z18: 514.942 | AF18: =F18/F17-1 -> 0.083908736 | AJ18: =J18/J17-1 -> 0.083908736 | AK18: =K18/K17-1 -> 0.083908736 | AL18: =L18/L17-1 -> 0.083908736 | AM18: =M18/M17-1 -> 0.083908736 | AS18: =S18/S17-1 -> 0.049462778 | AW18: =W18/W17-1 -> 0.049462778 | AX18: =X18/X17-1 -> 0.049462778 | AY18: =Y18/Y17-1 -> 0.049462778 | AZ18: =Z18/Z17-1 -> 0.049462778
... B127: 2070 | F127: 8572.2253 | J127: 9337.5946 | K127: 8390.3201 | L127: 7535.3632 | M127: 8118.7954 | S127: 3504.4166 | W127: 3817.3076 | X127: 3430.0518 | Y127: 3080.5363 | Z127: 3319.0496 | AF127: =F127/F126-1 -> 0.0205525 | AJ127: =J127/J126-1 -> 0.023605 | AK127: =K127/K126-1 -> 0.0205525 | AL127: =L127/L126-1 -> 0.0175 | AM127: =M127/M126-1 -> 0.0205525 | AS127: =S127/S126-1 -> 0.003 | AW127: =W127/W126-1 -> 0.006 | AX127: =X127/X126-1 -> 0.003 | AY127: =Y127/Y126-1 -> 0 | AZ127: =Z127/Z126-1 -> 0.003

Sheet Rdt_fi
B1: Hypothèse de rendements financiers
B3: Année | C3: Rendements financiers du capital en euros courants | P3: Rendements financiers en réel
F4: Sc_0,7%_5% | J4: Sc_1,0%_7% | K4: Sc_0,7%_7% | L4: Sc_0,4%_7% | M4: Sc_0,7%_10% | S4: Sc_0,7%_5% | W4: Sc_1,0%_7% | X4: Sc_0,7%_7% | Y4: Sc_0,4%_7% | Z4: Sc_0,7%_10%
B5: 2015
B6: 2016 | F6: =(1+S6)*(1+LOOKUP($B6,Prix!$B$6:$B$127,Prix!$K$6:$K$127))-1 -> 0.015085168 | J6: =(1+W6)*(1+LOOKUP($B6,Prix!$B$6:$B$127,Prix!$J$6:$J$127))-1 -> 0.015085168 | K6: =(1+X6)*(1+LOOKUP($B6,Prix!$B$6:$B$127,Prix!$J$6:$J$127))-1 -> 0.015085168 | L6: =(1+Y6)*(1+LOOKUP($B6,Prix!$B$6:$B$127,Prix!$J$6:$J$127))-1 -> 0.015085168 | M6: =(1+Z6)*(1+LOOKUP($B6,Prix!$B$6:$B$127,Prix!$K$6:$K$127))-1 -> 0.015085168 | S6: 0.013261298 | W6: 0.013261298 | X6: 0.013261298 | Y6: 0.013261298 | Z6: 0.013261298
B7: 2017 | F7: =(1+S7)*(1+LOOKUP($B7,Prix!$B$6:$B$127,Prix!$K$6:$K$127))-1 -> 0.02501543 | J7: =(1+W7)*(1+LOOKUP($B7,Prix!$B$6:$B$127,Prix!$J$6:$J$127))-1 -> 0.02501543 | K7: =(1+X7)*(1+LOOKUP($B7,Prix!$B$6:$B$127,Prix!$J$6:$J$127))-1 -> 0.02501543 | L7: =(1+Y7)*(1+LOOKUP($B7,Prix!$B$6:$B$127,Prix!$J$6:$J$127))-1 -> 0.02501543 | M7: =(1+Z7)*(1+LOOKUP($B7,Prix!$B$6:$B$127,Prix!$K$6:$K$127))-1 -> 0.02501543 | S7: 0.014483756 | W7: 0.014483756 | X7: 0.014483756 | Y7: 0.014483756 | Z7: 0.014483756
B8: 2018 | F8: =(1+S8)*(1+LOOKUP($B8,Prix!$B$6:$B$127,Prix!$K$6:$K$127))-1 -> 0.032274946 | J8: =(1+W8)*(1+LOOKUP($B8,Prix!$B$6:$B$127,Prix!$J$6:$J$127))-1 -> 0.032274946 | K8: =(1+X8)*(1+LOOKUP($B8,Prix!$B$6:$B$127,Prix!$J$6:$J$127))-1 -> 0.032274946 | L8: =(1+Y8)*(1+LOOKUP($B8,Prix!$B$6:$B$127,Prix!$J$6:$J$127))-1 -> 0.032274946 | M8: =(1+Z8)*(1+LOOKUP($B8,Prix!$B$6:$B$127,Prix!$K$6:$K$127))-1 -> 0.032274946 | S8: 0.013550005 | W8: 0.013550005 | X8: 0.013550005 | Y8: 0.013550005 | Z8: 0.013550005
B9: 2019 | F9: =(1+S9)*(1+LOOKUP($B9,Prix!$B$6:$B$127,Prix!$K$6:$K$127))-1 -> 0.021774706 | J9: =(1+W9)*(1+LOOKUP($B9,Prix!$B$6:$B$127,Prix!$J$6:$J$127))-1 -> 0.021774706 | K9: =(1+X9)*(1+LOOKUP($B9,Prix!$B$6:$B$127,Prix!$J$6:$J$127))-1 -> 0.021774706 | L9: =(1+Y9)*(1+LOOKUP($B9,Prix!$B$6:$B$127,Prix!$J$6:$J$127))-1 -> 0.021774706 | M9: =(1+Z9)*(1+LOOKUP($B9,Prix!$B$6:$B$127,Prix!$K$6:$K$127))-1 -> 0.021774706 | S9: 0.010599198 | W9: 0.010599198 | X9: 0.010599198 | Y9: 0.010599198 | Z9: 0.010599198
B10: 2020 | F10: =(1+S10)*(1+LOOKUP($B10,Prix!$B$6:$B$127,Prix!$K$6:$K$127))-1 -> 0.011468922 | J10: =(1+W10)*(1+LOOKUP($B10,Prix!$B$6:$B$127,Prix!$J$6:$J$127))-1 -> 0.011468922 | K10: =(1+X10)*(1+LOOKUP($B10,Prix!$B$6:$B$127,Prix!$J$6:$J$127))-1 -> 0.011468922 | L10: =(1+Y10)*(1+LOOKUP($B10,Prix!$B$6:$B$127,Prix!$J$6:$J$127))-1 -> 0.011468922 | M10: =(1+Z10)*(1+LOOKUP($B10,Prix!$B$6:$B$127,Prix!$K$6:$K$127))-1 -> 0.011468922 | S10: 0.006639986 | W10: 0.006639986 | X10: 0.006639986 | Y10: 0.006639986 | Z10: 0.006639986
B11: 2021 | F11: =(1+S11)*(1+LOOKUP($B11,Prix!$B$6:$B$127,Prix!$K$6:$K$127))-1 -> 0.023878016 | J11: =(1+W11)*(1+LOOKUP($B11,Prix!$B$6:$B$127,Prix!$J$6:$J$127))-1 -> 0.023878016 | K11: =(1+X11)*(1+LOOKUP($B11,Prix!$B$6:$B$127,Prix!$J$6:$J$127))-1 -> 0.023878016 | L11: =(1+Y11)*(1+LOOKUP($B11,Prix!$B$6:$B$127,Prix!$J$6:$J$127))-1 -> 0.023878016 | M11: =(1+Z11)*(1+LOOKUP($B11,Prix!$B$6:$B$127,Prix!$K$6:$K$127))-1 -> 0.023878016 | S11: 0.0073343792 | W11: 0.0073343792 | X11: 0.0073343792 | Y11: 0.0073343792 | Z11: 0.0073343792
B12: 2022 | F12: =(1+S12)*(1+LOOKUP($B12,Prix!$B$6:$B$127,Prix!$K$6:$K$127))-1 -> 0.070783583 | J12: =(1+W12)*(1+LOOKUP($B12,Prix!$B$6:$B$127,Prix!$J$6:$J$127))-1 -> 0.070783583 | K12: =(1+X12)*(1+LOOKUP($B12,Prix!$B$6:$B$127,Prix!$J$6:$J$127))-1 -> 0.070783583 | L12: =(1+Y12)*(1+LOOKUP($B12,Prix!$B$6:$B$127,Prix!$J$6:$J$127))-1 -> 0.070783583 | M12: =(1+Z12)*(1+LOOKUP($B12,Prix!$B$6:$B$127,Prix!$K$6:$K$127))-1 -> 0.070783583 | S12: 0.017631573 | W12: 0.017631573 | X12: 0.017631573 | Y12: 0.017631573 | Z12: 0.017631573
B13: 2023 | F13: =(1+S13)*(1+LOOKUP($B13,Prix!$B$6:$B$127,Prix!$K$6:$K$127))-1 -> 0.084991849 | J13: =(1+W13)*(1+LOOKUP($B13,Prix!$B$6:$B$127,Prix!$J$6:$J$127))-1 -> 0.084991849 | K13: =(1+X13)*(1+LOOKUP($B13,Prix!$B$6:$B$127,Prix!$J$6:$J$127))-1 -> 0.084991849 | L13: =(1+Y13)*(1+LOOKUP($B13,Prix!$B$6:$B$127,Prix!$J$6:$J$127))-1 -> 0.084991849 | M13: =(1+Z13)*(1+LOOKUP($B13,Prix!$B$6:$B$127,Prix!$K$6:$K$127))-1 -> 0.084991849 | S13: 0.034561479 | W13: 0.034561479 | X13: 0.034561479 | Y13: 0.034561479 | Z13: 0.034561479
B14: 2024 | F14: =(1+S14)*(1+LOOKUP($B14,Prix!$B$6:$B$127,Prix!$K$6:$K$127))-1 -> 0.063086314 | J14: =(1+W14)*(1+LOOKUP($B14,Prix!$B$6:$B$127,Prix!$J$6:$J$127))-1 -> 0.063086314 | K14: =(1+X14)*(1+LOOKUP($B14,Prix!$B$6:$B$127,Prix!$J$6:$J$127))-1 -> 0.063086314 | L14: =(1+Y14)*(1+LOOKUP($B14,Prix!$B$6:$B$127,Prix!$J$6:$J$127))-1 -> 0.063086314 | M14: =(1+Z14)*(1+LOOKUP($B14,Prix!$B$6:$B$127,Prix!$K$6:$K$127))-1 -> 0.063086314 | S14: 0.042236265 | W14: 0.042236265 | X14: 0.042236265 | Y14: 0.042236265 | Z14: 0.042236265
B15: 2025 | F15: =(1+S15)*(1+LOOKUP($B15,Prix!$B$6:$B$127,Prix!$K$6:$K$127))-1 -> 0.024858484 | J15: =(1+W15)*(1+LOOKUP($B15,Prix!$B$6:$B$127,Prix!$J$6:$J$127))-1 -> 0.024858484 | K15: =(1+X15)*(1+LOOKUP($B15,Prix!$B$6:$B$127,Prix!$J$6:$J$127))-1 -> 0.024858484 | L15: =(1+Y15)*(1+LOOKUP($B15,Prix!$B$6:$B$127,Prix!$J$6:$J$127))-1 -> 0.024858484 | M15: =(1+Z15)*(1+LOOKUP($B15,Prix!$B$6:$B$127,Prix!$K$6:$K$127))-1 -> 0.024858484 | S15: 0.015283535 | W15: 0.015283535 | X15: 0.015283535 | Y15: 0.015283535 | Z15: 0.015283535
B16: 2026 | F16: =(1+S16)*(1+LOOKUP($B16,Prix!$B$6:$B$127,Prix!$K$6:$K$127))-1 -> 0.034323067 | J16: =(1+W16)*(1+LOOKUP($B16,Prix!$B$6:$B$127,Prix!$J$6:$J$127))-1 -> 0.034068392 | K16: =(1+X16)*(1+LOOKUP($B16,Prix!$B$6:$B$127,Prix!$J$6:$J$127))-1 -> 0.033983501 | L16: =(1+Y16)*(1+LOOKUP($B16,Prix!$B$6:$B$127,Prix!$J$6:$J$127))-1 -> 0.033881631 | M16: =(1+Z16)*(1+LOOKUP($B16,Prix!$B$6:$B$127,Prix!$K$6:$K$127))-1 -> 0.033474151 | S16: 0.015336279 | W16: 0.015086279 | X16: 0.015002946 | Y16: 0.014902946 | Z16: 0.014502946
B17: 2027 | F17: =(1+S17)*(1+LOOKUP($B17,Prix!$B$6:$B$127,Prix!$K$6:$K$127))-1 -> 0.031736786 | J17: =(1+W17)*(1+LOOKUP($B17,Prix!$B$6:$B$127,Prix!$J$6:$J$127))-1 -> 0.031228736 | K17: =(1+X17)*(1+LOOKUP($B17,Prix!$B$6:$B$127,Prix!$J$6:$J$127))-1 -> 0.031059386 | L17: =(1+Y17)*(1+LOOKUP($B17,Prix!$B$6:$B$127,Prix!$J$6:$J$127))-1 -> 0.030856166 | M17: =(1+Z17)*(1+LOOKUP($B17,Prix!$B$6:$B$127,Prix!$K$6:$K$127))-1 -> 0.030043286 | S17: 0.015389023 | W17: 0.014889023 | X17: 0.014722357 | Y17: 0.014522357 | Z17: 0.013722357
... B60: 2070 | F60: =(1+S60)*(1+LOOKUP($B60,Prix!$B$6:$B$127,Prix!$K$6:$K$127))-1 -> 0.0205525 | J60: =(1+W60)*(1+LOOKUP($B60,Prix!$B$6:$B$127,Prix!$J$6:$J$127))-1 -> 0.023605 | K60: =(1+X60)*(1+LOOKUP($B60,Prix!$B$6:$B$127,Prix!$J$6:$J$127))-1 -> 0.0205525 | L60: =(1+Y60)*(1+LOOKUP($B60,Prix!$B$6:$B$127,Prix!$J$6:$J$127))-1 -> 0.0175 | M60: =(1+Z60)*(1+LOOKUP($B60,Prix!$B$6:$B$127,Prix!$K$6:$K$127))-1 -> 0.0205525 | S60: 0.003 | W60: 0.006 | X60: 0.003 | Y60: 0 | Z60: 0.003
